Workbook

Sheet Listas
A1: Área de impacto | B1: Factor de riesgo | C1: Clasificación del riesgo | D1: Probabilidad | E1: Nivel de impacto | F1: Tipo de control | G1: Tipo de riesgo | H1: Documentación | I1: Frecuencia | J1: Tratamiento | K1: Activo de información | L1: Criterio afectado | M1: Procesos | N1: Afectación económica | O1: Afectación reputacional | P1: Interrupción de la operación | Q1: Periodicidad | R1: Materialización del riesgo
A2: Afectación económica | B2: Evento externo | C2: Daños a activos fijos / eventos externos | D2: Muy baja | E2: Leve | F2: Correctivo | G2: Ambiental | H2: Documentado | I2: Continua | J2: Aceptar | K2: Hardware | L2: Confidencialidad | M2: Atención y Servicio al Cliente | N2: Menor al 1% del patrimonio de la Lotería de Bogotá | O2: El riesgo afecta la imagen de algún área de la organización | P2: Interrupción de la operación por menos de un día | Q2: Diaria | R2: SÍ
A3: Afectación reputacional | B3: Financiero | C3: Ejecución y administración de procesos | D3: Baja | E3: Menor | F3: Detectivo | G3: Contractual | H3: Sin documentar | I3: Aleatoria | J3: Evitar | K3: Software | L3: Disponibilidad | M3: Control Disciplinario Interno | N3: Entre el 1% y el 3% del patrimonio de la Lotería de Bogotá | O3: El riesgo afecta la imagen de la entidad internamente, de conocimiento general nivel interno, de junta directiva y accionistas y/o de proveedores | P3: Interrupción de la operación por un día completo | Q3: Semanal | R3: NO
A4: Afectación económica y reputacional | B4: Infraestructura | C4: Fallas tecnológicas | D4: Media | E4: Moderado | F4: Preventivo | G4: Corrupción | J4: Mitigar | K4: Servicios | L4: Integridad | M4: Control, Inspección y Fiscalización | N4: Entre el 3% y el 6% del patrimonio de la Lotería de Bogotá | O4: El riesgo afecta la imagen de la entidad con algunos usuarios de relevancia frente al logro de los objetivos | P4: Interrupción de la operación mayor a 1 día y menor a 2 días | Q4: Mensual
B5: Procesos | C5: Fraude externo | D5: Alta | E5: Mayor | G5: Estratégico | J5: Reducir | K5: Documental | L5: NA | M5: Evaluación Independiente y Control a la Gestión | N5: Entre el 6% y el 10% del patrimonio de la Lotería de Bogotá | O5: El riesgo afecta la imagen de la entidad con efecto publicitario sostenido a nivel de sector administrativo, nivel departamental o municipal | P5: Interrupción de la operación por dos días completos | Q5: Bimestral
B6: Talento humano | C6: Fraude interno | D6: Muy alta | E6: Catastrófico | G6: Financiero | J6: Transferir | K6: NA | L6: Confidencialidad e integridad | M6: Explotación de JSA | N6: Mayor al 10% del patrimonio de la Lotería de Bogotá | O6: El riesgo afecta la imagen de la entidad a nivel nacional, con efecto publicitario sostenido a nivel país | P6: Interrupción de la operación por más de dos días | Q6: Trimestral
B7: Tecnología | C7: Relaciones laborales | G7: Gestión | K7: Hardware y software | M7: Gestión de Bienes y Servicios | N7: NA | O7: NA | P7: NA | Q7: Semestral
C8: Usuarios, productos y prácticas | G8: Procesos | K8: Hardware, software y servicios | M8: Gestión de Comunicaciones | Q8: Anual
C9: Fraude interno y externo | G9: Seguridad de la información | M9: Gestión del Talento Humano
G10: Seguridad y Salud en el Trabajo | M10: Gestión Documental
G11: Tecnológico | M11: Gestión Financiera y Contable
G12: Soborno | M12: Gestión Jurídica
G13: Protección de datos personales | M13: Gestión Tecnologías e Información
M14: Planeación y Direccionamiento Estratégico
M15: Recaudo

Sheet Control de cambios
B2: Control de cambios
B3: FECHA | C3: DESCRIPCIÓN Y JUSTIFICACIÓN DEL CAMBIO | G3: VERSIÓN
B4: 45322 | C4: Se aprueba la matriz de riesgos 2024 en su primera versión. | G4: 1
B6: Control de revisión y aprobación
B7: Consolidación | D7: Revisión | F7: Aprobación
B8: DAVID FERNANDO PINZÓN GALVIS Contratista Oficina de Asesora de Planeación | D8: OSCAR FABIAN MELO VARGAS Jefe Oficina Asesora de Planeación | F8: COMITÉ INSTITUCIONAL DE COORDINACIÓN DE CONTROL INTERNO

Sheet Fórmula
A1: Probabilidad | B1: Nivel de impacto | D1: Riesgo inherente | F1: Probabilidad | G1: % | H1: Nivel de impacto | I1: % | J1: Riesgo inherente | K1: %
A2: Muy baja | B2: Leve | C2: =+A2&B2 -> Muy bajaLeve | D2: Bajo | F2: Muy baja | G2: 0.2 | H2: Leve | I2: 0.2 | J2: Bajo
A3: Muy baja | B3: Menor | C3: =+A3&B3 -> Muy bajaMenor | D3: Bajo | F3: Baja | G3: 0.4 | H3: Menor | I3: 0.4 | J3: Alto
A4: Muy baja | B4: Moderado | C4: =+A4&B4 -> Muy bajaModerado | D4: Moderado | F4: Media | G4: 0.6 | H4: Moderado | I4: 0.6 | J4: Moderado
A5: Muy baja | B5: Mayor | C5: =+A5&B5 -> Muy bajaMayor | D5: Alto | F5: Alta | G5: 0.8 | H5: Mayor | I5: 0.8 | J5: Bajo
A6: Muy baja | B6: Catastrófico | C6: =+A6&B6 -> Muy bajaCatastrófico | D6: Extremo | F6: Muy alta | G6: 1 | H6: Catastrófico | I6: 1
A7: Baja | B7: Leve | C7: =+A7&B7 -> BajaLeve | D7: Bajo
A8: Baja | B8: Menor | C8: =+A8&B8 -> BajaMenor | D8: Moderado
A9: Baja | B9: Moderado | C9: =+A9&B9 -> BajaModerado | D9: Moderado
A10: Baja | B10: Mayor | C10: =+A10&B10 -> BajaMayor | D10: Alto
A11: Baja | B11: Catastrófico | C11: =+A11&B11 -> BajaCatastrófico | D11: Extremo
A12: Media | B12: Leve | C12: =+A12&B12 -> MediaLeve | D12: Moderado
A13: Media | B13: Menor | C13: =+A13&B13 -> MediaMenor | D13: Moderado
A14: Media | B14: Moderado | C14: =+A14&B14 -> MediaModerado | D14: Moderado
A15: Media | B15: Mayor | C15: =+A15&B15 -> MediaMayor | D15: Alto
A16: Media | B16: Catastrófico | C16: =+A16&B16 -> MediaCatastrófico | D16: Extremo
A17: Alta | B17: Leve | C17: =+A17&B17 -> AltaLeve | D17: Moderado
A18: Alta | B18: Menor | C18: =+A18&B18 -> AltaMenor | D18: Moderado
... A26: Muy alta | B26: Catastrófico | C26: =+A26&B26 -> Muy altaCatastrófico | D26: Extremo

Sheet Riesgos de Corrupción
A1: IDENTIFICACIÓN DEL RIESGO | U1: VALORACIÓN RIESGO INHERENTE | AC1: VALORACIÓN DE CONTROLES | AV1: RIESGO RESIDUAL
AC2: Control | AD2: Descripción del control | AE2: Atributos de eficiencia | AI2: Valoración control | AJ2: Atributos informativos | AU2: Riesgo residual | AX2: Tratamiento | AY2: Plan de Acción | BA2: Responsable | BB2: Fecha Inicio | BC2: Fecha Fin | BD2: Entregable | BE2: Seguimiento y monitoreo
A3: Objetivo Estratégico | B3: Proceso | C3: Tipo de riesgo | D3: Factor de riesgo | E3: Clasificación del riesgo | F3: Causas | G3: Descripción del riesgo | I3: Consecuencias | J3: Periodicidad | K3: Nivel de ocurrencia (Por año) | L3: Porcentaje de probabilidad | M3: Afectación económica | N3: % | O3: Afectación reputacional | P3: % | Q3: Interrupción de la operación | R3: % | S3: Activo de información afectado | T3: Criterio afectado | U3: % Impacto | V3: Probabilidad inherente | W3: % | X3: Impacto inherente | Y3: % | Z3: Zona de riesgo Inherente | AA3: % | AB3: Justificación de valoración en probabilidad e impacto | AE3: Tipo de control | AF3: Peso | AG3: Implementación | AH3: Peso | AJ3: ¿Información confiable? | AK3: Decisión sobre desviaciones | AM3: Documentación | AO3: Frecuencia | AQ3: Soporte | AR3: Responsable | AT3: ¿Tiene autoridad y función ? | BE3: Fecha de corte | BF3: Avance cualitativo | BG3: Fecha de corte | BH3: Avance cualitativo | BI3: Enlace de evidencias | BJ3: Fecha de corte | BK3: Avance cualitativo | BL3: Enlace de evidencias | BM3: Fecha de corte | BN3: Avance cualitativo | BO3: Enlace de evidencias | BP3: Fecha de corte | BQ3: Avance cualitativo | BR3: Enlace de evidencias | BS3: Fecha de corte | BT3: Avance cualitativo | BU3: Enlace de evidencias
A4: NO | B4: Explotación de JSA | C4: Corrupción | D4: Talento humano | E4: Fraude interno | F4: 1. Ofrecimiento de dádivas en el trámite. 2. Presiones indebidas de terceros. 3. Soportes del trámite incompletos, adulterados. | G4: RC-02 | H4: Posibilidad de afectación económica y reputacional por generar autorización de promocionales y rifas con incumplimiento de requisitos con el fin de beneficiar a un tercero | I4: 1. Demandas al proceso. 2. Procesos disciplinarios, fiscales y penales. | J4: Semanal | K4: 0 | L4: =IF(J4="Diaria",+(K4/360),IF(J4="Semanal",+(K4/52),IF(J4="Mensual",+(K4/12),IF(J4="Bimestral",+(K4/6),IF(J4="Trimestral",+(K4/4),IF(J4="Semestral",+(K4/2),IF(J4="Anual",+(K4/1),""))))))) -> 0 | M4: Menor al 1% del patrimonio de la Lotería de Bogotá | N4: =IF(M4="Menor al 1% del patrimonio de la Lotería de Bogotá",20%,IF(M4="Entre el 1% y el 3% del patrimonio de la Lotería de Bogotá",40%,IF(M4="Entre el 3% y el 6% del patrimonio de la Lotería de Bogotá",60%,IF(M4="Entre el 6% y el 10% del patrimonio de la Lotería de Bogotá",80%,IF(M4="Mayor al 10% del patrimonio de la Lotería de Bogotá",100%,IF(M4="NA",0%,"")))))) -> 0.2 | O4: El riesgo afecta la imagen de algún área de la organización | P4: =IF(O4="El riesgo afecta la imagen de algún área de la organización",20%,IF(O4="El riesgo afecta la imagen de la entidad internamente, de conocimiento general nivel interno, de junta directiva y accionistas y/o de proveedores",40%,IF(O4="El riesgo afecta la imagen de la entidad con algunos usuarios de relevancia frente al logro de los objetivos",60%,IF(O4="El riesgo afecta la imagen de la entidad con efecto publicitario sistenido a nivel de sector administrativo, nivel departamental o municipal",80%,IF(O4="El riesgo afecta la imagen de la entidad a nivel nacional, con efecto publicitario sistenido a nivel país",100%,IF(O4="NA",0%,"")))))) -> 0.2 | Q4: NA | R4: =IF(Q4="Interrupción de la operación por menos de un día",20%,IF(Q4="Interrupción de la operación por un día completo",40%,IF(Q4="Interrupción de la operación mayor a 1 día y menor a 2 días",60%,IF(Q4="Interrupción de la operación por dos días completos",80%,IF(Q4="Interrupción de la operación por más de dos días",100%,IF(Q4="NA",0%,"")))))) -> 0 | S4: Servicios | T4: Integridad | U4: =+MAX(N4,P4,R4) -> 0.2 | V4: =IF(L4<=20%,"Muy baja",IF(L4<=40%,"Baja",IF(L4<=60%,"Media",IF(L4<=80%,"Alta",IF(L4<=100%,"Muy alta",IF(L4>=100%,"Muy alta","")))))) -> Muy baja | W4: =+IFERROR(VLOOKUP(V4,Fórmula!$F$1:$G$6,2,FALSE),"") -> 0.2 | X4: Moderado | Y4: =+IFERROR(VLOOKUP(X4,Fórmula!$H$1:$I$6,2,FALSE),"") -> 0.6 | Z4: Moderado | AA4: =IF(Z4="Bajo",25%,IF(Z4="Moderado",50%,IF(Z4="Alto",75%,IF(Z4="Extremo",100%,"")))) -> 0.5 | AB4: En probabilidad se determina el riesgo de carácter semanal, y debido a que nunca se ha materializado, se califica su nivel de ocurrencia en cero. Frente al impacto económico y reputacional, en ambos casos es leve, según las escalas de valoración del impacto. | AC4: Revisión y validación de los documentos suministrados por el solicitante y verificar el cumplimiento de los requisitos exigidos por la ley | AD4: El profesional de la Unidad de Apuestas cada vez que se radica una solicitud debe revisar y validar cada uno de los documentos soporte de dicha solicitud. Esta revisión debe estar efectuada en terminos de completitud de acuerdo a la lista de chequeo vigente y en cuanto a su calidad se debe revisar los requisitos definidos en el marco legal y los expuestos en el respectivo instructivo. | AE4: Preventivo | AF4: =IF(AE4="Preventivo",25%,IF(AE4="Detectivo",15%,IF(AE4="Correctivo",10%,""))) -> 0.25 | AG4: Manual | AH4: =IF(AG4="Manual",15%,IF(AG4="Automático",25%,"")) -> 0.15 | AI4: =+AH4+AF4 -> 0.4 | AJ4: Confiable | AK4: SI | AL4: Si existen inconsistencias el profesional 3 de la unidad de apuestas debe requerir al solicitante las correcciones o aclaraciones pertinentes. | AM4: Documentado | AN4: Instructivo solicitud juegos promocionales y rifas (web) https://www.loteriadebogota.com/wp-content/uploads/files/promocionales/instructivo_solicitud.pdf Decreto 1068 de 2015 Decreto 2104 de 2016 Procedimiento autorización y emisión de concepto PRO-420-191-10 | AO4: Aleatoria | AP4: Cada vez que exista solicitud | AQ4: Plataforma de Juegos Promocionales y Rifas | AR4: Asignado | AS4: Profesional III de apuestas | AT4: Adecuado | AU4: =+AA4*AI4 -> 0.2 | AV4: =+AA4-AU4 -> 0.3 | AW4: =+IF(C4="Corrupción","Moderado",IF(#REF!<=25%,"Bajo",IF(#REF!<=50%,"Moderado",IF(#REF!<=75%,"Alto",IF(#REF!>75%,"Extremo",""))))) -> Moderado | AX4: Mitigar | AY4: 1 | AZ4: Desarrollar e implementar una mejora en el aplicativo de promocionales para que la revisión por parte de los funcionarios de la Lotería y los diferentes requerimientos al solicitante queden operados y registrados dentro del sistema o aplicativo. | BA4: =+AS4 -> Profesional III de apuestas | BB4: 44562 | BC4: 44742 | BD4: =+AQ4 -> Plataforma de Juegos Promocionales y Rifas | BE4: 44620 | BF4: La plataforma de Juegos Promocionales y Rifas a la fecha está presentando un incidente respecto al envío de correos a los gestores, lo que ocasiona que no se ejecute un cambio de estado automático después de subsanar los promocionales, se solicitó a la unidad de sistemas arreglo al incidente el cual no ha sido solucionado. | BG4: 44681 | BH4: La plataforma de Juegos Promocionales y Rifas sigue presistiendo los incidentes respecto al envío de correos a los gestores, lo que ocasiona que no se ejecute un cambio de estado automático después de subsanar los promocionales, se solicitó a la unidad de sistemas arreglo al incidente el cual no ha sido solucionado, tambien se solicito unos arrelglos para que el gestor puede hacer el cargue de actas en diferentes fechas de acuerdo a la cantidad de sorteos autorizados, a la fecha seguimos en espera de la respuesta . | BJ4: 44742 | BM4: 44804 | BN4: La unidad de apuesta conjunto con la unidad de sistemas realiza un informe con todas las anomalias y/o incidentes que se han venido presentando en el transcurso del año, a la fecha seguimos en la espera de respuestas y avances. | BO4: https://loteriadbogota-my.sharepoint.com/:f:/g/personal/administrativo_apuestas_loteriadebogota_com/EoS9TI0u7gNPu8SlfUIBc8EBUAzUAUptcMyNUEC-0uazYg?e=4tF8yP | BP4: 44865 | BQ4: La unidad de apuesta conjunto con la unidad de sistemas realiza un informe con todas las anomalias y/o incidentes que se han venido presentando en el transcurso del año, a la fecha seguimos en la espera de respuestas y avances. | BR4: https://loteriadbogota-my.sharepoint.com/:f:/g/personal/administrativo_apuestas_loteriadebogota_com/EoS9TI0u7gNPu8SlfUIBc8EBUAzUAUptcMyNUEC-0uazYg?e=4tF8yP | BS4: 44926
A5: SI | B5: Explotación de JSA | C5: Corrupción | D5: Evento externo | E5: Fraude externo | F5: 1. Inadecuados controles en el seguimiento de utilización de formularios 2. Posibilidad de fallas tecnológicas en el aplicativo de reporte en línea y tiempo real (Chanseguro) | G5: RC-03 | H5: Posibilidad de inadecuada utilización, pérdida y/o hurto de los formularios por parte del Concesionario con el fin de beneficio propio o de terceros | I5: 1. Aumento del juego ilegal 2. Disminución de recursos para la salud 3. Terminación anticipada del contrato de concesión | J5: Diaria | K5: 1 | L5: =IF(J5="Diaria",+(K5/360),IF(J5="Mensual",+(K5/12),IF(J5="Bimestral",+(K5/6),IF(J5="Trimestral",+(K5/4),IF(J5="Semestral",+(K5/2),IF(J5="Anual",+(K5/1),"")))))) -> 0.0027777778 | M5: Entre el 6% y el 10% del patrimonio de la Lotería de Bogotá | N5: =IF(M5="Menor al 1% del patrimonio de la Lotería de Bogotá",20%,IF(M5="Entre el 1% y el 3% del patrimonio de la Lotería de Bogotá",40%,IF(M5="Entre el 3% y el 6% del patrimonio de la Lotería de Bogotá",60%,IF(M5="Entre el 6% y el 10% del patrimonio de la Lotería de Bogotá",80%,IF(M5="Mayor al 10% del patrimonio de la Lotería de Bogotá",100%,IF(M5="NA",0%,"")))))) -> 0.8 | O5: El riesgo afecta la imagen de la entidad con algunos usuarios de relevancia frente al logro de los objetivos | P5: =IF(O5="El riesgo afecta la imagen de algún área de la organización",20%,IF(O5="El riesgo afecta la imagen de la entidad internamente, de conocimiento general nivel interno, de junta directiva y accionistas y/o de proveedores",40%,IF(O5="El riesgo afecta la imagen de la entidad con algunos usuarios de relevancia frente al logro de los objetivos",60%,IF(O5="El riesgo afecta la imagen de la entidad con efecto publicitario sistenido a nivel de sector administrativo, nivel departamental o municipal",80%,IF(O5="El riesgo afecta la imagen de la entidad a nivel nacional, con efecto publicitario sistenido a nivel país",100%,IF(O5="NA",0%,"")))))) -> 0.6 | Q5: NA | R5: =IF(Q5="Interrupción de la operación por menos de un día",20%,IF(Q5="Interrupción de la operación por un día completo",40%,IF(Q5="Interrupción de la operación mayor a 1 día y menor a 2 días",60%,IF(Q5="Interrupción de la operación por dos días completos",80%,IF(Q5="Interrupción de la operación por más de dos días",100%,IF(Q5="NA",0%,"")))))) -> 0 | S5: Servicios | T5: Integridad | U5: =+MAX(N5,P5,R5) -> 0.8 | V5: =IF(L5<=20%,"Muy baja",IF(L5<=40%,"Baja",IF(L5<=60%,"Media",IF(L5<=80%,"Alta",IF(L5<=100%,"Muy alta",IF(L5>=100%,"Muy alta","")))))) -> Muy baja | W5: =+IFERROR(VLOOKUP(V5,Fórmula!$F$1:$G$6,2,FALSE),"") -> 0.2 | X5: =IF(U5=20%,"Leve",IF(U5=40%,"Menor",IF(U5=60%,"Moderado",IF(U5=80%,"Mayor",IF(U5=100%,"Catastrófico",""))))) -> Mayor | Y5: =+IFERROR(VLOOKUP(X5,Fórmula!$H$1:$I$6,2,FALSE),"") -> 0.8 | Z5: =+IFERROR(VLOOKUP(V5&X5,Fórmula!$C$2:$D$26,2,FALSE),"") -> Alto | AA5: =IF(Z5="Bajo",25%,IF(Z5="Moderado",50%,IF(Z5="Alto",75%,IF(Z5="Extremo",100%,"")))) -> 0.75 | AB5: Se estableció periodicidad diaria, nivel de ocurrencia uno, ya que no se cuenta con línea base, afectación económica mayor, teniendo en cuenta la dificultad para cuantificar el mercado ilegal de juegos de suerte y azar, y afectación reputacional moderada, en tanto la imagen de la Lotería se vería afectada con algunos usuarios. | AC5: Solicitar al concesionario un reporte trimestral del listado de los formularios usados en otros productos y servicios | AD5: Trimestralmente, el profesional responsable de la Unidad de Apuestas Permanentes y Control de Juegos solicitará un reporte del listado de los formularios usados en otros productos y servicios, en el marco de las visitas de fiscalización. | AE5: Preventivo | AF5: =IF(AE5="Preventivo",25%,IF(AE5="Detectivo",15%,IF(AE5="Correctivo",10%,""))) -> 0.25 | AG5: Manual | AH5: =IF(AG5="Manual",15%,IF(AG5="Automático",25%,"")) -> 0.15 | AI5: =+AH5+AF5 -> 0.4 | AJ5: Confiable | AK5: SI | AL5: Si el concesionario no envía la información, se reitera la solicitud mediante oficio firmado por el supervisor del contrato | AM5: Documentado | AN5: Relación de documentos solicitados al concesionario, en las visitas de fiscalización | AO5: Continua | AP5: Trimestral | AQ5: Relación de documentos solicitados al concesionario, en las visitas de fiscalización | AR5: Asignado | AS5: Reponsable de la Unidad de Apuestas y Control de Juegos | AT5: Adecuado | AU5: =+AA5*AI5 -> 0.3 | AV5: =+AA5-AU5 -> 0.45 | AW5: =IF(AV5<=25%,"Bajo",IF(AV5<=50%,"Moderado",IF(AV5<=75%,"Alto",IF(AV5>75%,"Extremo","")))) -> Moderado | AX5: Mitigar | AY5: 1 | AZ5: Dejar evidencia en el informe de fiscalización de la información recibida por parte del concesionario frente al listado de los formularios usados en otros productos y servicios | BA5: Profesional unidad de apuestas | BB5: 44896 | BC5: 44926 | BD5: Informe de Fiscalización | BE5: 44620 | BF5: El Sistema de auditoría Chanseguro registra la transaccionalidad en línea y tiempo real de las operaciones del chance y sus modalidades. En información preliminar previo a la fiscalización se solicita la relación y soportes de denuncias ante las autoridades competentes sobre perdida y/o hurto de los formularios. Se pretende integrar las plataformas de impresión y despacho de formularios con la plataforma de Chanseguro y la información que suministre el concesionario con relación a los productos y servicios autorizados diferentes al chance. | BG5: 44681 | BH5: Se le solicita a concesionario la informacion previa a la fiscalizacion realizada en el mes de marzo con relacion a los soportes de denuncias ante las autoridades competentes sobre perdida y/o hurto de los formularios, al igual forma el Sistema de auditoría Chanseguro registra la transaccionalidad en línea y tiempo real de las operaciones del chance y sus modalidades, igualmente Se pretende integrar las plataformas de impresión y despacho de formularios con la plataforma de Chanseguro y la información que suministre el concesionario con relación a los productos y servicios autorizados diferentes al chance. | BJ5: 44742 | BM5: 44804 | BP5: 44865 | BQ5: Por tratarse de una actividad comercial independiente del contrato de Concesión 66 de 2021, la Loteria de Bogotá lleva el control general de la facturación de formularios utilizados en todos los productos del Concesionario. Se solicita excluir de la matriz este item, dado que no se tiene competencia sobre otros productos diferentes al Chance. | BR5: CONTROL VENTA DE FORMULARIOS APUESTAS CON UTILIDAD(1).xlsx | BS5: 44926
AC6: Reportar a la plataforma de auditoría la distribución y asignación de formularios | AD6: Diariamente, se debe llevar el registro de los formularios entregados desde las bodegas a los satélites, y de los satélites a los colocadores, incluidos los empleados, este reporte se debe realizar al sistema de auditoría del concedente. | AE6: Preventivo | AF6: =IF(AE6="Preventivo",25%,IF(AE6="Detectivo",15%,IF(AE6="Correctivo",10%,""))) -> 0.25 | AG6: Manual | AH6: =IF(AG6="Manual",15%,IF(AG6="Automático",25%,"")) -> 0.15 | AI6: =+AH6+AF6 -> 0.4 | AJ6: Confiable | AK6: SI | AL6: Si el concesionario no envía la información, se verifica que no se debe a una falla tecnológica interna de la Lotería de Bogotá, si no se debe a esto, se envía solicitud mediante oficio firmado por el supervisor del contrato al concesionario. | AM6: Documentado | AN6: Reporte generado por plataforma de auditoría | AO6: Continua | AP6: Diariamente | AQ6: Reporte generado por plataforma de auditoría | AR6: Asignado | AS6: Reponsable de la Unidad de Apuestas y Control de Juegos | AT6: Adecuado | AY6: 2 | AZ6: Dejar evidencia en el informe de fiscalización si el concesionario reportó a la plataforma de auditoría la distribución y asignación de formularios del juego de apuestas permanentes o chance | BA6: Profesional unidad de apuestas | BB6: 44896 | BC6: 44926 | BD6: Informe de Fiscalización | BE6: 44620 | BF6: A la fecha la plataforma Chanseguro tiene un modulo denominado “Trazabilidad Papelería” donde se pueden encontrar tres reportes a. “Papelería Venta Chance”; b. “Asignación Papelería”; c. “Movimientos Papelería”. d. “Detalle Consumible Tiquetes”. e. “Papelería Venta”. f. “Ventas por Tipo de Papel”. Con la información anterior se requiere que el sistema de auditoria confronte la información de cada uno de los formularios en sus diferentes estados: no utilizado, utilizado describiendo el producto o servicio, anulado, reportado perdido. El sistema deberá contar con alarmas en la que indique los formularios que no cuentan con descripción alguna. | BG6: 44681 | BH6: A la fecha la plataforma Chanseguro tiene un modulo denominado “Trazabilidad Papelería” donde se pueden encontrar tres reportes a. “Papelería Venta Chance”; b. “Asignación Papelería”; c. “Movimientos Papelería”. d. “Detalle Consumible Tiquetes”. e. “Papelería Venta”. f. “Ventas por Tipo de Papel”. Con la información anterior se requiere que el sistema de auditoria confronte la información de cada uno de los formularios en sus diferentes estados: no utilizado, utilizado describiendo el producto o servicio, anulado, reportado perdido. El sistema deberá contar con alarmas en la que indique los formularios que no cuentan con descripción alguna. | BJ6: 44742 | BM6: 44804 | BP6: 44865 | BQ6: Se realiza el seguimiento en las diferentes visitas de fiscalización y/o visitas especiales de auditoría. El concesionario transmite información permanente con relación a la asignación de formularios al sistema Chanseguro el cual dispone de un módulo de trazabilidad de papelería Se prevalida de forma mensual la cantidad de formularios utilizados por tipo de producto, una vez el concesionario suministra el formulario de declaración mensual de derechos de explotación y gastos de administración del chance. | BR6: https://chanseguro.loteriadebogota.com:9503/analytics/saw.dll?dashboard&PortalPath=%2Fshared%2FTrazabilidad%20Papeler%C3%ADa%2F_portal%2FTrazabilidad%20Papeler%C3%ADa | BS6: 44926
AC7: Solicitar al concesionario informar a la entidad concedente la pérdida y/o hurto de formulario, soportado con las denuncias ante entidades competentes | AD7: Trimestralmente, el profesional responsable de la Unidad de Apuestas Permanentes y Control de Juegos solicitará al concesionario informar a la entidad concedente la pérdida y/o hurto de formulario, soportado con las denuncias ante entidades competentes, en el marco de las visitas de fiscalización. | AE7: Preventivo | AF7: =IF(AE7="Preventivo",25%,IF(AE7="Detectivo",15%,IF(AE7="Correctivo",10%,""))) -> 0.25 | AG7: Manual | AH7: =IF(AG7="Manual",15%,IF(AG7="Automático",25%,"")) -> 0.15 | AI7: =+AH7+AF7 -> 0.4 | AJ7: Confiable | AK7: SI | AL7: Si el concesionario no envía la información, se reitera la solicitud mediante oficio firmado por el supervisor del contrato | AM7: Documentado | AN7: Relación de documentos solicitados al concesionario, en las visitas de fiscalización | AO7: Continua | AP7: Trimestral | AQ7: Relación de documentos solicitados al concesionario, en las visitas de fiscalización | AR7: Asignado | AS7: Reponsable de la Unidad de Apuestas y Control de Juegos | AT7: Adecuado | AY7: 3 | AZ7: Dejar evidencia en el informe de fiscalización si el concesionario reportó la pérdida y/o hurto de formularios del juego de apuestas permanentes o chance | BA7: Profesional unidad de apuestas | BB7: 44896 | BC7: 44926 | BD7: Informe de Fiscalización | BE7: 44620 | BF7: El concesionario entregó listado de la perdida de formularios del juego de apuestas permanentes o chance del 01 de octubre del 2021 al 03 de febrero 2022, junto con las denuncias, la información respectiva hace parte del último informe de fiscalización del contrato 068 del 2016, el cual la visita se realiza a principios de mes de marzo. | BG7: 44681 | BH7: El concesionario entregó listado de la perdida de formularios del juego de apuestas permanentes o chance del 01 de octubre del 2021 al 03 de febrero 2022, junto con las denuncias, la información respectiva hace parte del último informe de fiscalización del contrato 068 del 2016, el cual se vera evidenciado en el ultimo informe de fiscalizacion. | BJ7: 44742 | BM7: 44804 | BP7: 44865 | BQ7: Durante el desarrollo de las visitas administrativas al Concesionario, se requieren los soportes de las denuncias por pérdida y/o robo de rollos de formularios. Se tiene programada una visita administrativa en el mes de Noviembre a las instalaciones de GELSA | BS7: 44926
A8: SI | B8: Explotación de JSA | C8: Corrupción | D8: Talento humano | E8: Fraude interno | F8: 1.Inconsistencias en el reporte de retenidos generado semanalmente. 2. Estados de cuenta incorrectos o desactualizados 3. Ofrecimiento de beneficios por parte de terceros 4. Seguimiento inadecuado al estado de las pólizas | G8: RC-04 | H8: Posibilidad de afectación económica y reputacional por entrega o retención de billetería, o asignación de cupos a distribuidores con incumplimiento de requisitos con fin de favorecer a un tercero a cambio de beneficios. | I8: 1. Incremento de cartera vencida 2. Pérdida de garantías en un cobro jurídico 3. Apertura de procesos disciplinarios 4. Hallazgos de entes de control | J8: Semanal | K8: 1 | L8: =IF(J8="Diaria",+(K8/360),IF(J8="Mensual",+(K8/12),IF(J8="Semanal",+(K8/52),IF(J8="Bimestral",+(K8/6),IF(J8="Trimestral",+(K8/4),IF(J8="Semestral",+(K8/2),IF(J8="Anual",+(K8/1),""))))))) -> 0.019230769 | M8: Menor al 1% del patrimonio de la Lotería de Bogotá | N8: =IF(M8="Menor al 1% del patrimonio de la Lotería de Bogotá",20%,IF(M8="Entre el 1% y el 3% del patrimonio de la Lotería de Bogotá",40%,IF(M8="Entre el 3% y el 6% del patrimonio de la Lotería de Bogotá",60%,IF(M8="Entre el 6% y el 10% del patrimonio de la Lotería de Bogotá",80%,IF(M8="Mayor al 10% del patrimonio de la Lotería de Bogotá",100%,IF(M8="NA",0%,"")))))) -> 0.2 | O8: El riesgo afecta la imagen de la entidad internamente, de conocimiento general nivel interno, de junta directiva y accionistas y/o de proveedores | P8: =IF(O8="El riesgo afecta la imagen de algún área de la organización",20%,IF(O8="El riesgo afecta la imagen de la entidad internamente, de conocimiento general nivel interno, de junta directiva y accionistas y/o de proveedores",40%,IF(O8="El riesgo afecta la imagen de la entidad con algunos usuarios de relevancia frente al logro de los objetivos",60%,IF(O8="El riesgo afecta la imagen de la entidad con efecto publicitario sistenido a nivel de sector administrativo, nivel departamental o municipal",80%,IF(O8="El riesgo afecta la imagen de la entidad a nivel nacional, con efecto publicitario sistenido a nivel país",100%,IF(O8="NA",0%,"")))))) -> 0.4 | Q8: NA | R8: =IF(Q8="Interrupción de la operación por menos de un día",20%,IF(Q8="Interrupción de la operación por un día completo",40%,IF(Q8="Interrupción de la operación mayor a 1 día y menor a 2 días",60%,IF(Q8="Interrupción de la operación por dos días completos",80%,IF(Q8="Interrupción de la operación por más de dos días",100%,IF(Q8="NA",0%,"")))))) -> 0 | S8: Servicios | T8: Integridad | U8: =+MAX(N8,P8,R8) -> 0.4 | V8: =IF(L8<=20%,"Muy baja",IF(L8<=40%,"Baja",IF(L8<=60%,"Media",IF(L8<=80%,"Alta",IF(L8<=100%,"Muy alta",IF(L8>=100%,"Muy alta","")))))) -> Muy baja | W8: =+IFERROR(VLOOKUP(V8,Fórmula!$F$1:$G$6,2,FALSE),"") -> 0.2 | X8: Moderado | Y8: =+IFERROR(VLOOKUP(X8,Fórmula!$H$1:$I$6,2,FALSE),"") -> 0.6 | Z8: Moderado | AA8: =IF(Z8="Bajo",25%,IF(Z8="Moderado",50%,IF(Z8="Alto",75%,IF(Z8="Extremo",100%,"")))) -> 0.5 | AB8: Se estableció la periodicidad semanal, debido a que la distribución de la billetería se realiza semanalmente, y nivel de ocurrencia 1, porque el riesgo se materializó una vez en la vigencia 2020. Frente al impacto, se definió una afectación económica por debajo del 1% del patrimonio de la Lotería de Bogotá (leve), pero la materialización del riesgo conllevaría a una afectación reputacional menor, debido al conocimiento de la Junta Directiva sobre la afectación de la imagen. | AC8: Reporte semanal por parte de la Unidad Financiera y Contable de los distribuidotres retenidos. | AD8: El profesional de cartera semanalmente realiza una revisión de los reportes de cartera y del estado de las garantías de los distribuidores con el propósito de identificar incumplimientos en los distribuidores para determinar a cuales de ellos se reteniene el despacho de billetería. | AE8: Preventivo | AF8: =IF(AE8="Preventivo",25%,IF(AE8="Detectivo",15%,IF(AE8="Correctivo",10%,""))) -> 0.25 | AG8: Manual | AH8: =IF(AG8="Manual",15%,IF(AG8="Automático",25%,"")) -> 0.15 | AI8: =+AH8+AF8 -> 0.4 | AJ8: Confiable | AK8: SI | AL8: Los distribuidores con incumplimiento en sus garantías y/o pagos deben ser retenidos. No se debe realizar el despacho semanal de billetería | AM8: Documentado | AN8: Procedimiento Asignación y Distribución de Billetería PRO-410-199-9 | AO8: Continua | AP8: Semanal | AQ8: Memorandos sobre distribución y retención por parte de la Unidad Financiera | AR8: Asignado | AS8: Profesional de cartera de Unidad Financiera y Contable | AT8: Adecuado | AU8: =+AA8*AI8 -> 0.2 | AV8: =+AA8-AU8 -> 0.3 | AW8: =+IF(C8="Corrupción","Moderado",IF(AV9<=25%,"Bajo",IF(AV9<=50%,"Moderado",IF(AV9<=75%,"Alto",IF(AV9>75%,"Extremo",""))))) -> Moderado | AX8: Mitigar | AY8: 1 | AZ8: Actualizar el procedimiento de Asignación y distribución de billetería para fortalecer en descripción de criterios y lineamientos los controles del procedimiento e incorporar control correctivo de autorización de despacho. Procedimiento Gestión de Cartera PRO-310-244 Este procedimiento debe ser revisado con cartera y actualizar retención de distribuidores virtuales Contrato atípico | BA8: Profesional de Cartera | BB8: 44766 | BC8: 44865 | BD8: Procedimiento asignación y distribución de billetería PRO-410-199 | BE8: 44620 | BF8: el procedimiento para la asignacion de de billeteria, se realiza de acuerdo a la billeteria solicitada por el distribuidor, por las garantias y polizas que cubran el despcho de billeteria y por el comite de cupos que se reune mensualmente para el estudio para el aumento o diminucion del despacho de billeteria, la distribucion se realiza mediante contrato con la firma transportadota Thomas Grec, y con visto bueno del profesional de cartera, donde indique los distribuidores que estan al dia con obligaciones del pago de billeteria y cargue de premios. | BG8: 44681 | BH8: el procedimiento para la asignacion de de billeteria, se realiza de acuerdo a la billeteria solicitada por el distribuidor, por las garantias y polizas que cubran el despcho de billeteria y por el comite de cupos que se reune mensualmente para el estudio para el aumento o diminucion del despacho de billeteria, la distribucion se realiza mediante contrato con la firma transportadota Thomas Grec, y con visto bueno del profesional de cartera, donde indique los distribuidores que estan al dia con obligaciones del pago de billeteria y cargue de premios. | BI8: Se encuentran en fisico y en el sistema los formatos respectivos de despacho y retencion de billeteria, asi como las actas del comite de cupos. | BJ8: 44742 | BK8: el procedimiento para la asignacion de de billeteria, se realiza de acuerdo a la billeteria solicitada por el distribuidor, por las garantias y polizas que cubran el despcho de billeteria y por el comite de cupos que se reune mensualmente para el estudio para el aumento o diminucion del despacho de billeteria, la distribucion se realiza mediante contrato con la firma transportadota Thomas Grec, y con visto bueno del profesional de cartera, donde indique los distribuidores que estan al dia con obligaciones del pago de billeteria y cargue de premios. | BL8: Se encuentran en fisico y en el sistema los formatos respectivos de despacho y retencion de billeteria, asi como las actas del comite de cupos. | BM8: 44804 | BN8: el procedimiento para la asignacion de de billeteria, se realiza de acuerdo a la billeteria solicitada por el distribuidor, por las garantias y polizas que cubran el despcho de billeteria y por el comite de cupos que se reune mensualmente para el estudio para el aumento o diminucion del despacho de billeteria, la distribucion se realiza mediante contrato con la firma transportadota Thomas Grec, y con visto bueno del profesional de cartera, donde indique los distribuidores que estan al dia con obligaciones del pago de billeteria y cargue de premios. | BO8: Se encuentran en fisico y en el sistema los formatos respectivos de despacho y retencion de billeteria, asi como las actas del comite de cupos. | BP8: 44865 | BQ8: el procedimiento para la asignacion de de billeteria, se realiza de acuerdo a la billeteria solicitada por el distribuidor, por las garantias y polizas que cubran el despcho de billeteria y por el comite de cupos que se reune mensualmente para el estudio para el aumento o diminucion del despacho de billeteria, la distribucion se realiza mediante contrato con la firma transportadota Thomas Grec, y con visto bueno del profesional de cartera, donde indique los distribuidores que estan al dia con obligaciones del pago de billeteria y cargue de premios. | BR8: Se encuentran en fisico y en el sistema los formatos respectivos de despacho y retencion de billeteria, asi como las actas del comite de cupos. | BS8: 44926
AC9: Reporte semanal por parte de la Unidad de Loterías de las garantías. | AD9: El profesional de la Unidad de Loterías semanalmente realiza una revisión del estado de las garantías de los distribuidores con el propósito de identificar incumplimientos en los distribuidores para determinar a cuales de ellos se reteniene el despacho de billetería. | AE9: Preventivo | AF9: =IF(AE9="Preventivo",25%,IF(AE9="Detectivo",15%,IF(AE9="Correctivo",10%,""))) -> 0.25 | AG9: Manual | AH9: =IF(AG9="Manual",15%,IF(AG9="Automático",25%,"")) -> 0.15 | AI9: =+AH9+AF9 -> 0.4 | AJ9: Confiable | AK9: SI | AL9: Los distribuidores con incumplimiento en sus garantías y/o pagos deben ser retenidos. No se debe realizar el despacho semanal de billetería | AM9: Documentado | AN9: Procedimiento Asignación y Distribución de Billetería PRO-410-199-9 | AO9: Continua | AP9: Semanal | AQ9: Correo electrónico sobre la retención de billetería por garantía | AR9: Asignado | AS9: Profesional de la Unidad de Loterías | AT9: Adecuado | AU9: =+AV8*AI9 -> 0.12 | AV9: =+AV8-AU9 -> 0.18 | AY9: 2 | AZ9: Actualizar el procedimiento de gestión de cartera para fortalecer en la descripción de criterios y lineamientos los controles e incorporar con claridad el Concepto de la Secertaría General sobre el estado de las garantias de los distribuidores. Analizar, definir y documentar los lineamientos claros del concepto semanal del estado de las ganatias por parte de la Secretaría General. Se debe incorporar lineamientos de responsabilidad, frecuencia, horario, medios, soporte en ausencias. Debe cambiarse el concepto de proporcionar un listado, por el de generar un concepto sobre el estado de las garantías con el fin que dentro de su campo y rol efectue un análisis y genere alertas sobre vencimientos. El memorando UF debe remitir antes 3:30 pm., así mismo el jefe de unidad Loterias debe revisar previo al despacho | BA9: Secretaria General | BB9: 44774 | BC9: 44864 | BD9: Procedimiento de cartera actualizado | BE9: 44620 | BG9: 44681 | BH9: Se estan realizando mediante el comite de cupos, el cual es integrado por el subgerente general, la jefe de unidad de loterias, el jefe de launidad financiera y con voz pero sin voto la profesional especializada de sistemas, este comite tiene la responsabilidad de la asignacion o disminucion segun sea el caso de los distribuidores. | BI9: Se estan realizando mediante el comite de cupos, el cual es integrado por el subgerente general, la jefe de unidad de loterias, el jefe de launidad financiera y con voz pero sin voto la profesional especializada de sistemas, este comite tiene la responsabilidad de la asignacion o disminucion segun sea el caso de los distribuidores. | BJ9: 44742 | BK9: Se estan realizando mediante el comite de cupos, el cual es integrado por el subgerente general, la jefe de unidad de loterias, el jefe de launidad financiera y con voz pero sin voto la profesional especializada de sistemas, este comite tiene la responsabilidad de la asignacion o disminucion segun sea el caso de los distribuidores. | BL9: Se cuentan con las actas del comite en fisico. | BM9: 44804 | BN9: Se estan realizando mediante el comite de cupos, el cual es integrado por el subgerente general, la jefe de unidad de loterias, el jefe de launidad financiera y con voz pero sin voto la profesional especializada de sistemas, este comite tiene la responsabilidad de la asignacion o disminucion segun sea el caso de los distribuidores. | BO9: Se cuentan con las actas del comite en fisico. | BP9: 44865 | BQ9: Para el bimestre septiembre, octubre se realizaros dos reuniones del comite de cupos, | BR9: Se cuentan con las actas del comite en fisico. | BS9: 44926
A10: SI | B10: Recaudo | C10: Corrupción | D10: Talento humano | E10: Fraude interno | F10: 1. Oportunidad y razonalización de la situación por parte del profesional de Cartera 2. Ofrecimiento de retribución económica para despacho sin cumplimiento de requisitos 3. Falta de ética profesional del profesional de cartera | G10: RC-05 | H10: Posibilidad de afectación económica y reputacional por despacho a distribuidores sin cumplimiento de requisitos con el fin de beneficio propio o de terceros, a causa de la oportunidad y razonalizacion de la situacion por parte del profesional de Cartera ; Ofrecimiento de retribucion economica para despacho sin cumplimiento de requisitos : Falta de Etica profesional del Profesional de Cartera | I10: 1. Incremento de cartera 2. Investigaciones disciplinarias y judiciales | J10: Diaria | K10: 0 | L10: =IF(J10="Diaria",+(K10/360),IF(J10="Mensual",+(K10/12),IF(J10="Bimestral",+(K10/6),IF(J10="Trimestral",+(K10/4),IF(J10="Semestral",+(K10/2),IF(J10="Anual",+(K10/1),"")))))) -> 0 | M10: Menor al 1% del patrimonio de la Lotería de Bogotá | N10: =IF(M10="Menor al 1% del patrimonio de la Lotería de Bogotá",20%,IF(M10="Entre el 1% y el 3% del patrimonio de la Lotería de Bogotá",40%,IF(M10="Entre el 3% y el 6% del patrimonio de la Lotería de Bogotá",60%,IF(M10="Entre el 6% y el 10% del patrimonio de la Lotería de Bogotá",80%,IF(M10="Mayor al 10% del patrimonio de la Lotería de Bogotá",100%,IF(M10="NA",0%,"")))))) -> 0.2 | O10: El riesgo afecta la imagen de la entidad internamente, de conocimiento general nivel interno, de junta directiva y accionistas y/o de proveedores | P10: =IF(O10="El riesgo afecta la imagen de algún área de la organización",20%,IF(O10="El riesgo afecta la imagen de la entidad internamente, de conocimiento general nivel interno, de junta directiva y accionistas y/o de proveedores",40%,IF(O10="El riesgo afecta la imagen de la entidad con algunos usuarios de relevancia frente al logro de los objetivos",60%,IF(O10="El riesgo afecta la imagen de la entidad con efecto publicitario sistenido a nivel de sector administrativo, nivel departamental o municipal",80%,IF(O10="El riesgo afecta la imagen de la entidad a nivel nacional, con efecto publicitario sistenido a nivel país",100%,IF(O10="NA",0%,"")))))) -> 0.4 | Q10: NA | R10: =IF(Q10="Interrupción de la operación por menos de un día",20%,IF(Q10="Interrupción de la operación por un día completo",40%,IF(Q10="Interrupción de la operación mayor a 1 día y menor a 2 días",60%,IF(Q10="Interrupción de la operación por dos días completos",80%,IF(Q10="Interrupción de la operación por más de dos días",100%,IF(Q10="NA",0%,"")))))) -> 0 | S10: Documental | T10: Integridad | U10: =+MAX(N10,P10,R10) -> 0.4 | V10: =IF(L10<=20%,"Muy baja",IF(L10<=40%,"Baja",IF(L10<=60%,"Media",IF(L10<=80%,"Alta",IF(L10<=100%,"Muy alta",IF(L10>=100%,"Muy alta","")))))) -> Muy baja | W10: =+IFERROR(VLOOKUP(V10,[1]Fórmula!$F$1:$G$6,2,FALSE),"") -> 0.2 | X10: Moderado | Y10: =+IFERROR(VLOOKUP(X10,[1]Fórmula!$H$1:$I$6,2,FALSE),"") -> 0.6 | Z10: Moderado | AA10: =IF(Z10="Bajo",25%,IF(Z10="Moderado",50%,IF(Z10="Alto",75%,IF(Z10="Extremo",100%,"")))) -> 0.5 | AB10: Se estableció periodicidad diaria, debido a que el despacho se realiza con esta periodicidad, nivel de ocurrencia en cero, debido a que el riesgo no se ha materializado, afectación económica leve, ya que el valor en el peor caso de materializarse el riesgo estaría por debajo del 1% del patrimonio de la Lotería de Bogotá. Frente a la afectación reputacional es menor, debido a la iimagen afectada de la organización de manera interna. | AC10: Constatar en forma preliminar la conciliacion efectuadas ppr parte de los distribuidores de las entidad con el fin de identificar recaudos que no se hayan cargado al aplicativo por las diferente razones que puedan darse lo que permite llegar a fin de mes con un conciliacion mas limpia. | AE10: Preventivo | AF10: =IF(AE10="Preventivo",25%,IF(AE10="Detectivo",15%,IF(AE10="Correctivo",10%,""))) -> 0.25 | AG10: Manual | AH10: =IF(AG10="Manual",15%,IF(AG10="Automático",25%,"")) -> 0.15 | AI10: =+AH10+AF10 -> 0.4 | AJ10: Confiable | AK10: SI | AL10: En caso de que los valores de las conciliaciones no concuerdan, se realizan los ajustes correspondientes con las áreas responsables. | AM10: Sin documentar | AO10: Continua | AP10: Mensual | AQ10: Conciliación realizada | AR10: Asignado | AS10: Conciliaciones bancarias: Profesional del área de Contabilidad Conciliaciones de premios: Responsable de Unidad de Loterías y profesional de Cartera | AT10: Adecuado | AU10: =+AA10*AI10 -> 0.2 | AV10: =+AA10-AU10 -> 0.3 | AW10: =+IF(C10="Corrupción","Moderado",IF(AV10<=25%,"Bajo",IF(AV10<=50%,"Moderado",IF(AV10<=75%,"Alto",IF(AV10>75%,"Extremo",""))))) -> Moderado | AX10: Mitigar | AY10: 1 | AZ10: Actualizar el procedimiento PRO-310-244 Gestión de Cartera, para incluir lo relacionado con conciliaciones, de manuera mensual y todo se reportar por correo al sistema de informacion contable | BA10: Profesional de Cartera | BB10: 44876 | BC10: 44926 | BD10: Procedimiento actualizado | BE10: 44620 | BF10: Se revisó el procedimiento , y se envio el reporte a control interno del mes de febrero 28 2022 | BG10: 44681 | BH10: Se actualizó el procedimeinto. Se presentó al CIGYD y se aprobó el 1 de abril | BI10: https://loteriadbogota-my.sharepoint.com/:x:/g/personal/paula_forero_loteriadebogota_com/EU99GsN1HJFDiVgHRA2Uu0AB1teJ54AWpbRZyTm9kxQTug?e=9Bn0h8 | BJ10: 44742 | BK10: I. No se ha reportado novedad sobre este procedimeinto hasta el mes de Agosto 2022 | BL10: N/A | BM10: 44804 | BN10: I. No se ha reportado ninguna novedad sobre este prcedimeinto hasta el mes de octubre 2022 | BO10: N/A | BP10: 44865 | BS10: 44926
A11: NO | B11: Gestión del Talento Humano | C11: Corrupción | D11: Talento humano | E11: Ejecución y administración de procesos | F11: 1. Fácil acceso a plantilla institucional de documentos de la entidad, posibilitando la realización de certificados con información falsa. 2. Intereses indebidos para la expedición de certificados | G11: RC-06 | H11: Posibilidad de afectación reputacional por expedición de certificados laborales con información falsa por un funcionario de la Unidad de Talento Humano con el fin de beneficio propio o de un tercero | I11: 1. Pérdida de credibilidad ante agentes externos. 2. Investigaciones disciplinarias y penales | J11: Diaria | K11: 0 | L11: 0 | M11: NA | N11: 0 | O11: El riesgo afecta la imagen de algún área de la organización | P11: 0.2 | Q11: NA | R11: 0 | S11: NA | T11: Integridad | U11: Verificación de soportes para la expedición de certificados laborales | V11: El responsable de expedición de certificados proyecta el documento para firma de la Jefe de la Unidad de Talento Humano con los soportes correspondientes, cada vez que sea requerido. | W11: Preventivo | X11: 0.25 | Y11: Manual | Z11: 0.15 | AA11: 0.4 | AB11: Confiable | AC11: NO | AE11: Sin documentar | AG11: 1 | AH11: Documentar el proceso de expedición de certificados laborales. | AI11: 44805 | AJ11: 44925 | AL11: 44620 | AN11: a | AO11: Se cumplió a corte 31 de enero de 2022. | AQ11: 44742 | AR11: Para la expedicion de certificaciones laborales se tiene el formato FR0320-69-2 donde el servidor debe hacer la debida solicitud presentando este formato a la Unidad de Talento Humano, donde conste su informacion y los requisitos que debe llevar el certificado a expedir, posterior a esto se realiza y como paso final la Jefe de Talento Humano debe verificar y validar la informacion, para proceder a firmar y hacer entrega al servidor. | AS11: Formato FR0320-69-2 | AT11: 44804 | AU11: Para la expedicion de certificaciones laborales se tiene el formato FR0320-69-2 donde el servidor debe hacer la debida solicitud presentando este formato a la Unidad de Talento Humano, donde conste su informacion y los requisitos que debe llevar el certificado a expedir, posterior a esto se realiza y como paso final la Jefe de Talento Humano debe verificar y validar la informacion, para proceder a firmar y hacer entrega al servidor. | AV11: Formato FR0320-69-2 | AW11: 44865 | AX11: Para la expedicion de certificaciones laborales se tiene el formato FR0320-69-2 donde el servidor debe hacer la debida solicitud presentando este formato a la Unidad de Talento Humano, donde conste su informacion y los requisitos que debe llevar el certificado a expedir, posterior a esto se realiza y como paso final la Jefe de Talento Humano debe verificar y validar la informacion, para proceder a firmar y hacer entrega al servidor. | AY11: Formato FR0320-69-2 | AZ11: 44926
A12: NO | B12: Gestión del Talento Humano | C12: Corrupción | D12: Talento humano | E12: Ejecución y administración de procesos | F12: 1. Vulneribilidad del Sistema administrativo, financiero y misional. 2. Fallas en el Sistema administrativo, financiero y misional. | G12: RC-07 | H12: Posibilidad de afectación económica y reputacional debido a liquidación errónea de la nómina con el fin de beneficio propio o de un tercero | I12: 1. Investigaciones disciplinarias. 2. Investigaciones penales. 3. Investigaciones fiscales. | J12: Mensual | K12: 0 | L12: 0 | M12: Menor al 1% del patrimonio de la Lotería de Bogotá | N12: 0.2 | O12: El riesgo afecta la imagen de la entidad internamente, de conocimiento general nivel interno, de junta directiva y accionistas y/o de proveedores | P12: 0.4 | Q12: NA | R12: 0 | S12: NA | T12: Integridad | U12: Revisión por parte del Jefe de la Unidad de Talento Humano de la prenómina | V12: El Profesional de nómina mensualmente debe enviar a revisión del Jefe de la Unidad de Talento Humano la prenómina con los soportes correspondientes. | W12: Preventivo | X12: 0.25 | Y12: Manual | Z12: 0.15 | AA12: 0.4 | AB12: Confiable | AC12: SI | AD12: 0 | AE12: Documentado | AF12: Procedimiento liquidación nómina PRO.320-221-8. | AG12: 1 | AI12: 44562 | AJ12: 44925 | AK12: Procedimiento actualizado | AL12: 44620 | AM12: Se realizó encuesta para determinar las necesidades de los servidores y se aprobó el plan institucional en el CIGYD el 31 de enero de 2022. | AN12: a | AO12: Se cumplió a corte 31 de enero de 2022. | AQ12: 44742 | AR12: La Jefe de la Unidad de Talento Humano realiza el debido proceso de revisar todas las novedades de la nomina, asi mismo revisa y verifica los soportes de la prenomia enviados a Secretaria General para aprobacion. | AS12: Carpeta física con prenomina | AT12: 44804 | AU12: La Jefe de la Unidad de Talento Humano realiza el debido proceso de revisar todas las novedades de la nomina, asi mismo revisa y verifica los soportes de la prenomia enviados a Secretaria General para aprobacion. | AV12: Carpeta física con prenomina | AW12: 44865 | AX12: La Jefe de la Unidad de Talento Humano realiza el debido proceso de revisar todas las novedades de la nomina, asi mismo revisa y verifica los soportes de la prenomia enviados a Secretaria General para aprobacion. | AY12: Carpeta física con prenomina | AZ12: 44926
U13: Enviar a revisión con los soportes correspondientes la prenómina a Secretaría General | V13: El Profesional de nómina, previa validación por parte del Jefe de la Unidad de Talento Humano envía a revisión de la Secretaría General la prenómina con los soportes correspondientes. | W13: Preventivo | X13: 0.25 | Y13: Manual | Z13: 0.15 | AA13: 0.4 | AB13: Confiable | AC13: SI | AD13: Si la Secretaría General solicita algún ajuste frente a la prenómina, el responsable de la Unidad de Talento Humano valida, y ajusta, luego envía de nuevo la prenómina a la Secretaría General, previa cvalidación por parte del Jefe de la Unidad de Talento Humano | AE13: Sin documentar | AG13: 2 | AI13: 44562 | AJ13: 44925 | AK13: Seguimiento realizado | AL13: 44620 | AM13: N/A | AN13: 44681 | AO13: Durante el priemr trimestre se cumplió con el 100% de las activiades progrmadas en el plan de bienstra y en el plan de capacitación, el cual se refleja en informe presentado por la Ofician de Planeación . | AP13: r | AQ13: 44742 | AR13: Si la Secretaría General solicita algún ajuste frente a la prenómina, el responsable de la Unidad de Talento Humano valida, y ajusta, luego envía de nuevo la prenómina a la Secretaría General, para validación y visto bueno y así poder seguir con el debido proceso. | AS13: Carpeta física con prenomina enviada a Secretaria General con los soportes correspondientes | AT13: 44804 | AU13: Si la Secretaría General solicita algún ajuste frente a la prenómina, el responsable de la Unidad de Talento Humano valida, y ajusta, luego envía de nuevo la prenómina a la Secretaría General, para validación y visto bueno y así poder seguir con el debido proceso. | AV13: Carpeta física con prenomina enviada a Secretaria General con los soportes correspondientes | AW13: 44865 | AX13: Si la Secretaría General solicita algún ajuste frente a la prenómina, el responsable de la Unidad de Talento Humano valida, y ajusta, luego envía de nuevo la prenómina a la Secretaría General, para validación y visto bueno y así poder seguir con el debido proceso. | AY13: Carpeta física con prenomina enviada a Secretaria General con los soportes correspondientes | AZ13: 44926
A14: NO | B14: Gestión del Talento Humano | C14: Corrupción | D14: Talento humano | E14: Ejecución y administración de procesos | F14: 1. Intereses indebidos para la vinculación de talento humano. | G14: RC-08 | H14: Posibilidad de afectación reputacional por expedición de certificados experiencia e idoneidad sin el lleno de requisitos con el fin de beneficio propio o de un tercero | I14: 1. Investigaciones disciplinarias. | J14: Diaria | K14: 0 | L14: 0 | M14: NA | N14: 0 | O14: El riesgo afecta la imagen de algún área de la organización | P14: 0.2 | Q14: NA | R14: 0 | S14: NA | T14: Integridad | U14: Verificación de certificados de estudios y experiencia. | V14: El responsable de la Unidad de Talento Humano cada vez que se deba expedir un certificado de experiencia e idoneidad, debe verificar los certificados de estudios (tarjetas profesionales y diplomas presentadas por el aspirante), así como la experiencia relacionada con el objeto del contrato. | W14: Preventivo | X14: 0.25 | Y14: Manual | Z14: 0.15 | AA14: 0.4 | AB14: Confiable | AC14: NO | AE14: Sin documentar | AG14: 1 | AH14: Documentar el proceso de expedición de certificados de experiencia e idoneidad. | AI14: 44805 | AJ14: 44925 | AL14: 44620 | AN14: a | AO14: Se cumplió a corte 31 de enero de 2022. | AQ14: 44742 | AR14: El responsable de expedir un certificado de experiencia e idoneidad, verifica y valida los certificados de estudios y diplomas presentados y demas informacion que se deba tener en cuenta para realizar dichos certificados, para trabajadores oficiales y publicos se tiene en cuenta los manuales de funciones y en el caso de contratistas se tiene en cuenta la experiencia relacionada con el objeto del contrato. | AS14: Certificados expedidos | AT14: 44804 | AU14: El responsable de expedir un certificado de experiencia e idoneidad, verifica y valida los certificados de estudios y diplomas presentados y demas informacion que se deba tener en cuenta para realizar dichos certificados, para trabajadores oficiales y publicos se tiene en cuenta los manuales de funciones y en el caso de contratistas se tiene en cuenta la experiencia relacionada con el objeto del contrato. | AV14: Certificados expedidos | AW14: 44865 | AX14: El responsable de expedir un certificado de experiencia e idoneidad, verifica y valida los certificados de estudios y diplomas presentados y demas informacion que se deba tener en cuenta para realizar dichos certificados, para trabajadores oficiales y publicos se tiene en cuenta los manuales de funciones y en el caso de contratistas se tiene en cuenta la experiencia relacionada con el objeto del contrato. | AY14: Certificados expedidos | AZ14: 44926
A15: NO | B15: Gestión Financiera y Contable | C15: Corrupción | D15: Talento humano | E15: Fraude interno | F15: 1. Hurto intencionado por parte de funcionarios y/o terceros. 2. Filtración de información de seguridad en las combinaciones de la cajas fuertes. 3. Falta de controles adecuados en el manejo de los tokens, claves bancarias y seguridad en la custodia de los títulos valores. | G15: RC-09 | H15: Posibilidad de afectación económica y reputacional por pérdida de títulos de valor y/o recursos en depósitos en cuentas bancarias en entidades financieras, con el fin de un beneficio propio o de terceros | I15: 1. Reposición de título valor por pérdida 2. Uso no autorizado de títulos valor 3. Pérdida de recursos 4. Procesos disciplinarios y fiscales 5. Hallazgos de entes de control | J15: Semanal | K15: 0 | L15: =IF(J15="Diaria",+(K15/360),IF(J15="Semanal",+(K15/52),IF(J15="Mensual",+(K15/12),IF(J15="Bimestral",+(K15/6),IF(J15="Trimestral",+(K15/4),IF(J15="Semestral",+(K15/2),IF(J15="Anual",+(K15/1),""))))))) -> 0 | M15: Entre el 1% y el 3% del patrimonio de la Lotería de Bogotá | N15: =IF(M15="Menor al 1% del patrimonio de la Lotería de Bogotá",20%,IF(M15="Entre el 1% y el 3% del patrimonio de la Lotería de Bogotá",40%,IF(M15="Entre el 3% y el 6% del patrimonio de la Lotería de Bogotá",60%,IF(M15="Entre el 6% y el 10% del patrimonio de la Lotería de Bogotá",80%,IF(M15="Mayor al 10% del patrimonio de la Lotería de Bogotá",100%,IF(M15="NA",0%,"")))))) -> 0.4 | O15: El riesgo afecta la imagen de la entidad internamente, de conocimiento general nivel interno, de junta directiva y accionistas y/o de proveedores | P15: =IF(O15="El riesgo afecta la imagen de algún área de la organización",20%,IF(O15="El riesgo afecta la imagen de la entidad internamente, de conocimiento general nivel interno, de junta directiva y accionistas y/o de proveedores",40%,IF(O15="El riesgo afecta la imagen de la entidad con algunos usuarios de relevancia frente al logro de los objetivos",60%,IF(O15="El riesgo afecta la imagen de la entidad con efecto publicitario sistenido a nivel de sector administrativo, nivel departamental o municipal",80%,IF(O15="El riesgo afecta la imagen de la entidad a nivel nacional, con efecto publicitario sistenido a nivel país",100%,IF(O15="NA",0%,"")))))) -> 0.4 | Q15: NA | R15: =IF(Q15="Interrupción de la operación por menos de un día",20%,IF(Q15="Interrupción de la operación por un día completo",40%,IF(Q15="Interrupción de la operación mayor a 1 día y menor a 2 días",60%,IF(Q15="Interrupción de la operación por dos días completos",80%,IF(Q15="Interrupción de la operación por más de dos días",100%,IF(Q15="NA",0%,"")))))) -> 0 | S15: Servicios | T15: Confidencialidad | U15: =+MAX(N15,P15,R15) -> 0.4 | V15: =IF(L15<=20%,"Muy baja",IF(L15<=40%,"Baja",IF(L15<=60%,"Media",IF(L15<=80%,"Alta",IF(L15<=100%,"Muy alta",IF(L15>=100%,"Muy alta","")))))) -> Muy baja | W15: =+IFERROR(VLOOKUP(V15,Fórmula!$F$1:$G$6,2,FALSE),"") -> 0.2 | X15: Moderado | Y15: =+IFERROR(VLOOKUP(X15,Fórmula!$H$1:$I$6,2,FALSE),"") -> 0.6 | Z15: =+IFERROR(VLOOKUP(V15&X15,Fórmula!$C$2:$D$26,2,FALSE),"") -> Moderado | AA15: =IF(Z15="Bajo",25%,IF(Z15="Moderado",50%,IF(Z15="Alto",75%,IF(Z15="Extremo",100%,"")))) -> 0.5 | AB15: La periodicidad se estableció en semanal, y nivel de ocurrencia cero, ya que el riesgo no se ha materializado. En afectación económica es menor debido a que podría llegar a afectar la disponibilidad de recursos de la entidad. La afectación reputacional también es menor, debido a las instancias donde se afectaría la imagen de la Lotería de Bogotá. | AC15: Token de acceso a portales bancarios guardados en bóveda de seguridad | AD15: El Representante legal debe tramitar ante el banco la solicitud de administracion de portal y con este servicio se asignan tokens de seguridad para acceso a los portales bancarios. El tesorero guarda estos tokens en la boveda de seguridad todos dias al finalizar la labor. El Tesorero es el único funcionario con la autorización suficiente para el uso de los tokens de seguridad de cada entidad financiera. | AE15: Preventivo | AF15: =IF(AE15="Preventivo",25%,IF(AE15="Detectivo",15%,IF(AE15="Correctivo",10%,""))) -> 0.25 | AG15: Manual | AH15: =IF(AG15="Manual",15%,IF(AG15="Automático",25%,"")) -> 0.15 | AI15: =+AH15+AF15 -> 0.4 | AJ15: Confiable | AK15: SI | AL15: Con el fin de evitar la interrupción de la operación del proceso, el tesorero(a) entregará al Jefe de la Unidad Financiera y Contable un sobre sellado con la relación de tokens y clave de las bóvedas de seguridad, que se utilizará en caso de fuerza mayor, quién será el responsable del manejo de esta información. | AM15: Documentado | AN15: Procedimiento gestión de egresos PRO-310-246-9 Protocolo de seguridad y manejo de las cuentas | AO15: Continua | AP15: Diario | AQ15: Se cuenta con carpeta que contiene información sobre los tokens con que cuenta tesorería. | AR15: Asignado | AS15: Tesorero(a) Jefe de la Unidad Financiera y Contable | AT15: Adecuado | AU15: =+AA15*AI15 -> 0.2 | AV15: =+AA15-AU15 -> 0.3 | AW15: =+IF(C15="Corrupción","Moderado",IF(AV17<=25%,"Bajo",IF(AV17<=50%,"Moderado",IF(AV17<=75%,"Alto",IF(AV17>75%,"Extremo",""))))) -> Moderado | AX15: Mitigar | AY15: 1 | AZ15: Dar cumplimiento al Protocolo de seguridad y manejo de las cuentas | BA15: Tesorero(a) Auxiliar Administrativo de Tesorería Jefe Unidad Financiera y Contable | BB15: 44562 | BC15: 44926 | BD15: Soportes de implementación del Protocolo de seguridad y manejo de las cuentas | BE15: 44620 | BF15: Para el primer bimestre se ha dado cumplimiento al protocolo de seguridad y manejo de las cuentas de acuerdo a los parámetros establecidos. | BG15: 44681 | BH15: En el Segundo bimestre se da cumplimiento al protocolo de seguridad y manejo de las cuentas bancarias. (Ver protocolo de seguridad) | BI15: https://loteriadbogota.sharepoint.com/:f:/s/CARPETASCOMPARTIDAS/EtpHiyFHPPpCp9pArybH5qgBO_ZONfR1jTQXUJHgnKDcHQ?e=68MEC7 | BJ15: 44742 | BK15: I. No se materializo el riesgo en el periodo de Julio a Agosto.II.Para este el periodo se realizan las actividades ya establecidas . III.se da cumplimiento al protocolo de seguridad y manejo de las cuentas. | BL15: https://loteriadbogota.sharepoint.com/:b:/s/CARPETASCOMPARTIDAS/EaoyCVeskS1LhCi9MI_Ims0BY8h5-TAc3FRZrugATI3nFw?e=Qfw28n | BM15: 44804 | BN15: I. Nose materializo elo riesgo en el periodo de Septiembre a Octubre . II. Para este periodo se realizan las actividades ya establecidas. III. Se da cumplimiento al protocolo de seguridaday manejo de las cuentas. | BO15: https://loteriadbogota.sharepoint.com/:f:/s/CARPETASCOMPARTIDAS/EldmcAembrtGqRQ-Libedi0BbSMv_yd--CQfbn6uJRep_A?e=mPEqub | BP15: 44865 | BS15: 44926
AC16: Bovedas de seguridad para custodia de documentos | AD16: Se cuenta con dos cajas fuertes, una en la Oficina de la Tesorería General, y la segunda en la Oficina del Auxiliar de Tesorería, y cada uno maneja y conoce la clave de la caja fuerte de su oficina, esas claves son conocidas únicamente por estos responsables. El Auxiliar administrativo asignado a la tesoreria tiene acceso a la bóveda donde se custodian: premios en proceso de pago, chequeras en uso, sello seco para los cheques y documentos bancarios que lo ameriten. La bóveda asignada a la o el Tesorera (o) se custodia: token, claves, titulos valor, cdt, cheques, billetes en proceso de investigación de fraude, tarjetas bonos para estímulo de ventas. | AE16: Preventivo | AF16: =IF(AE16="Preventivo",25%,IF(AE16="Detectivo",15%,IF(AE16="Correctivo",10%,""))) -> 0.25 | AG16: Manual | AH16: =IF(AG16="Manual",15%,IF(AG16="Automático",25%,"")) -> 0.15 | AI16: =+AH16+AF16 -> 0.4 | AJ16: Confiable | AK16: SI | AL16: Con el fin de evitar la interrupción de la operación del proceso, el tesorero(a) entregará al Jefe de la Unidad Financiera y Contable un sobre sellado con la relación de tokens y clave de las bóvedas de seguridad, que se utilizará en caso de fuerza mayor, quién será el responsable del manejo de esta información. | AM16: Documentado | AN16: Protocolo de seguridad y manejo de las cuentas | AO16: Continua | AP16: Diario | AQ16: Protocolo de seguridad y manejo de las cuentas, apartado sobre cajas de seguridad. | AR16: Asignado | AS16: Tesorero(a) Auxiliar Administrativo de Tesorería Jefe de la Unidad Financiera y Contable | AT16: Adecuado | AU16: =+AV15*AI16 -> 0.12 | AV16: =+AV15-AU16 -> 0.18 | AY16: 2 | AZ16: Diseñar e implementar un formato de Relación de Tokens manejo Tesorería | BA16: Tesorera | BB16: 44562 | BC16: 44772 | BD16: Formato de Relación de Tokens manejo Tesorería | BE16: 44620 | BF16: El formato se creó en la vigencia 2021, FRO-310-424-1, está vigente. Frente a las cajas fuertes, cada una tiene sus contraseñas, y las claves solo las conocen la tesorera y el auxiliar de tesorería, los controles se han ejecutado acorde a lo programado, no se ha materializado el riesgo. | BG16: 44681 | BH16: Se tiene actualizado la relación de los tokens segun formato FRO-310-424-1. Se cuenta con dos cajas fuertes Una en la oficina de tesoreria y otra en la oficina del auxiliar de de tesoreria. Cada uno maneja la clave de caja fuerte de acuerdo a los controles relacionados en el protocolo de seguridad y manejo de las cuentas.(ver protocolo de segurisad y formato FRO-310-424-1) | BI16: https://loteriadbogota.sharepoint.com/:f:/s/CARPETASCOMPARTIDAS/EtpHiyFHPPpCp9pArybH5qgBO_ZONfR1jTQXUJHgnKDcHQ?e=68MEC7 | BJ16: 44742 | BK16: I. No se ha materilizado el riesgo en el perido de julio a Agosto. II se lleva control en formato en excel del inventario diario de los tokens. III se tiene actualizada la relación de Tokens, según formato FRO 310-424-1 .Se tienen dos cajas fuertes una en la Oficina del tesorero y la otra en la oficina del auxiliar de tesoreria. Cada uno maneja sus claves y se da aplicabilidad de los controles establecidos en el protocolo de seguridad y manejo de las cuentas. | BL16: https://loteriadbogota.sharepoint.com/:f:/s/CARPETASCOMPARTIDAS/EjOS3yPNLmxKoUEzGo38kY0Bce5DAzrKvpIOjs4P6bvZig?e=Xp3IrX | BM16: 44804 | BN16: I. No se ha materilizado el riesgo en el perido de septiembre a Octubre . II se lleva control en formato en excel del inventario diario de los tokens, relacion de los meses Septiembre y Octubre . III se tiene actualizada la relación de Tokens, según formato FRO 310-424-1 .Se tienen dos cajas fuertes una en la Oficina del tesorero y la otra en la oficina del auxiliar de tesoreria. Cada uno maneja sus claves y se da aplicabilidad de los controles establecidos en el protocolo de seguridad y manejo de las cuentas. | BO16: https://loteriadbogota.sharepoint.com/:f:/s/CARPETASCOMPARTIDAS/En5AA0HOxvZCmEHUTNAjAHMBECLUKVdzvpmQO86IX9Ihjg?e=GK2FpU | BP16: 44865 | BS16: 44926
AC17: Inventario mensual de títulos valores (cheques, CDT) | AD17: Mensualmente el tesorero(a) realiza inventario de los CDTS en custodia y junto con el auxiliar de tesorería elaboran actas con el inventario de cheques. Dentro de estas actas se relacionan: el banco, la cuenta y el numero de cheque con su intervalo. El acta debe estar firmada por los dos involucrados relacionando fecha y hora de la actividad. | AE17: Preventivo | AF17: =IF(AE17="Preventivo",25%,IF(AE17="Detectivo",15%,IF(AE17="Correctivo",10%,""))) -> 0.25 | AG17: Manual | AH17: =IF(AG17="Manual",15%,IF(AG17="Automático",25%,"")) -> 0.15 | AI17: =+AH17+AF17 -> 0.4 | AJ17: =+AJ14 -> 44925 | AK17: =+AK14 -> 0 | AL17: Si existe perdida de algún título valor se debe solicitar al banco el no pago del título valor y seguir el protocolo establecido por el banco. | AM17: Documentado | AN17: Protocolo de seguridad y manejo de las cuentas | AO17: Continua | AP17: Mensual | AQ17: Acta control de cheques | AR17: =+AR14 -> El responsable de expedir un certificado de experiencia e idoneidad, verifica y valida los certificados de estudios y diplomas presentados y demas informacion que se deba tener en cuenta para realizar dichos certificados, para trabajadores oficiales y publicos se tiene en cuenta los manuales de funciones y en el caso de contratistas se tiene en cuenta la experiencia relacionada con el objeto del contrato. | AS17: Tesorero(a) Auxiliar Administrativo de Tesorería Jefe de la Unidad Financiera y Contable | AT17: =+AT14 -> 44804 | AU17: =+AV16*AI17 -> 0.072 | AV17: =+AV16-AU17 -> 0.108 | AY17: 3 | AZ17: Elaborar el Inventario mensual de títulos valores (cheques, CDT) | BA17: Tesorero(a) Auxiliar Administrativo de Tesorería | BB17: 44562 | BC17: 44926 | BD17: Inventario mensual de títulos valores | BE17: 44620 | BF17: Se lleva la relación mensual de los titulos valores (cheques, CDT), los titulos valores CDT que se reciben en custodia como garantía de los distribuidores, se mantienen en la caja fuerte de la oficina de tesoreria. | BG17: 44681 | BH17: Se establecio prodecimiento para custodia de garantias en tesoreria como respaldo al contrato de distribuidores PRO 310-470-1, lleva el control y relación de los titulos valores, los titulos valores CDTS qu se mantinene en la caja fuerte de la oficina de tesoreria.(Ver prodedimiento PRO-310-470-1) | BI17: https://loteriadbogota.sharepoint.com/:f:/s/CARPETASCOMPARTIDAS/EtpHiyFHPPpCp9pArybH5qgBO_ZONfR1jTQXUJHgnKDcHQ?e=68MEC7 | BJ17: 44742 | BK17: i. No se ha materializado el riesgo en el periodo de Julio Agosto .ii se da cumplimiento al procedimiento para custodia de los titulos recibidos en Garantia por la oficina de tesoreria, (formato (procedmiento PRO-310-470-1 .)iii. se lleva relación mensual de titulos valores CDTS .Que se encuentran custodiados en la caja fuerte de la oficina del tesorero. | BL17: https://loteriadbogota.sharepoint.com/:f:/s/CARPETASCOMPARTIDAS/Eg66LdMRGPhIhIzpqtfPpMcBbcYqV8f8SiJ2_wyyjY7REw?e=8ANQoe | BM17: 44804 | BN17: i. No se ha materializado el riesgo en el periodo de Septiembre-Octubre .ii se da cumplimiento al procedimiento para custodia de los titulos recibidos en Garantia por la oficina de tesoreria, (formato (procedmiento PRO-310-470-1 .)iii. se lleva relación mensual de titulos valores CDTSue se encuentran custodiados en la caja fuerte de la oficina del tesorero se anexa reacion de los meses de Septiembre y Octubre, se envia relción a contabilidad para los registros pertinentes . | BO17: https://loteriadbogota.sharepoint.com/:f:/s/CARPETASCOMPARTIDAS/EsZ5nRakQydAhyvCxddWIrYBaFzmTVAjmpjs3g8J7coNKg?e=HssMvy | BP17: 44865 | BS17: 44926
A18: NO | B18: Gestión de Bienes y Servicios | C18: Corrupción | D18: Talento humano | E18: Fraude interno | F18: 1. Inadecuado control de inventarios 2. Inadecaudo sitio de almacenamiento 3. Falta de mantenimiento a los bienes 4. Incumplimiento de las condiciones de manipulación y almacenamiento de los bienes 5. Sustracción no autorizada de elementos | G18: RC-10 | H18: Posibilidad de afectación económica por la pérdida o deterioro de elementos o bienes de la Lotería con el fin de ocasionar daño o beneficio a terceros. | I18: 1. Perjuicios economicos para la entidad 2. Incumplimiento en las entregas 3. Procesos disciplinarios 4. Procesos penales | J18: Trimestral | K18: 0 | L18: =IF(J18="Diaria",+(K18/360),IF(J18="Mensual",+(K18/12),IF(J18="Bimestral",+(K18/6),IF(J18="Trimestral",+(K18/4),IF(J18="Semestral",+(K18/2),IF(J18="Anual",+(K18/1),"")))))) -> 0 | M18: Menor al 1% del patrimonio de la Lotería de Bogotá | N18: =IF(M18="Menor al 1% del patrimonio de la Lotería de Bogotá",20%,IF(M18="Entre el 1% y el 3% del patrimonio de la Lotería de Bogotá",40%,IF(M18="Entre el 3% y el 6% del patrimonio de la Lotería de Bogotá",60%,IF(M18="Entre el 6% y el 10% del patrimonio de la Lotería de Bogotá",80%,IF(M18="Mayor al 10% del patrimonio de la Lotería de Bogotá",100%,IF(M18="NA",0%,"")))))) -> 0.2 | O18: NA | P18: =IF(O18="El riesgo afecta la imagen de algún área de la organización",20%,IF(O18="El riesgo afecta la imagen de la entidad internamente, de conocimiento general nivel interno, de junta directiva y accionistas y/o de proveedores",40%,IF(O18="El riesgo afecta la imagen de la entidad con algunos usuarios de relevancia frente al logro de los objetivos",60%,IF(O18="El riesgo afecta la imagen de la entidad con efecto publicitario sistenido a nivel de sector administrativo, nivel departamental o municipal",80%,IF(O18="El riesgo afecta la imagen de la entidad a nivel nacional, con efecto publicitario sistenido a nivel país",100%,IF(O18="NA",0%,"")))))) -> 0 | Q18: NA | R18: =IF(Q18="Interrupción de la operación por menos de un día",20%,IF(Q18="Interrupción de la operación por un día completo",40%,IF(Q18="Interrupción de la operación mayor a 1 día y menor a 2 días",60%,IF(Q18="Interrupción de la operación por dos días completos",80%,IF(Q18="Interrupción de la operación por más de dos días",100%,IF(Q18="NA",0%,"")))))) -> 0 | S18: Hardware y software | T18: Disponibilidad | U18: =+MAX(N18,P18,R18) -> 0.2 | V18: =IF(L18<=20%,"Muy baja",IF(L18<=40%,"Baja",IF(L18<=60%,"Media",IF(L18<=80%,"Alta",IF(L18<=100%,"Muy alta",IF(L18>=100%,"Muy alta","")))))) -> Muy baja | W18: =+IFERROR(VLOOKUP(V18,Fórmula!$F$1:$G$6,2,FALSE),"") -> 0.2 | X18: Moderado | Y18: =+IFERROR(VLOOKUP(X18,Fórmula!$H$1:$I$6,2,FALSE),"") -> 0.6 | Z18: Moderado | AA18: =IF(Z18="Bajo",25%,IF(Z18="Moderado",50%,IF(Z18="Alto",75%,IF(Z18="Extremo",100%,"")))) -> 0.5 | AB18: Se definió la probabilidad de carácter trimestral debido a que la ejecución de los controles que ejecuta el almacenista tiene esa periodicidad. Se definió en cero el nivel de ocurrencia por año, debido a que el riesgo no se ha materializado en los últimos seis años. La afectación económica en ningún caso llega a calcularse en el 1% del patrimonio de la Lotería de Bogotá, razón por la cual se estableció en leve. | AC18: El almacenisma trimestralmente verificará las existencias de consumo y publicidad a través del aplicativo en el cual se relacionan las cantidades existentes por sistema de cada elemento de consumo, y se confronta con el físico de la bodega del sotano del almacén y el almacén de los promocionales. La almacenista realiza control de consumo por área de acuerdo al historíco de consumo. Si existen desviaciones del control, el Almacenista se debe informar por correo electrónico al jefe del area sobre las diferencias detectadas y se debe identificar las causas del descuadre. Realizando un análisis de la trazabilidad de los movimientos. El soporte del control son los listados de existencias. | AD18: El almacenisma trimestralmente debe emitir un listado de existencias a través del aplicativo en el cual se relacionan las cantidades existentes por sistema de cada elemento de consumo, y se confronta con el físico de la bodega del sotano del almacén y el almacén de los promocionales. La almacenista realiza control de consumo por área de acuerdo al historíco de consumo. | AE18: Preventivo | AF18: =IF(AE18="Preventivo",25%,IF(AE18="Detectivo",15%,IF(AE18="Correctivo",10%,""))) -> 0.25 | AG18: Manual | AH18: =IF(AG18="Manual",15%,IF(AG18="Automático",25%,"")) -> 0.15 | AI18: =+AH18+AF18 -> 0.4 | AJ18: Confiable | AK18: SI | AL18: Se debe informar por correo electrónico al jefe del area sobre las diferencias detectadas y se debe identificar las causas del descuadre. Realizando un análisis de la trazabilidad de los movimientos. | AM18: Documentado | AN18: Procedimiento de administración de bienes y/o elementos devolutivos PRO.330.238 | AO18: Continua | AP18: Trimestral | AQ18: Listados de existencias | AR18: Asignado | AS18: Almacenista Jefe Unidad de bienes y servicios | AT18: Adecuado | AU18: =+AI18*AA18 -> 0.2 | AV18: =+AA18-AU18 -> 0.3 | AW18: =+IF(C18="Corrupción","Moderado",IF(AV22<=25%,"Bajo",IF(AV22<=50%,"Moderado",IF(AV22<=75%,"Alto",IF(AV22>75%,"Extremo",""))))) -> Moderado | AX18: Mitigar | AY18: 1 | AZ18: La Almacenista de manera aleatoria verificará los bienes a cargo de funcionarios de la entidad | BA18: Jefe Unidad de Recursos Físicos - Almacenista - CIGYD | BB18: 44805 | BC18: 44926 | BD18: Inventario firmado Acta de verificación | BE18: 44620 | BG18: 44681 | BJ18: 44742 | BM18: 44804 | BN18: 1. Materialización de riesgo 2. Ejecución de controles 3. Ejecución de actividades del plan de acción si aplica | BP18: 44865 | BS18: 44926
AC19: El almacenisma anualmente (enero con corte 31 de diciembre) debe realizar la verificación de existencias en almacén y el inventario individual de cada funcionario través del aplicativo. El individiual se envia por email a cada funcionario con el fin de verificar que la relacion corresponda a la realidad y se confronta con el físico de la bodega del sotano del almacén y el almacén de los promocionales. Si se detectan desviaciones en la ejecución del control, se debe informar por correo electrónico al jefe del area sobre las diferencias detectadas y se debe identificar las causas del descuadre. Realizando un análisis de la trazabilidad de los movimientos. Se otorga un plazo (3 días) para que el funcionario ubique el elemento, el almacenista debe informar a Secretaría General para iniciar un proceso disciplinario. Como soporte del control, la evidencia son los listados de existencias, actas de verificación, e inventarios individuales firmados por los funcionarios. | AD19: El almacenisma anualmente (enero con corte 31 de diciembre) debe emitir un listado de existencias en almacén y el inventario individual de cada funcionario través del aplicativo. El individiual se envia por email a cada funcionario con el fin de verificar que la relacion corresponda a la realidad y se confonta con el físico de la bodega del sotano del almacén y el almacén de los promocionales. | AE19: Preventivo | AF19: =IF(AE19="Preventivo",25%,IF(AE19="Detectivo",15%,IF(AE19="Correctivo",10%,""))) -> 0.25 | AG19: Manual | AH19: =IF(AG19="Manual",15%,IF(AG19="Automático",25%,"")) -> 0.15 | AI19: =+AH19+AF19 -> 0.4 | AJ19: Confiable | AK19: SI | AL19: Se debe informar por correo electrónico al jefe del area sobre las diferencias detectadas y se debe identificar las causas del descuadre. Realizando un análisis de la trazabilidad de los movimientos. SE le da el tiempo (3 días) para que el funcionario para que ubique el elemento. el almacenista debe informar a secretaria para iniociar un proceso disciplinario | AM19: Documentado | AN19: Procedimiento de inventario PRO.330.240 | AO19: Continua | AP19: Anual | AQ19: Listados de existencias Acta de verificación Inventarios individuales firmados por los funcionarios. | AR19: Asignado | AS19: Almacenista Jefe Unidad de Recursos Físicos | AT19: Adecuado | AU19: =+AV18*AI19 -> 0.12 | AV19: =+AV18-AU19 -> 0.18 | AY19: 2 | AZ19: La Almacenista enviará los inventarios individuales de manera semestral a todos los funcionarios de la entidad. | BA19: Jefe Unidad de Recursos Físicos | BB19: 44805 | BC19: 44926 | BD19: Inventarios individuales enviados por correo institucional. | BE19: 44620 | BG19: 44681 | BJ19: 44742 | BM19: 44804 | BP19: 44865 | BS19: 44926
AC20: El Almacenista, cada vez que un funcionario presente alguna de las siguientes situaciones administrativas: 1.Vacaciones, 2. Traslados, 3. Retiros, verifica el inventario entregado por el funcionario asignado en el aplicativo. Si se identifica desviación del control, se otorga el plazo (3 días) para que el funcionario ubique el elemento, el almacenista debe informar a Secretaría General para iniciar un proceso disciplinario Como soporte de la ejecución del control, resulta: acta de entrega para traslado y vacaciones, formato para retiro de funcionarios y contratistas. | AD20: Cada vez que un funcionario tiene una de estas novedades debe entregar el inventario a su cargo, se emite el listado del aplicativo se verifica la existencia y se firma. Acta de entrega para traslado y vacaciones paz y salvo para retiro. | AE20: Preventivo | AF20: =IF(AE20="Preventivo",25%,IF(AE20="Detectivo",15%,IF(AE20="Correctivo",10%,""))) -> 0.25 | AG20: Manual | AH20: =IF(AG20="Manual",15%,IF(AG20="Automático",25%,"")) -> 0.15 | AI20: =+AH20+AF20 -> 0.4 | AJ20: Confiable | AK20: SI | AL20: Se le da el tiempo (3 días) para que el funcionario para que ubique el elemento. el almacenista debe informar a secretaria para iniociar un proceso disciplinario | AM20: Documentado | AN20: Procedimiento de inventario PRO.330.240 | AO20: Aleatoria | AP20: Cada vez que suceda la novedad | AQ20: Paz y salvo | AR20: Asignado | AS20: Almacenista Jefe Unidad de Recursos Físicos | AT20: Adecuado | AU20: =+AV19*AI20 -> 0.072 | AV20: =+AV19-AU20 -> 0.108 | AY20: 3 | BA20: Almacenista Jefe Unidad de Recursos Físicos | BB20: 44562 | BC20: 44926 | BE20: 44620 | BG20: 44681 | BJ20: 44742 | BM20: 44804 | BP20: 44865 | BS20: 44926
AC21: El personal de seguridad de manera constante monitorea las cámaras del CCTV. En recepción debe permanentemente evidenciar que las camaras esten grabando y debe informar telefonicamente la novedad. Anualmente se realiza una verificación de funcionamiento por la empresa de vigilancia, sitio correcto y radar de alcance de cada cámara. El mantenimiento está a cargo de la Lotería de Bogotá. CCTV en el almacén (entrada, interior con sensor de movimiento) y el resto de las instalaciones de la Entidad. El DVR del CCTV se encuentra el el centro de computo de sistemas (control de acceso), cuenta con una capacidad de almacenamiento 30 dias aprox dependiendo del volumen (Variabilidad de grabación de las cámaras del sensor de movimiento). Si se detectan desviaciones en el control, la Unidad de Recursos Físicos debe ajustar las cámaras que no esten grabando Se debe realizar solicitud y autorización de los arreglos. Como soporte de la ejecución del control resulta el soporte de mantenimiento preventivo realizado por la Lotería de Bogotá. | AD21: El DVR del CCTV se encuentra el el centro de computo de sistemas (control de acceso) y es vigilado permanentemente por el personal de seguridad (pantalla). Capacidad de almacenamiento 30 dias aprox dependiendo del volumen (Variabilidad de grabación de las cámaras del sensor de movimiento). En recepción debe permanentemente evidenciar que las camaras esten grabando y debe informar telefonicamente la novedad. Anualmente se realiza una verificación de funcionamiento por la empresa de vigilancia, sitio correcto y radar de alcance de cada cámara. El mantenimiento está a cargo de la Lotería de Bogotá. | AE21: Preventivo | AF21: =IF(AE21="Preventivo",25%,IF(AE21="Detectivo",15%,IF(AE21="Correctivo",10%,""))) -> 0.25 | AG21: Manual | AH21: =IF(AG21="Manual",15%,IF(AG21="Automático",25%,"")) -> 0.15 | AI21: =+AH21+AF21 -> 0.4 | AJ21: Confiable | AK21: SI | AL21: La Unidad de Recursos Físicos debe ajustar las cámaras que no esten grabando Se debe realizar solicitud y autorización de los arreglos | AM21: Documentado | AN21: Contrato de vigilancia | AO21: Continua | AP21: Permanente | AQ21: Soporte de mantenimiento preventivo realizado por la Lotería de Bogotá. | AR21: Asignado | AS21: Supervisor del contrato de vigilancia | AT21: Adecuado | AU21: =+AV20*AI21 -> 0.0432 | AV21: =+AV20-AU21 -> 0.0648 | AY21: 4 | BA21: Supervisor del contrato de vigilancia | BB21: 44562 | BC21: 44926 | BE21: 44620 | BG21: 44681 | BJ21: 44742 | BM21: 44804 | BP21: 44865 | BS21: 44926
AC22: El jefe de la Unidad de Recursos Físicos anualmente debe verifica la elaboración del contrato de seguros con el fin de proteger los bienes patrimoniales de la entidad, muebles e inmuebles, maquinaria y equipos. Se gestionan las siguientes pólizas: 1. Todo Riesgo daños combinados, 2. Poliza de manejo, 3. Poliza contra hurto. Si se detectan desviaciones en la ejecución del control, si hay compra de nuevos bienes o pérdida de elementos, se debe informar a la aseguradora para los fines pertinentes. Como soporte de la ejecución del control resultan las pólizas físicas, copia digital en la red de la Unidad de Recursos Físicos. | AD22: Anualmente el jefe de recursos físicos debe gestionar la elaboración del contrato de seguros con el fin de proteger los bienes patrimoniales de la entidad. Muebles e inmeubles maquinaria y equipos | AE22: Preventivo | AF22: =IF(AE22="Preventivo",25%,IF(AE22="Detectivo",15%,IF(AE22="Correctivo",10%,""))) -> 0.25 | AG22: Manual | AH22: =IF(AG22="Manual",15%,IF(AG22="Automático",25%,"")) -> 0.15 | AI22: =+AH22+AF22 -> 0.4 | AJ22: Confiable | AK22: SI | AL22: Compra de nuevos bienes factura y entrada elaborar memorando a la compañía de seguros para expedir una adición a la políza y realizan el cobro respectivo Perdida de una elemento informar adjuntar copia del denuncio y se inicia el proceso de igual o mejor. | AM22: Documentado | AN22: Procedimiento de administración de bienes y/o elementos devolutivos PRO.330.238 | AO22: Continua | AP22: Anual | AQ22: Polizas físicas copia digital en la red de RF | AR22: No Asignado | AS22: Jefe Unidad de Recursos Físicos | AT22: Adecuado | AU22: =+AV21*AI22 -> 0.02592 | AV22: =+AV21-AU22 -> 0.03888 | AY22: 5 | BA22: Jefe Unidad de Recursos Físicos | BB22: 44562 | BC22: 44926 | BE22: 44620 | BG22: 44681 | BJ22: 44742 | BM22: 44804 | BP22: 44865 | BS22: 44926
A23: NO | B23: Gestión de Bienes y Servicios | C23: Corrupción | D23: Talento humano | E23: Fraude interno | F23: 1. Desconocimiento por parte del supervisor de sus deberes y las obligaciones del contratista. 2. Omisión de requisitos para favorecer un tercero 3. Falta de claridad en los entregables y obligaciones del proveedor o contratista 4. Falta de seguimiento y control al trabajo que debe reportar el contratista a los supervisores | G23: RC-11 | H23: Posibilidad de realizar inadecuada supervisión de contratos con el fin de favorecer a un tercero. | I23: 1. Incumplimiento contractual 2. Perjuicios económicos para la entidad 3. Desgaste administrativo 4. Procesos disciplinarios 5. Procesos jurídicos | J23: Mensual | K23: 2 | L23: =IF(J23="Diaria",+(K23/360),IF(J23="Mensual",+(K23/12),IF(J23="Bimestral",+(K23/6),IF(J23="Trimestral",+(K23/4),IF(J23="Semestral",+(K23/2),IF(J23="Anual",+(K23/1),"")))))) -> 0.16666667 | M23: Menor al 1% del patrimonio de la Lotería de Bogotá | N23: =IF(M23="Menor al 1% del patrimonio de la Lotería de Bogotá",20%,IF(M23="Entre el 1% y el 3% del patrimonio de la Lotería de Bogotá",40%,IF(M23="Entre el 3% y el 6% del patrimonio de la Lotería de Bogotá",60%,IF(M23="Entre el 6% y el 10% del patrimonio de la Lotería de Bogotá",80%,IF(M23="Mayor al 10% del patrimonio de la Lotería de Bogotá",100%,IF(M23="NA",0%,"")))))) -> 0.2 | O23: El riesgo afecta la imagen de la entidad internamente, de conocimiento general nivel interno, de junta directiva y accionistas y/o de proveedores | P23: =IF(O23="El riesgo afecta la imagen de algún área de la organización",20%,IF(O23="El riesgo afecta la imagen de la entidad internamente, de conocimiento general nivel interno, de junta directiva y accionistas y/o de proveedores",40%,IF(O23="El riesgo afecta la imagen de la entidad con algunos usuarios de relevancia frente al logro de los objetivos",60%,IF(O23="El riesgo afecta la imagen de la entidad con efecto publicitario sistenido a nivel de sector administrativo, nivel departamental o municipal",80%,IF(O23="El riesgo afecta la imagen de la entidad a nivel nacional, con efecto publicitario sistenido a nivel país",100%,IF(O23="NA",0%,"")))))) -> 0.4 | Q23: NA | R23: =IF(Q23="Interrupción de la operación por menos de un día",20%,IF(Q23="Interrupción de la operación por un día completo",40%,IF(Q23="Interrupción de la operación mayor a 1 día y menor a 2 días",60%,IF(Q23="Interrupción de la operación por dos días completos",80%,IF(Q23="Interrupción de la operación por más de dos días",100%,IF(Q23="NA",0%,"")))))) -> 0 | S23: Servicios | T23: NA | U23: =+MAX(N23,P23,R23) -> 0.4 | V23: =IF(L23<=20%,"Muy baja",IF(L23<=40%,"Baja",IF(L23<=60%,"Media",IF(L23<=80%,"Alta",IF(L23<=100%,"Muy alta",IF(L23>=100%,"Muy alta","")))))) -> Muy baja | W23: =+IFERROR(VLOOKUP(V23,Fórmula!$F$1:$G$6,2,FALSE),"") -> 0.2 | X23: Moderado | Y23: =+IFERROR(VLOOKUP(X23,Fórmula!$H$1:$I$6,2,FALSE),"") -> 0.6 | Z23: Moderado | AA23: =IF(Z23="Bajo",25%,IF(Z23="Moderado",50%,IF(Z23="Alto",75%,IF(Z23="Extremo",100%,"")))) -> 0.5 | AB23: La periodicidad se estableció en mensual, debido a que el 90% de los contratos, se ejecutan con periodicidad mensual, el nivel de ocurrencia se definió por debajo de la línea base sugerida de la Política de Administración del Riesgo, ya que no se cuenta con soportes de que el riesgo se haya materializado. Frente al impacto, se estableció la afectación económica en leve, debido al promedio de valor de los contratos, y afectación reputacional en menor, debido a la imagen afectada de la Lotería de Bogotá de manera interna. | AC23: El supervisor conforme a la periodicidad establecida en el contrato y con el fin de verificar el cumplimiento de las obligaciones contractuales, deberá revisar y analizar que los informes presentados por el contratista para el pago, de acuerdo a las estipulaciones contractuales, contengan los productos o documentos que soporten la actividad y sean pertinentes para acreditar el cumplimiento. En caso de indentificar que el informe o la actividad reportada no cumple con las condicionaes pactadas, deberá requerir al contratista para el respectivo ajuste. Una vez verificado el cumpimiento, el supervisor a través del formato dispuesto para el informe de seguimiento contractual, certificará el cumpliento de las obligaciones contractuales. Como soporte de la ejecución del control resulta el Informe de supervisión. | AD23: El supervisor conforme a la periodicidad establecida en el contrato y con el fin de verificar el cumplimiento de las obligaciones contractuales, deberá revisar y analizar que los informes presentados por el contratista para el pago, de acuerdo a las estipulaciones contractuales, contengan los productos o documentos que soporten la actividad y sean pertinentes para acreditar el cumplimiento. En caso de indentificar que el informe o la actividad reportada no cumple con las condicionaes pactadas, deberá requerir al contratista para el respectivo ajuste. Una vez verificado el cumpimiento, el supervisor a través del formato dispuesto para el informe de seguimiento contractual, certificará el cumpliento de las obligaciones contractuales. | AE23: Preventivo | AF23: =IF(AE23="Preventivo",25%,IF(AE23="Detectivo",15%,IF(AE23="Correctivo",10%,""))) -> 0.25 | AG23: Manual | AH23: =IF(AG23="Manual",15%,IF(AG23="Automático",25%,"")) -> 0.15 | AI23: =+AH23+AF23 -> 0.4 | AJ23: Confiable | AK23: SI | AL23: El supervisor de los contratos debe realizar un oficio o correo electrónico sobre el incumplimiento y soporte del mismo, al contratista y al ordenador del gasto, con el fin que se tomen las decisiones y correctivos necesarios. Si se presenta inconsistencia del cumplimiento de las obligaciones contractuales, el supervisor no debe tramitar la cuenta correspondiente. El supervisor debe mantener informado al ordenador del gasto de los hechos o circunstancias que puedan afectar la ejecución del contrato, o que puedan poner o pongan en riesgo el cumplimiento del contrato, o cuando tal incumplimiento se presente. | AM23: Documentado | AN23: Manual contratacion Procedimento seguimiento contractual PRO-03-235-8 | AO23: Continua | AP23: Mensual | AQ23: Informe de supervisión | AR23: Asignado | AS23: Supervisor del contrato | AT23: Adecuado | AU23: =+AI23*AA23 -> 0.2 | AV23: =+AA23-AU23 -> 0.3 | AW23: =+IF(C23="Corrupción","Moderado",IF(AV24<=25%,"Bajo",IF(AV24<=50%,"Moderado",IF(AV24<=75%,"Alto",IF(AV24>75%,"Extremo",""))))) -> Moderado | AX23: Mitigar | AY23: 1 | AZ23: Mantener actualizados los procedimientos de: - Seguimiento Contractual - Manual de Contratación | BA23: Secretaria General | BB23: 44562 | BC23: 44926 | BD23: Procedimientos actualizados cuando se requiera | BE23: 44620 | BG23: 44681 | BJ23: 44742 | BM23: 44804 | BP23: 44865 | BS23: 44926
AC24: La Secretaría General garantizará anualmente la realización de una capacitación dirigida a los supervisores de contratos, en relación con las funciones y responsabilidades de la supervisión con la finalidad de brindar herramientas para el buen ejercicio de la función de supervisión. La capacitación tiene como fin recordar y afianzar conocimiento en el cumplimiento de las obligaciones En caso de inasistencia, se reportará a la Unidad de Talento Humano con la finalidad de generar una acción de mejora respecto de los servidores públicos que no asistieron, dicha capacitación deberá ser evaluada para identificar la apropiación del conocimiento por parte del público objetivo. Como soporte de la ejecución del control, resulta el formato de lista de asistencia de los supervisores presentes junto con la memorias de la capacitación. | AD24: La Secretaría General articulará anualmente la realización de una capacitación dirigida a los supervisores de contratos, en relación con las funciones y responsabilidades de la supervisión con la finalidad de brindar herramientas para el buen ejercicio de la función de supervisión. Se dejará constancia a través del formato de lista de asistencia de los supervisores presentes junto con la memorias de la capacitación. En caso de inasistencia, se reportará a la Unidad de Talento Humano con la finalidad de generar una acción de mejora respecto de los servidores públicos que no asistieron, dicha capacitación deberá ser evaluada para identificar la apropiación del conocimiento por parte del público objetivo. | AE24: Preventivo | AF24: =IF(AE24="Preventivo",25%,IF(AE24="Detectivo",15%,IF(AE24="Correctivo",10%,""))) -> 0.25 | AG24: Manual | AH24: =IF(AG24="Manual",15%,IF(AG24="Automático",25%,"")) -> 0.15 | AI24: =+AH24+AF24 -> 0.4 | AJ24: Confiable | AK24: NO | AM24: Documentado | AN24: Politica de Prevencion del Daño Antijurídico adoptado por el Comité de conciliacion de la Lotería de Bogotá. | AO24: Continua | AP24: Anual | AQ24: Listas de asistencia a la capacitación | AR24: Asignado | AS24: Secretaria General | AT24: Adecuado | AU24: =+AV23*AI24 -> 0.12 | AV24: =+AV23-AU24 -> 0.18 | AY24: 2 | AZ24: Realizar la capacitación | BA24: Secretaria General | BB24: 44562 | BC24: 44926 | BD24: Listados de asistencia | BE24: 44620 | BF24: Se tiene programada máximo para julio 30 de 2022 | BG24: 44681 | BH24: Se tiene programada máximo para julio 30 de 2022. Sin riesgo sin % de avance | BI24: sin | BJ24: 30/0/2022 | BM24: 44804 | BN24: El 10 de mayo de 2022 La Jefe de Talento Humano invitó a capacitación "curso de Formación de Competencias en Supervisión de Contratos Estatales, el cual está incluido en nuestro Plan Institucional de Capacitación." plata forma Las inscripciones deben realizarse en el siguiente link: https://gestionacademica.bogota.gov.co/ga/. es un curso abierto con permanencia . Avance al 100% se convoco al curso y lo están realizando. No se ha materizlizado riesgo | BO24: Constancia_Supervision_Contra.pdf | BP24: 44865 | BQ24: Se realizó capacitacion presencial 06-10-2022. Avence al 100% se convocó no se materializó riesgo. https://loteriadbogota-my.sharepoint.com/:b:/g/personal/claudia_vega_loteriadebogota_com/EcUmnD3C34lPhlqxGdbYC3EBDnWt847KjfJ0-ykgoCs-Rg?e=BEohTa | BR24: https://loteriadbogota-my.sharepoint.com/:f:/g/personal/claudia_vega_loteriadebogota_com/EqD2eiWWv4VEpjj8FHA3600BahqY2Z7TaO76E_1wja3uZQ?e=A1XoXd | BS24: 44926 | BT24: Se realizó capacitacion presencial 06-10-2022. Avence al 100% se convocó no se materializó riesgo. Apliac la evidencia de 31-10-2022
A25: NO | B25: Gestión Documental | C25: Corrupción | D25: Talento humano | E25: Fraude interno | F25: 1. Prestamo de documentación sin el debido registro y control 2. Instalaciones que no cumplan con las normas mínimas de conservación. 3. Desastres naturales en las instalaciones respectivas 4. Malas practicas en la manipulación y organización de los archivos y/o expedientes 5. Falta de recursos (económicos, talento humano, tecnológico) para el cumplimiento de las disposiciones del programa de gestión documental 6. Debilidades en el control de acceso a las zonas de salvaguarda 7. Falta de capacitación y sensibilización en buenas prácticas 8. Intereses personales con beneficio hacia terceros. 9. Fallas en el aplicativo de radicación -SIGA-. | G25: RC-12 | H25: Posibilidad de afectación reputacional por pérdida y/o daño parcial o total de la confidencialidad e integridad de documentos o expedientes en el archivo con el fin de obtener beneficio propio o a un tercero. | I25: 1. Pérdida de la memoria institucional 2. Incumplimiento de las normas sobre archivo. 3. Incumplimiento en la entrega oportuna de información. 4. Apertura de procesos disciplinarios 5. Hallazgos de entes de control | J25: Diaria | K25: 72 | L25: =IF(J25="Diaria",+(K25/360),IF(J25="Mensual",+(K25/12),IF(J25="Bimestral",+(K25/6),IF(J25="Trimestral",+(K25/4),IF(J25="Semestral",+(K25/2),IF(J25="Anual",+(K25/1),"")))))) -> 0.2 | M25: NA | N25: =IF(M25="Menor al 1% del patrimonio de la Lotería de Bogotá",20%,IF(M25="Entre el 1% y el 3% del patrimonio de la Lotería de Bogotá",40%,IF(M25="Entre el 3% y el 6% del patrimonio de la Lotería de Bogotá",60%,IF(M25="Entre el 6% y el 10% del patrimonio de la Lotería de Bogotá",80%,IF(M25="Mayor al 10% del patrimonio de la Lotería de Bogotá",100%,IF(M25="NA",0%,"")))))) -> 0 | O25: El riesgo afecta la imagen de la entidad con algunos usuarios de relevancia frente al logro de los objetivos | P25: =IF(O25="El riesgo afecta la imagen de algún área de la organización",20%,IF(O25="El riesgo afecta la imagen de la entidad internamente, de conocimiento general nivel interno, de junta directiva y accionistas y/o de proveedores",40%,IF(O25="El riesgo afecta la imagen de la entidad con algunos usuarios de relevancia frente al logro de los objetivos",60%,IF(O25="El riesgo afecta la imagen de la entidad con efecto publicitario sistenido a nivel de sector administrativo, nivel departamental o municipal",80%,IF(O25="El riesgo afecta la imagen de la entidad a nivel nacional, con efecto publicitario sistenido a nivel país",100%,IF(O25="NA",0%,"")))))) -> 0.6 | Q25: NA | R25: =IF(Q25="Interrupción de la operación por menos de un día",20%,IF(Q25="Interrupción de la operación por un día completo",40%,IF(Q25="Interrupción de la operación mayor a 1 día y menor a 2 días",60%,IF(Q25="Interrupción de la operación por dos días completos",80%,IF(Q25="Interrupción de la operación por más de dos días",100%,IF(Q25="NA",0%,"")))))) -> 0 | S25: Documental | T25: Confidencialidad e integridad | U25: =+MAX(N25,P25,R25) -> 0.6 | V25: =IF(L25<=20%,"Muy baja",IF(L25<=40%,"Baja",IF(L25<=60%,"Media",IF(L25<=80%,"Alta",IF(L25<=100%,"Muy alta",IF(L25>=100%,"Muy alta","")))))) -> Muy baja | W25: 0.2 | X25: =IF(U25=20%,"Leve",IF(U25=40%,"Menor",IF(U25=60%,"Moderado",IF(U25=80%,"Mayor",IF(U25=100%,"Catastrófico",""))))) -> Moderado | Y25: 0.6 | Z25: Moderado | AA25: =IF(Z25="Bajo",25%,IF(Z25="Moderado",50%,IF(Z25="Alto",75%,IF(Z25="Extremo",100%,"")))) -> 0.5 | AB25: Se estableció el nivel de ocurrencia en 71 siguiendo la línea base de la periodicidad diaria de la Política de Administración del Riesgo de la entidad. Se estableció el nivel de impacto en moderado, bajo el escenario donde el riesgo se materialice con participación de entes de control. | AC25: El responsable de la Unidad de Recursos Físicos una vez se ha aprobado el préstamo documental garantiza el registro en el formato respectivo la información pertinente del prestamo. Para este control no aplican desviaciones, y el soporte de ejecución de control Formato de Control de Préstamos Documentales debidamente diligenciado. | AD25: El responsable de la Unidad de Recursos Físicos una vez se ha aprobado el préstamo documental garantiza el registro en el formato respectivo la información pertinente del prestamo. | AE25: Detectivo | AF25: =IF(AE25="Preventivo",25%,IF(AE25="Detectivo",15%,IF(AE25="Correctivo",10%,""))) -> 0.15 | AG25: Manual | AH25: =IF(AG25="Manual",15%,IF(AG25="Automático",25%,"")) -> 0.15 | AI25: =+AH25+AF25 -> 0.3 | AJ25: Confiable | AK25: NO | AM25: Documentado | AN25: Formato de Control de Préstamos Documentales debidamente diligenciado. El Procedimiento Gestión de archivo PRO-330-213 no define claramente que cada préstamo debe ser registrado en la planilla de control | AO25: Aleatoria | AP25: Cada vez que se entregue documentación de prestamo | AQ25: Formato de consulta, préstamo y devolución de documentación y/o información FRO-330-397-1 | AR25: Asignado | AS25: Auxiliar Administrativo SICA | AT25: Adecuado | AU25: =+AI25*AA25 -> 0.15 | AV25: =+AA25-AU25 -> 0.35 | AW25: =+IF(C25="Corrupción","Moderado",IF(#REF!<=25%,"Bajo",IF(#REF!<=50%,"Moderado",IF(#REF!<=75%,"Alto",IF(#REF!>75%,"Extremo",""))))) -> Moderado | AX25: Mitigar | AY25: 1 | AZ25: * Realizar Seguimiento y control de consulta y prestamo de expediente mediante el Formato de consulta, préstamo y devolución de documentación y/o información FRO-330-397-1 1. Control de revisión de las solicitudes de prestamos documentales . 2. Lineamiento claro del registro en la planilla de cada prestamo | BA25: Responsable de la Unidad de Recursos Físicos | BB25: 44562 | BC25: 44925 | BD25: Formato de consulta, préstamo y devolución de documentación y/o información FRO-330-397-1 con la trazabilidad de la información prestada | BE25: 44620 | BF25: 1. Se realiza control y revisión de las solicitudes de prestamos documentales y se genera informe. 2. Se realiza el diligenciamiento de la planilla en donde se identifican claramente cada uno de los registros. | BG25: 44681 | BJ25: 44742 | BM25: 44804 | BN25: No se materializó el riesgo 1. Se realiza seguimiento y control de las solicitudes de prestamos documentales , en el formato correspondiente. 2. La tecnológa encargada de los prestamos documentales, realiza la revisión de los expedientes en el momento de la entrega del expediente, para lo cual, no se ha tenido ningún inconveniente en los prestámos. 3. Se realiza el diligenciamiento de la planilla en donde se identifican claramente cada uno de los registros. | BO25: https://loteriadbogota-my.sharepoint.com/:f:/g/personal/sandra_henao_loteriadebogota_com/Ehi5FvOLcYRFmrt9B9-5cpEB2IoR7M4iBCbZ4FgDejqtRg?e=x8rrOk | BP25: 44865 | BQ25: No se materializó el riesgo 1. Se realiza seguimiento y control de las solicitudes de prestamos documentales , en el formato correspondiente. 2. La tecnológa encargada de los prestamos documentales, realiza la revisión de los expedientes en el momento de la entrega del expediente, para lo cual, no se ha tenido ningún inconveniente en los prestámos. 3. Se realiza el diligenciamiento de la planilla en donde se identifican claramente cada uno de los registros. | BR25: https://loteriadbogota-my.sharepoint.com/:u:/g/personal/sandra_henao_loteriadebogota_com/ES08D6yRPKtHsstdK-b9XzoBmFoKjmiJym-3v37JMAoEsQ?e=c8WggW | BS25: 44926 | BT25: f
AC26: El responsable de la Unidad de Recursos Físicos una vez reciba la devolución del documento o expediente prestado este debe inspeccionar las condiciones físicas, de integridad y completitud que tengan. Estas condiciones deben cumplir los lineamientos definidos en la Lotería. En caso de que el documento o expediente prestado no cuente con las condiciones físicas, de integridad y completitud, se debe informar al funcionario las inconsistencias que presente el expediente, para que responda por las mismas. El soporte de ejecución de control es el formato de consulta, préstamo y devolución de documentación y/o información debidamente diligenciado. | AD26: El responsable de la Unidad de Recursos Físicos una vez reciba la devolución del documento o expediente prestado este debe inspeccionar las condiciones físicas, de integridad y completitud que tengan. Estas condiciones deben cumplir los lineamientos definidos en la Lotería. | AE26: Detectivo | AF26: =IF(AE26="Preventivo",25%,IF(AE26="Detectivo",15%,IF(AE26="Correctivo",10%,""))) -> 0.15 | AG26: Manual | AH26: =IF(AG26="Manual",15%,IF(AG26="Automático",25%,"")) -> 0.15 | AI26: =+AH26+AF26 -> 0.3 | AJ26: Confiable | AK26: SI | AL26: En caso de que el documento o expediente prestado no cuente con las condiciones físicas, de integridad y completitud, se debe informar al funcionario las inconsistencias que presente el expediente, para que responda por las mismas. | AM26: Sin documentar | AN26: El Procedimiento Gestión de archivo PRO-330-213 no contempla las decisones o alternativas frente a la detección de desviaciones. | AO26: Aleatoria | AP26: Cada vez que se devuelve la documentación prestada | AQ26: Formato de consulta, préstamo y devolución de documentación y/o información FRO-330-397-1 | AR26: Asignado | AS26: Auxiliar Administrativo SICA | AT26: Adecuado | AU26: =+AV25*AI26 -> 0.105 | AV26: =+AV25-AU26 -> 0.245 | AY26: 2 | AZ26: * Elaborar Instructivo avalado por el Sistema de Gestión de Calidad, de consulta y prestamo de expedientes Lineamientos Verificación de condiciones físicas, de integridad y completitud, del archivo cuando se recibe la devolución del documento o expediente prestado. | BA26: Secretaria General | BB26: 44562 | BC26: 44925 | BD26: Instructivo elaborado | BE26: 44620 | BF26: El instructivo de "Prestamos documentales " se encuentra en construcción | BG26: 44681 | BJ26: 44742 | BM26: 44804 | BN26: No se materializó el riesgo El instructivo de "Prestamos documentales " se encuentra en construcción y este se finalazará una vez, entre en funcionamiento el Archivo Central en Venecia | BO26: N/A | BP26: 44865 | BQ26: No se materializó el riesgo El instructivo de "Prestamos documentales " se encuentra en construcción y este se finalazará una vez, entre en funcionamiento el Archivo Central en Venecia | BR26: N/A | BS26: 44926
AC27: El responsable de la Unidad de Recursos Físicos una vez reciba la documentación entregada por parte de las áreas funcionales debe verificar si el documento cumplió el plazo de retención documental en el archivo de gestión de la dependencia, verificar que la documentación este ordenada, foliada y rotulada en carpetas para enviar al archivo central. En caso de existir documentos en medio magnético se debe etiquetar y especificar el contenido. Si existen incumplimientos o inconsistencias de los requisitos en la entrega de la documentación, esta debe ser devuelta al área respectiva, con el fin de ajustar las desviaciones respectivas. El soporte de ejecución de control es el Formato Unico de Inventario Documental debidamente diligenciado. | AD27: El responsable de la Unidad de Recursos Físicos una vez reciba la documentación entregada por parte de las áreas funcionales debe verificar si el documento cumplió el plazo de retención documental en el archivo de gestión de la dependencia, verificar que la documentación este ordenada, foliada y rotulada en carpetas para enviar al archivo central. En caso de existir documentos en medio magnético se debe etiquetar y especificar el contenido. | AE27: Preventivo | AF27: =IF(AE27="Preventivo",25%,IF(AE27="Detectivo",15%,IF(AE27="Correctivo",10%,""))) -> 0.25 | AG27: Manual | AH27: =IF(AG27="Manual",15%,IF(AG27="Automático",25%,"")) -> 0.15 | AI27: =+AH27+AF27 -> 0.4 | AJ27: Confiable | AK27: SI | AL27: Si existen incumplimientos o inconsistencias de los requisitos en la entrega de la documentación, esta debe ser devuelta al área respectiva, con el fin de ajustar las desviaciones respectivas. | AM27: Sin documentar | AN27: El Procedimiento Gestión de archivo PRO-330-213-9, en el documento no se tiene estipulado de manera clara que pasa si se detectan inconsistencias en la documentación entregada | AO27: Continua | AP27: Cada vez que se entrega documentación para transferencia, acorde al cronograma establecido | AQ27: Formato Unico de Inventario Documental FRO-0330-281-2 | AR27: Asignado | AS27: Profesional de Gestión Documental y Jefe de la Unidad | AT27: Adecuado | AU27: =+AV26*AI27 -> 0.098 | AV27: =+AV26-AU27 -> 0.147 | BE27: 44620 | BF27: El instructivo contiene la devolución de documentos en el paso No. 5, se pasará para aval del Sistema de Gestión de la Calidad. | BG27: 44681 | BJ27: 44742 | BM27: 44804 | BN27: No se materializó el riesgo El instructivo de "Prestamos documentales " se encuentra en construcción y este se finalazará una vez, entre en funcionamiento el Archivo Central en Venecia | BP27: 44865 | BQ27: No se materializó el riesgo El instructivo de "Prestamos documentales " se encuentra en construcción y este se finalazará una vez, entre en funcionamiento el Archivo Central en Venecia | BR27: N/A | BS27: 44926
A28: NO | B28: Gestión Jurídica | C28: Corrupción | D28: Talento humano | E28: Fraude interno | F28: 1.Ausencia de medios para la vigilancia judicial. 2. Inoportuna actuación por parte del abogado responsable del proceso. 3. .Pérdida de información. Manipulación de información. | G28: RC-13 | H28: Posibilidad de afectación económica y reputacional por interés indebido en procesos judiciales en contra de los intereses de la Lotería con el fin de favorecer a un tercero. | I28: 1. Detrimento Patrimonial del Loteria, pérdida de los recursos 2. Pérdida de imagen Institucional. 3. Procesos sancionatorios, disciplinarios, fiscales y penales. | J28: Anual | K28: 1 | L28: =IF(J28="Diaria",+(K28/360),IF(J28="Mensual",+(K28/12),IF(J28="Bimestral",+(K28/6),IF(J28="Trimestral",+(K28/4),IF(J28="Semestral",+(K28/2),IF(J28="Anual",+(K28/1),"")))))) -> 1 | M28: Menor al 1% del patrimonio de la Lotería de Bogotá | N28: =IF(M28="Menor al 1% del patrimonio de la Lotería de Bogotá",20%,IF(M28="Entre el 1% y el 3% del patrimonio de la Lotería de Bogotá",40%,IF(M28="Entre el 3% y el 6% del patrimonio de la Lotería de Bogotá",60%,IF(M28="Entre el 6% y el 10% del patrimonio de la Lotería de Bogotá",80%,IF(M28="Mayor al 10% del patrimonio de la Lotería de Bogotá",100%,IF(M28="NA",0%,"")))))) -> 0.2 | O28: El riesgo afecta la imagen de la entidad con algunos usuarios de relevancia frente al logro de los objetivos | P28: =IF(O28="El riesgo afecta la imagen de algún área de la organización",20%,IF(O28="El riesgo afecta la imagen de la entidad internamente, de conocimiento general nivel interno, de junta directiva y accionistas y/o de proveedores",40%,IF(O28="El riesgo afecta la imagen de la entidad con algunos usuarios de relevancia frente al logro de los objetivos",60%,IF(O28="El riesgo afecta la imagen de la entidad con efecto publicitario sistenido a nivel de sector administrativo, nivel departamental o municipal",80%,IF(O28="El riesgo afecta la imagen de la entidad a nivel nacional, con efecto publicitario sistenido a nivel país",100%,IF(O28="NA",0%,"")))))) -> 0.6 | Q28: NA | R28: =IF(Q28="Interrupción de la operación por menos de un día",20%,IF(Q28="Interrupción de la operación por un día completo",40%,IF(Q28="Interrupción de la operación mayor a 1 día y menor a 2 días",60%,IF(Q28="Interrupción de la operación por dos días completos",80%,IF(Q28="Interrupción de la operación por más de dos días",100%,IF(Q28="NA",0%,"")))))) -> 0 | S28: Servicios | T28: Confidencialidad | U28: =+MAX(N28,P28,R28) -> 0.6 | V28: =IF(L28<=20%,"Muy baja",IF(L28<=40%,"Baja",IF(L28<=60%,"Media",IF(L28<=80%,"Alta",IF(L28<=100%,"Muy alta",IF(L28>=100%,"Muy alta","")))))) -> Muy alta | X28: =IF(U28=20%,"Leve",IF(U28=40%,"Menor",IF(U28=60%,"Moderado",IF(U28=80%,"Mayor",IF(U28=100%,"Catastrófico",""))))) -> Moderado | Z28: Alto | AA28: =IF(Z28="Bajo",25%,IF(Z28="Moderado",50%,IF(Z28="Alto",75%,IF(Z28="Extremo",100%,"")))) -> 0.75 | AC28: Seguimiento mensual de los procesos judiciales con que cuenta la Lotería de Bogotá | AD28: Los contratistas deben subir la información de cada actuación que se realiza en el proceso judicial asignado, se verifica el cargue y actualización de procesos en SIPROJ. El propósito del control es realizar veificación a cada uno de los prosesos y su avance en cumplimiento de las funciones de defensa judical en responsabilidad de la SG Con lo anterior, el primer filtro de revisión lo realizan los abogados de apoyo con usuario asignado de SIPROJ designado de Secretaría General, y el segundo filtro de revisión lo realiza la Secretaria General. Los abogados de apoyo en el informe mensual que entregan, incluyen screenshots de la plataforma SIPROJ, donde se evidencia el cargue y actualización de los procesos a su cargo. Si se evidencia información faltante se solicita su cargue y se devuelve la cuenta de cobro | AE28: Preventivo | AF28: =IF(AE28="Preventivo",25%,IF(AE28="Detectivo",15%,IF(AE28="Correctivo",10%,""))) -> 0.25 | AG28: Manual | AH28: =IF(AG28="Manual",15%,IF(AG28="Automático",25%,"")) -> 0.15 | AI28: =+AH28+AF28 -> 0.4 | AJ28: Confiable | AK28: SI | AL28: Si la Base de procesos judiciales actualizada no concuerda con la información que reposa en el Siprojweb, se requiere al abogado encargado para que realice la debida actualización en el sistema. | AM28: Documentado | AN28: Procedimiento Gestión Judicial PRO-103-231 | AO28: Aleatoria | AP28: Cada vez que se presenta un proceso judicial | AQ28: Expediente del contratista Aplicativo SIPROJ | AR28: Asignado | AS28: Secretaria General Trabajadores y contratistas asignados para apoyar supervisión. | AT28: Adecuado | AU28: =+AI28*AA28 -> 0.3 | AV28: =+AA28-AU28 -> 0.45 | AW28: =+IF(C28="Corrupción","Moderado",IF(AV29<=25%,"Bajo",IF(AV29<=50%,"Moderado",IF(AV29<=75%,"Alto",IF(AV29>75%,"Extremo",""))))) -> Moderado | AX28: Mitigar | AY28: 1 | AZ28: Realizar seguimiento mensual a la información registrada en Siprojweb. | BA28: Secretaria General Trabajadores y contratistas asignados para apoyar supervisión. | BB28: 44562 | BC28: 44926 | BD28: Soporte de información registrada en Siprojweb. | BE28: 44620 | BF28: Se realizó seguimiento , en el informe y soportes de las cuentas de obro están las evidencias del registro de la información en el siprojweb | BG28: 44681 | BH28: Se realiza seguyimiento constante, en los informes y soportes de las cuentas de cobro están las evidencias del registro de la información en el siprojweb. No se materializó. Avance 40% | BI28: https://loteriadbogota-my.sharepoint.com/:b:/g/personal/claudia_vega_loteriadebogota_com/EfgORh8iUy9DmJraA_iv3KsBaqKWy6tp9mWZFM3aBZjvmQ?e=ipS8Q7 | BJ28: 44742 | BM28: 44804 | BN28: Se realiza seguimiento constante, en los informes y soportes de las cuentas de cobro están las evidencias del registro de la información en el siprojweb. No se materializó se da revisión de los documentos antes del pago por parte del supervisor . Avance 66% | BO28: https://loteriadbogota.sharepoint.com/:f:/s/GESTINJURDICA/EgKSE7sPQrFKrbm9-Pdh2DgBKF0y1-Ndbj1UNeG1xLG8QQ?e=4yhJBz | BP28: 44865 | BQ28: Se realiza seguimiento constante, en los informes y soportes de las cuentas de cobro están las evidencias del registro de la información en el siprojweb. No se materializó se da revisión de los documentos antes del pago por parte del supervisor . Avance 86% | BR28: https://loteriadbogota.sharepoint.com/:f:/s/GESTINJURDICA/EvZvAQAv1RtCvlkKy35txmAB_1KXusrEkmBzkEfkthoFVw?e=S71lG1 | BS28: 44926
AC29: Presentación al Comité de Conciliación del perfil del abogado escogido por la Secretaria General para la representación judicial de la entidad . | AD29: De acuerdo con la necesidad de contratación y atendiendo el plan de compras de la entidad, la Secretaria General presentará al Comité de Conciliación el perfil del abogado seleccionado para la representación judicial de la entidad, en la exposición indicará el cumplimiento a los lineamientos definidos por el Comité de Concliación para quien deba ejercer la representación judicial. Se busca una representación judicial con experencia y experticia para controlar el riesgo por pérdida judicial. En comité se dejará evidencia sobre el cumplimiento de esos requisitos y en caso contrario se solicitará su ajuste a los lineamientos ya establecidos por el Comité de Conciliación . Cuando se va a realizar una contratación de abogado externo se presenta al Comité de concliación el perfil . El objetivo del control es contar con un abogado con experticia en litigio y evitar nulidades y riesgo en defensa judicial. La evidencia es el acta del comité donde la Secretaria General de la entidad indica el cumplimiento de la directriz del Comité de Conciliación | AE29: Preventivo | AF29: =IF(AE29="Preventivo",25%,IF(AE29="Detectivo",15%,IF(AE29="Correctivo",10%,""))) -> 0.25 | AG29: Manual | AH29: =IF(AG29="Manual",15%,IF(AG29="Automático",25%,"")) -> 0.15 | AI29: =+AH29+AF29 -> 0.4 | AJ29: Confiable | AK29: SI | AL29: si se requiere al abogado y de ser el caso, se inicia procedimiento de incumplimiento para la afectación de la garantía, además de la compulsa de copia a las autoridades competentes Consejo Seccional de la Judicatura y ante la Fiscalía General de la Nación | AM29: Documentado | AN29: Procedimiento de incumplimiento contractual | AO29: Aleatoria | AP29: Cada vez que se presenta un proceso judicial | AQ29: requeirmiento, acta de audiencia de la actuación y decisión de la actuación | AR29: Asignado | AS29: Secretaría General y Supervisor del Contrato | AT29: Adecuado | AU29: =+AV28*AI29 -> 0.18 | AV29: =+AV28-AU29 -> 0.27 | AY29: 2 | AZ29: Aprobación de los perfiles de los abogados nuevos por parte del Comité de Conciliación | BA29: Secretaria General Comité de Conciliación | BB29: 44562 | BC29: 44926 | BE29: 44620 | BF29: No se presentó en el periodo y se cuenta con lineamiento del Comité de Conciliación año 2021 | BG29: 44681 | BH29: En el periodo no se presentó. No se materializó. Avance 40% | BI29: NA | BJ29: 44742 | BM29: 44804 | BN29: En el periodo no se presentó. No se materializó. Avance 66% | BO29: NA | BP29: 44865 | BQ29: En el periodo no se presentó. No se materializó. Avance 86% | BR29: SIN NO SE PRESENTÓ | BS29: 44926
A30: NO | B30: Control Disciplinario Interno | C30: Corrupción | D30: Talento humano | E30: Ejecución y administración de procesos | F30: 1. Calidad del operador disciplinario para decidir sobre los procesos disciplinarios. 2. Calidad del disciplinado para ofrecer dádivas u otro tipo de incentivo a la autoridad disciplinaria. | G30: RC-14 | H30: Posibilidad de afectación reputacional debido al ofrecimiento de dádivas u otro tipo de incentivos para obtener como beneficio una decisión favorable en su calidad de investigado, con el fin de beneficio propio o de terceros | I30: 1. Posibles investigaciones disciplinarias. 2. Posibles investigaciones penales. 3. Impunidad en los procesos disciplinarios. 4. Afectación reputacional de la entidad, | J30: Mensual | K30: 0 | L30: =IF(J30="Diaria",+(K30/360),IF(J30="Mensual",+(K30/12),IF(J30="Bimestral",+(K30/6),IF(J30="Trimestral",+(K30/4),IF(J30="Semestral",+(K30/2),IF(J30="Anual",+(K30/1),"")))))) -> 0 | M30: NA | N30: =IF(M30="Menor al 1% del patrimonio de la Lotería de Bogotá",20%,IF(M30="Entre el 1% y el 3% del patrimonio de la Lotería de Bogotá",40%,IF(M30="Entre el 3% y el 6% del patrimonio de la Lotería de Bogotá",60%,IF(M30="Entre el 6% y el 10% del patrimonio de la Lotería de Bogotá",80%,IF(M30="Mayor al 10% del patrimonio de la Lotería de Bogotá",100%,IF(M30="NA",0%,"")))))) -> 0 | O30: El riesgo afecta la imagen de la entidad a nivel nacional, con efecto publicitario sostenido a nivel país | P30: =IF(O30="El riesgo afecta la imagen de algún área de la organización",20%,IF(O30="El riesgo afecta la imagen de la entidad internamente, de conocimiento general nivel interno, de junta directiva y accionistas y/o de proveedores",40%,IF(O30="El riesgo afecta la imagen de la entidad con algunos usuarios de relevancia frente al logro de los objetivos",60%,IF(O30="El riesgo afecta la imagen de la entidad con efecto publicitario sostenido a nivel de sector administrativo, nivel departamental o municipal",80%,IF(O30="El riesgo afecta la imagen de la entidad a nivel nacional, con efecto publicitario sostenido a nivel país",100%,IF(O30="NA",0%,"")))))) -> 1 | Q30: NA | R30: =IF(Q30="Interrupción de la operación por menos de un día",20%,IF(Q30="Interrupción de la operación por un día completo",40%,IF(Q30="Interrupción de la operación mayor a 1 día y menor a 2 días",60%,IF(Q30="Interrupción de la operación por dos días completos",80%,IF(Q30="Interrupción de la operación por más de dos días",100%,IF(Q30="NA",0%,"")))))) -> 0 | S30: NA | T30: NA | U30: =+MAX(N30,P30,R30) -> 1 | V30: =IF(L30<=20%,"Muy baja",IF(L30<=40%,"Baja",IF(L30<=60%,"Media",IF(L30<=80%,"Alta",IF(L30<=100%,"Muy alta",IF(L30>=100%,"Muy alta","")))))) -> Muy baja | W30: =+IFERROR(VLOOKUP(V30,Fórmula!$F$1:$G$6,2,FALSE),"") -> 0.2 | X30: =IF(U30=20%,"Leve",IF(U30=40%,"Menor",IF(U30=60%,"Moderado",IF(U30=80%,"Mayor",IF(U30=100%,"Catastrófico",""))))) -> Catastrófico | Y30: =+IFERROR(VLOOKUP(X30,Fórmula!$H$1:$I$6,2,FALSE),"") -> 1 | Z30: =+IFERROR(VLOOKUP(V30&X30,Fórmula!$C$2:$D$26,2,FALSE),"") -> Extremo | AA30: =IF(Z30="Bajo",25%,IF(Z30="Moderado",50%,IF(Z30="Alto",75%,IF(Z30="Extremo",100%,"")))) -> 1 | AB30: Justificar la selección de: - Periodicidad - Nivel de ocurrencia - Área de afectación (nivel) | AC30: El Jefe de la Oficina de Control Disciplinario Interno, y su profesional de apoyo, informan si por parte de algún investigado se ha realizado alguna solicitud para que se tome una decisión dentro de un proceso disciplinario distinto al cumplimiento del deber funcional. | AD30: Trimestralmente el Jefe de la Oficina de Control Disciplinario Interno y su profesional de apoyo elaboran un informe donde se evidencia si se ha presentado en alguno de los procesos algún ofrecimiento para la expedición de decisiones contrarias a derecho. | AE30: Detectivo | AF30: =IF(AE30="Preventivo",25%,IF(AE30="Detectivo",15%,IF(AE30="Correctivo",10%,""))) -> 0.15 | AG30: Manual | AH30: =IF(AG30="Manual",15%,IF(AG30="Automático",25%,"")) -> 0.15 | AI30: =+AH30+AF30 -> 0.3 | AJ30: Confiable | AK30: SI | AL30: Si se identifica que existió un ofrecimiento contrario a derecho por parte del investigado, se compulsarán copias ante la autoridad penal y disciplinariamente de oficio se iniciará la correspondiente investigación. | AM30: Sin documentar | AO30: Continua | AP30: Trimestral | AQ30: Informe | AR30: Asignado | AS30: Jefe de Control Disciplinario Interno | AT30: Adecuado | AU30: =+AI30*AA30 -> 0.3 | AV30: =+AA30-AU30 -> 0.7 | AW30: =+IF(C30="Corrupción","Alto",IF(AV30<=25%,"Bajo",IF(AV30<=50%,"Moderado",IF(AV30<=75%,"Alto",IF(AV30>75%,"Extremo",""))))) -> Alto | AX30: Mitigar | AY30: 1 | AZ30: Presentar informe de actualización de los procesos disciplinarios en el Sistema de Información Distrital SID 3, de carácter anual, presentado ante la Oficina de Asuntos Disciplinarios de la Secretaría Jurídica Distrital. | BA30: =+AS30 -> Jefe de Control Disciplinario Interno | BB30: 44743 | BC30: 44926 | BD30: =+AQ30 -> Informe | BE30: 44620 | BG30: 44681 | BJ30: 44742 | BM30: 44804 | BP30: 44865 | BQ30: Durante este bimestre no se ha presentado ninguna solicitud de dadiva por algun sujeto procesal, quejoso o informante, para obtener decision favorable dentro de algun proceso disciplinario. | BS30: 44926

Sheet Mapa de riesgos de corrupción
A1: IDENTIFICACIÓN DEL RIESGO | U1: VALORACIÓN RIESGO INHERENTE | AC1: VALORACIÓN DE CONTROLES | AM1: RIESGO RESIDUAL
AC2: Control | AD2: Atributos de eficiencia | AH2: Valoración control | AI2: Atributos informativos | AL2: Riesgo residual | AO2: Tratamiento | AP2: Plan de Acción | AR2: Responsable | AS2: Fecha Inicio | AT2: Fecha Fin | AU2: Entregable | AV2: Seguimiento y monitoreo
A3: Objetivo Estratégico | B3: Proceso | C3: Tipo de riesgo | D3: Factor de riesgo | E3: Clasificación del riesgo | F3: Causas | G3: Descripción del riesgo | I3: Consecuencias | J3: Periodicidad | K3: Nivel de ocurrencia (Por año) | L3: Porcentaje de probabilidad | M3: Afectación económica | N3: % | O3: Afectación reputacional | P3: % | Q3: Interrupción de la operación | R3: % | S3: Activo de información afectado | T3: Criterio afectado | U3: % Impacto | V3: Probabilidad inherente | W3: % | X3: Impacto inherente | Y3: % | Z3: Zona de riesgo Inherente | AA3: % | AB3: Justificación de valoración en probabilidad e impacto | AD3: Tipo de control | AE3: Peso | AF3: Implementación | AG3: Peso | AI3: ¿Información confiable? | AJ3: Documentación | AV3: Fecha de corte | AW3: Materialización del riesgo en el periodo | AX3: Avance cualitativo | AY3: Enlace de evidencias ejecución del control | AZ3: Enlace de evidencias ejecución del plan de acción | BA3: Fecha de corte | BB3: Materialización del riesgo en el periodo | BC3: Avance cualitativo | BD3: Enlace de evidencias ejecución del control | BE3: Enlace de evidencias ejecución del plan de acción | BF3: Fecha de corte | BG3: Materialización del riesgo en el periodo | BH3: Avance cualitativo | BI3: Enlace de evidencias ejecución del control | BJ3: Enlace de evidencias ejecución del plan de acción | BK3: Fecha de corte | BL3: Materialización del riesgo en el periodo | BM3: Avance cualitativo | BN3: Enlace de evidencias ejecución del control | BO3: Enlace de evidencias ejecución del plan de acción | BP3: Fecha de corte | BQ3: Materialización del riesgo en el periodo | BR3: Avance cualitativo | BS3: Enlace de evidencias ejecución del control | BT3: Enlace de evidencias ejecución del plan de acción | BU3: Fecha de corte | BV3: Materialización del riesgo en el periodo | BW3: Avance cualitativo | BX3: Enlace de evidencias ejecución del control | BY3: Enlace de evidencias ejecución del plan de acción
A4: NO | B4: Explotación de JSA | C4: Corrupción | D4: Talento humano | E4: Fraude interno | F4: 1. Ofrecimiento de dádivas para expedición de la autorización de rifas y juegos promocionales durante el trámite. 2. Coacción de terceros para expedición de autorización. 3. Soportes de documentación incompleta o adulterada para la expedición de la autorización. | G4: RC-01 | H4: Posibilidad de afectación reputacional por expedición de autorización de promocionales y rifas con incumplimiento de requisitos legales con el fin de beneficiar a un tercero. | I4: 1. Proceso sancionatorio 2.Apertura de procesos disciplinarios, fiscales y penales para los responsables involucrados. | J4: Semestral | K4: 0 | L4: =IF(J4="Diaria",+(K4/360),IF(J4="Semanal",+(K4/52),IF(J4="Mensual",+(K4/12),IF(J4="Bimestral",+(K4/6),IF(J4="Trimestral",+(K4/4),IF(J4="Semestral",+(K4/2),IF(J4="Anual",+(K4/1),""))))))) -> 0 | M4: NA | N4: =IF(M4="Menor al 1% del patrimonio de la Lotería de Bogotá",20%,IF(M4="Entre el 1% y el 3% del patrimonio de la Lotería de Bogotá",40%,IF(M4="Entre el 3% y el 6% del patrimonio de la Lotería de Bogotá",60%,IF(M4="Entre el 6% y el 10% del patrimonio de la Lotería de Bogotá",80%,IF(M4="Mayor al 10% del patrimonio de la Lotería de Bogotá",100%,IF(M4="NA",0%,"")))))) -> 0 | O4: El riesgo afecta la imagen de algún área de la organización | P4: =IF(O4="El riesgo afecta la imagen de algún área de la organización",20%,IF(O4="El riesgo afecta la imagen de la entidad internamente, de conocimiento general nivel interno, de junta directiva y accionistas y/o de proveedores",40%,IF(O4="El riesgo afecta la imagen de la entidad con algunos usuarios de relevancia frente al logro de los objetivos",60%,IF(O4="El riesgo afecta la imagen de la entidad con efecto publicitario sistenido a nivel de sector administrativo, nivel departamental o municipal",80%,IF(O4="El riesgo afecta la imagen de la entidad a nivel nacional, con efecto publicitario sistenido a nivel país",100%,IF(O4="NA",0%,"")))))) -> 0.2 | Q4: NA | R4: =IF(Q4="Interrupción de la operación por menos de un día",20%,IF(Q4="Interrupción de la operación por un día completo",40%,IF(Q4="Interrupción de la operación mayor a 1 día y menor a 2 días",60%,IF(Q4="Interrupción de la operación por dos días completos",80%,IF(Q4="Interrupción de la operación por más de dos días",100%,IF(Q4="NA",0%,"")))))) -> 0 | S4: Servicios | T4: Integridad | U4: =+MAX(N4,P4,R4) -> 0.2 | V4: =IF(L4<=20%,"Muy baja",IF(L4<=40%,"Baja",IF(L4<=60%,"Media",IF(L4<=80%,"Alta",IF(L4<=100%,"Muy alta",IF(L4>=100%,"Muy alta","")))))) -> Muy baja | W4: =+IFERROR(VLOOKUP(V4,[2]Fórmula!$F$1:$G$6,2,FALSE),"") -> 0.2 | X4: Moderado | Y4: =+IFERROR(VLOOKUP(X4,[2]Fórmula!$H$1:$I$6,2,FALSE),"") -> 0.6 | Z4: Moderado | AA4: =IF(Z4="Bajo",25%,IF(Z4="Moderado",50%,IF(Z4="Alto",75%,IF(Z4="Extremo",100%,"")))) -> 0.5 | AB4: Se determina el riesgo de carácter semestral , debido a que nunca se ha materializado, se califica su nivel de ocurrencia en cero. Frente al impacto reputacional, es leve, según las escalas de valoración del impacto. | AC4: El profesional de la Unidad de Apuestas y Control de Juegos designado, cada vez que llega una solicitud de autorización de promocionales y rifas, revisa y evalúa los documentos radicados en la plataforma destinada para tal fin. Lo anterior, con el objetivo de verificar la completitud de acuerdo a la normatividad legal vigente y lo expuesto en el respectivo instructivo. El jefe de Unidad de Apuestas y Control de Juegos validará que la documentación registrada cumple en su integridad con los requisitos estipulados por la ley, para hacer efectivo el acto administrativo de autorización. Si existen inconsistencias y/o correcciones, el profesional de la Unidad de Apuestas y Control de Juegos designado debe requerir al solicitante la subsanación pertinente, mediante correo electrónico, para cumplir con los tiempos establecidos en la Ley. Como soporte de la ejecución del control, resulta la plataforma de Juegos Promocionales y Rifas con documentos anexos por parte de los solicitantes, acorde a la matriz lista de chequeo | AD4: Detectivo | AE4: =IF(AD4="Preventivo",25%,IF(AD4="Detectivo",15%,IF(AD4="Correctivo",10%,""))) -> 0.15 | AF4: Manual | AG4: =IF(AF4="Manual",15%,IF(AF4="Automático",25%,"")) -> 0.15 | AH4: =+AG4+AE4 -> 0.3 | AI4: Confiable | AJ4: Documentado | AK4: Instructivo solicitud juegos promocionales y rifas Decreto 1068 de 2015 Decreto 2104 de 2016 Procedimiento autorización y emisión de concepto PRO-420-191-10 | AL4: =+AA4*AH4 -> 0.15 | AM4: =+AA4-AL4 -> 0.35 | AN4: =+IF(C4="Corrupción","Moderado",IF(#REF!<=25%,"Bajo",IF(#REF!<=50%,"Moderado",IF(#REF!<=75%,"Alto",IF(#REF!>75%,"Extremo",""))))) -> Moderado | AO4: Mitigar | AP4: 1 | AQ4: Diligenciar la matriz de de concepto y autorización, una vez se validen los requisitos legales allegados por el solicitante. | AR4: =+#REF! -> #REF! | AS4: 45292 | AT4: 45657 | AU4: Matriz concepto y autorización vigente y diligenciada | AV4: 45351 | BA4: 45412 | BF4: 45473 | BK4: 45535 | BP4: 45596 | BU4: 45657
A5: SI | B5: Explotación de JSA | C5: Corrupción | D5: Evento externo | E5: Fraude externo | F5: 1. Omision de la información por parte del concesionario. 2. Fallas tecnológicas en el sistema de auditoria propio de la entidad. 3. La no validacion de la informacion por parte del responsable del sello digital de la entidad concedente. 4. | G5: RC-02 | H5: Posibilidad de afectación económica y reputacional por no validacion de la información reportada por el Concesionario en los derechos de explotación, gastos de administracion, premios prescritos de chance y sus modalidades, premios prescirtos del incentivo con cobro inmediato con el fin de beneficio propio o de terceros. | I5: 1. Disminución de recursos para la salud 2. Procesos sancionatorios, administrativos o judiciales al que diera lugar. 3. Afectación de la credibilidad de la Entidad. | J5: Trimestral | K5: 1 | L5: =IF(J5="Diaria",+(K5/360),IF(J5="Mensual",+(K5/12),IF(J5="Bimestral",+(K5/6),IF(J5="Trimestral",+(K5/4),IF(J5="Semestral",+(K5/2),IF(J5="Anual",+(K5/1),"")))))) -> 0.25 | M5: Entre el 6% y el 10% del patrimonio de la Lotería de Bogotá | N5: =IF(M5="Menor al 1% del patrimonio de la Lotería de Bogotá",20%,IF(M5="Entre el 1% y el 3% del patrimonio de la Lotería de Bogotá",40%,IF(M5="Entre el 3% y el 6% del patrimonio de la Lotería de Bogotá",60%,IF(M5="Entre el 6% y el 10% del patrimonio de la Lotería de Bogotá",80%,IF(M5="Mayor al 10% del patrimonio de la Lotería de Bogotá",100%,IF(M5="NA",0%,"")))))) -> 0.8 | O5: El riesgo afecta la imagen de la entidad con algunos usuarios de relevancia frente al logro de los objetivos | P5: =IF(O5="El riesgo afecta la imagen de algún área de la organización",20%,IF(O5="El riesgo afecta la imagen de la entidad internamente, de conocimiento general nivel interno, de junta directiva y accionistas y/o de proveedores",40%,IF(O5="El riesgo afecta la imagen de la entidad con algunos usuarios de relevancia frente al logro de los objetivos",60%,IF(O5="El riesgo afecta la imagen de la entidad con efecto publicitario sistenido a nivel de sector administrativo, nivel departamental o municipal",80%,IF(O5="El riesgo afecta la imagen de la entidad a nivel nacional, con efecto publicitario sistenido a nivel país",100%,IF(O5="NA",0%,"")))))) -> 0.6 | Q5: NA | R5: =IF(Q5="Interrupción de la operación por menos de un día",20%,IF(Q5="Interrupción de la operación por un día completo",40%,IF(Q5="Interrupción de la operación mayor a 1 día y menor a 2 días",60%,IF(Q5="Interrupción de la operación por dos días completos",80%,IF(Q5="Interrupción de la operación por más de dos días",100%,IF(Q5="NA",0%,"")))))) -> 0 | S5: Servicios | T5: Integridad | U5: =+MAX(N5,P5,R5) -> 0.8 | V5: =IF(L5<=20%,"Muy baja",IF(L5<=40%,"Baja",IF(L5<=60%,"Media",IF(L5<=80%,"Alta",IF(L5<=100%,"Muy alta",IF(L5>=100%,"Muy alta","")))))) -> Baja | W5: =+IFERROR(VLOOKUP(V5,[2]Fórmula!$F$1:$G$6,2,FALSE),"") -> 0.4 | X5: =IF(U5=20%,"Leve",IF(U5=40%,"Menor",IF(U5=60%,"Moderado",IF(U5=80%,"Mayor",IF(U5=100%,"Catastrófico",""))))) -> Mayor | Y5: =+IFERROR(VLOOKUP(X5,[2]Fórmula!$H$1:$I$6,2,FALSE),"") -> 0.8 | Z5: =+IFERROR(VLOOKUP(V5&X5,[2]Fórmula!$C$2:$D$26,2,FALSE),"") -> Alto | AA5: =IF(Z5="Bajo",25%,IF(Z5="Moderado",50%,IF(Z5="Alto",75%,IF(Z5="Extremo",100%,"")))) -> 0.75 | AB5: Se estableció periodicidad trimestral, nivel de ocurrencia uno, ya que no se cuenta con línea base, afectación económica mayor, teniendo en cuenta la dificultad para cuantificar el mercado ilegal de juegos de suerte y azar, y afectación reputacional moderada, en tanto la imagen de la Lotería se vería afectada con algunos usuarios. | AC5: La unidad Apuestas y control de juegos mensualmente contrasta la informacion remitida por el concesionario de los diferentes formularios de declaracion con la informacion generada en el sistema de auditoria Chanseguro con el fin de soportar la prevalidacion del supervisor del contrato. Si se identificacion inconsistencia en la informaicon constrastada esta se subsanara para su posterior validación, ya sea que se trate de un error en el sistema de auditoria o la información reportada por el consecionario. Como sorpote de la ejecuccion del control se remite al concesionario un comunicado con el sello de la prevalidacion de la informacion. | AD5: Preventivo | AE5: =IF(AD5="Preventivo",25%,IF(AD5="Detectivo",15%,IF(AD5="Correctivo",10%,""))) -> 0.25 | AF5: Manual | AG5: =IF(AF5="Manual",15%,IF(AF5="Automático",25%,"")) -> 0.15 | AH5: =+AG5+AE5 -> 0.4 | AI5: Confiable | AJ5: No documentado | AL5: =+AA5*AH5 -> 0.3 | AM5: =+AA5-AL5 -> 0.45 | AN5: =IF(AM5<=25%,"Bajo",IF(AM5<=50%,"Moderado",IF(AM5<=75%,"Alto",IF(AM5>75%,"Extremo","")))) -> Moderado | AO5: Mitigar | AP5: 1 | AQ5: El responsable designado de la Unidad de Apuestas y control de juegos mensualmente revisa y valida la obligacion Especifica No. 2 del contrato de concesion de apuestas permanentes correspondiente a Derechos de explotacion y este informe es remitido al supervisor del contrato para su respectiva validacion | AR5: Unidad de Apuestas y Control de Juegos. Supervisor del contrato de concesion | AS5: 45292 | AT5: 45657 | AU5: Informe mensual del supervisor del contrato | AV5: 45351 | BA5: 45412 | BF5: 45473 | BK5: 45535 | BP5: 45596 | BU5: 45657
A6: SI | B6: Explotación de JSA | C6: Corrupción | D6: Talento humano | E6: Fraude interno | F6: 1.Inconsistencias en el reporte de retenidos generado semanalmente. 2. Estados de cuenta incorrectos o desactualizados 3. Ofrecimiento de beneficios por parte de terceros 4. Seguimiento inadecuado al estado de las pólizas | G6: RC-03 | H6: Posibilidad de afectación económica y reputacional por entrega o retención de billetería, o asignación de cupos a distribuidores con incumplimiento de requisitos con fin de favorecer a un tercero a cambio de beneficios. | I6: 1. Incremento de cartera vencida 2. Pérdida de garantías en un cobro jurídico 3. Apertura de procesos disciplinarios 4. Hallazgos de entes de control | J6: Semanal | K6: 1 | L6: =IF(J6="Diaria",+(K6/360),IF(J6="Mensual",+(K6/12),IF(J6="Semanal",+(K6/52),IF(J6="Bimestral",+(K6/6),IF(J6="Trimestral",+(K6/4),IF(J6="Semestral",+(K6/2),IF(J6="Anual",+(K6/1),""))))))) -> 0.019230769 | M6: Menor al 1% del patrimonio de la Lotería de Bogotá | N6: =IF(M6="Menor al 1% del patrimonio de la Lotería de Bogotá",20%,IF(M6="Entre el 1% y el 3% del patrimonio de la Lotería de Bogotá",40%,IF(M6="Entre el 3% y el 6% del patrimonio de la Lotería de Bogotá",60%,IF(M6="Entre el 6% y el 10% del patrimonio de la Lotería de Bogotá",80%,IF(M6="Mayor al 10% del patrimonio de la Lotería de Bogotá",100%,IF(M6="NA",0%,"")))))) -> 0.2 | O6: El riesgo afecta la imagen de la entidad internamente, de conocimiento general nivel interno, de junta directiva y accionistas y/o de proveedores | P6: =IF(O6="El riesgo afecta la imagen de algún área de la organización",20%,IF(O6="El riesgo afecta la imagen de la entidad internamente, de conocimiento general nivel interno, de junta directiva y accionistas y/o de proveedores",40%,IF(O6="El riesgo afecta la imagen de la entidad con algunos usuarios de relevancia frente al logro de los objetivos",60%,IF(O6="El riesgo afecta la imagen de la entidad con efecto publicitario sistenido a nivel de sector administrativo, nivel departamental o municipal",80%,IF(O6="El riesgo afecta la imagen de la entidad a nivel nacional, con efecto publicitario sistenido a nivel país",100%,IF(O6="NA",0%,"")))))) -> 0.4 | Q6: NA | R6: =IF(Q6="Interrupción de la operación por menos de un día",20%,IF(Q6="Interrupción de la operación por un día completo",40%,IF(Q6="Interrupción de la operación mayor a 1 día y menor a 2 días",60%,IF(Q6="Interrupción de la operación por dos días completos",80%,IF(Q6="Interrupción de la operación por más de dos días",100%,IF(Q6="NA",0%,"")))))) -> 0 | S6: Servicios | T6: Integridad | U6: =+MAX(N6,P6,R6) -> 0.4 | V6: =IF(L6<=20%,"Muy baja",IF(L6<=40%,"Baja",IF(L6<=60%,"Media",IF(L6<=80%,"Alta",IF(L6<=100%,"Muy alta",IF(L6>=100%,"Muy alta","")))))) -> Muy baja | W6: =+IFERROR(VLOOKUP(V6,[3]Fórmula!$F$1:$G$6,2,FALSE),"") -> 0.2 | X6: Moderado | Y6: =+IFERROR(VLOOKUP(X6,[3]Fórmula!$H$1:$I$6,2,FALSE),"") -> 0.6 | Z6: Moderado | AA6: =IF(Z6="Bajo",25%,IF(Z6="Moderado",50%,IF(Z6="Alto",75%,IF(Z6="Extremo",100%,"")))) -> 0.5 | AB6: Se estableció la periodicidad semanal, debido a que la distribución de la billetería se realiza semanalmente, y nivel de ocurrencia 1, porque el riesgo se materializó una vez en la vigencia 2020. Frente al impacto, se definió una afectación económica por debajo del 1% del patrimonio de la Lotería de Bogotá (leve), pero la materialización del riesgo conllevaría a una afectación reputacional menor, debido al conocimiento de la Junta Directiva sobre la afectación de la imagen. | AC6: El profesional de cartera semanalmente realiza una revisión de los reportes de cartera y del estado de las garantías de los distribuidores con el propósito de identificar incumplimientos en los distribuidores para determinar a cuales de ellos se reteniene el despacho de billetería. Si se detectan desviaciones en el control, los distribuidores con incumplimiento en sus garantías y/o pagos deben ser retenidos. No se debe realizar el despacho semanal de billetería. Como soporte de la ejecución del control resultan los memorandos sobre distribución y retención por parte de la Unidad Financiera | AD6: El profesional de cartera semanalmente realiza una revisión de los reportes de cartera y del estado de las garantías de los distribuidores con el propósito de identificar incumplimientos en los distribuidores para determinar a cuales de ellos se reteniene el despacho de billetería. | AE6: Preventivo | AF6: =IF(AE6="Preventivo",25%,IF(AE6="Detectivo",15%,IF(AE6="Correctivo",10%,""))) -> 0.25 | AG6: Manual | AH6: =IF(AG6="Manual",15%,IF(AG6="Automático",25%,"")) -> 0.15 | AI6: =+AH6+AF6 -> 0.4 | AJ6: Confiable | AK6: SI | AL6: Los distribuidores con incumplimiento en sus garantías y/o pagos deben ser retenidos. No se debe realizar el despacho semanal de billetería | AM6: Documentado | AN6: Procedimiento Asignación y Distribución de Billetería PRO-410-199-9 | AO6: Continua | AP6: Semanal | AQ6: Memorandos sobre distribución y retención por parte de la Unidad Financiera | AR6: Asignado | AS6: Profesional de cartera de Unidad Financiera y Contable | AT6: Adecuado | AU6: =+AA6*AI6 -> 0.2 | AV6: =+AA6-AU6 -> 0.3 | AW6: =+IF(C6="Corrupción","Moderado",IF(AV7<=25%,"Bajo",IF(AV7<=50%,"Moderado",IF(AV7<=75%,"Alto",IF(AV7>75%,"Extremo",""))))) -> Moderado | AX6: Mitigar | AY6: 1 | AZ6: Realizar capacitación a los profesionales de cartera del aplicativo comercial relacionado con "polizas" con el fin de que tengan claridad de las garantías que se encuentran vencidas. | BA6: Direccion de Operación de Producto y Comercialización | BB6: 45292 | BC6: 45657 | BD6: Procedimiento asignación y distribución de billetería PRO-410-199 | BE6: 45351 | BJ6: 45412 | BO6: 45473 | BT6: 45535 | BY6: 45596 | CD6: 45657
AC7: El profesional de la Dirección de Operación del Producto y Comercialización semanalmente verifica las garantías que se encuentran vencidas con el propósito de identificar incumplimientos en los distribuidores para determinar a cuales de ellos se reteniene el despacho de billetería. Si se detectan desviaciones en el control, los distribuidores con incumplimiento en sus garantías y/o pagos deben ser retenidos. No se debe realizar el despacho semanal de billetería. Como soporte de la ejecución del control resultan los correos electronicos enviados a la Unidad Financiera informando si se encuentra algunos de los distribuidores con las garantías vencidas. | AD7: El profesional de Dirección de Operación del Producto y Comercialización semanalmente realiza una revisión del estado de las garantías de los distribuidores con el propósito de identificar incumplimientos en los distribuidores para determinar a cuales de ellos se reteniene el despacho de billetería el cual es enviado como alerta a la Unidad Financiera y Contable | AE7: Preventivo | AF7: =IF(AE7="Preventivo",25%,IF(AE7="Detectivo",15%,IF(AE7="Correctivo",10%,""))) -> 0.25 | AG7: Manual | AH7: =IF(AG7="Manual",15%,IF(AG7="Automático",25%,"")) -> 0.15 | AI7: =+AH7+AF7 -> 0.4 | AJ7: Confiable | AK7: SI | AL7: Los distribuidores con incumplimiento en sus garantías y/o pagos deben ser retenidos. No se debe realizar el despacho semanal de billetería | AM7: Documentado | AN7: Procedimiento Asignación y Distribución de Billetería PRO-410-199-9 | AO7: Continua | AP7: Semanal | AQ7: Correo electrónico sobre los distribuidores que cuentan con las garantías vencidas. | AR7: Asignado | AS7: Profesional de la Dirección de Operación del Producto y Comercialización | AT7: Adecuado | AU7: =+AV6*AI7 -> 0.12 | AV7: =+AV6-AU7 -> 0.18 | AY7: 2 | BA7: Direccion de Operación de Producto y Comercialización | BB7: 45292 | BC7: 45657 | BD7: Acto Administrativo | BE7: 45351 | BJ7: 45412 | BO7: 45473 | BT7: 45535 | BY7: 45596 | CD7: 45657
A8: SI | B8: Recaudo | C8: Corrupción | D8: Talento humano | E8: Fraude interno | F8: 1. Oportunidad y razonalización de la situación por parte del profesional de Cartera 2. Ofrecimiento de retribución económica para despacho sin cumplimiento de requisitos 3. Falta de ética profesional del profesional de cartera | G8: RC-04 | H8: Posibilidad de afectación económica y reputacional por despacho a distribuidores sin cumplimiento de requisitos con el fin de beneficio propio o de terceros. | I8: 1. Incremento de cartera 2. Investigaciones disciplinarias y judiciales | J8: Diaria | K8: 0 | L8: =IF(J8="Diaria",+(K8/360),IF(J8="Mensual",+(K8/12),IF(J8="Bimestral",+(K8/6),IF(J8="Trimestral",+(K8/4),IF(J8="Semestral",+(K8/2),IF(J8="Anual",+(K8/1),"")))))) -> 0 | M8: Menor al 1% del patrimonio de la Lotería de Bogotá | N8: =IF(M8="Menor al 1% del patrimonio de la Lotería de Bogotá",20%,IF(M8="Entre el 1% y el 3% del patrimonio de la Lotería de Bogotá",40%,IF(M8="Entre el 3% y el 6% del patrimonio de la Lotería de Bogotá",60%,IF(M8="Entre el 6% y el 10% del patrimonio de la Lotería de Bogotá",80%,IF(M8="Mayor al 10% del patrimonio de la Lotería de Bogotá",100%,IF(M8="NA",0%,"")))))) -> 0.2 | O8: El riesgo afecta la imagen de la entidad internamente, de conocimiento general nivel interno, de junta directiva y accionistas y/o de proveedores | P8: =IF(O8="El riesgo afecta la imagen de algún área de la organización",20%,IF(O8="El riesgo afecta la imagen de la entidad internamente, de conocimiento general nivel interno, de junta directiva y accionistas y/o de proveedores",40%,IF(O8="El riesgo afecta la imagen de la entidad con algunos usuarios de relevancia frente al logro de los objetivos",60%,IF(O8="El riesgo afecta la imagen de la entidad con efecto publicitario sistenido a nivel de sector administrativo, nivel departamental o municipal",80%,IF(O8="El riesgo afecta la imagen de la entidad a nivel nacional, con efecto publicitario sistenido a nivel país",100%,IF(O8="NA",0%,"")))))) -> 0.4 | Q8: NA | R8: =IF(Q8="Interrupción de la operación por menos de un día",20%,IF(Q8="Interrupción de la operación por un día completo",40%,IF(Q8="Interrupción de la operación mayor a 1 día y menor a 2 días",60%,IF(Q8="Interrupción de la operación por dos días completos",80%,IF(Q8="Interrupción de la operación por más de dos días",100%,IF(Q8="NA",0%,"")))))) -> 0 | S8: Documental | T8: Integridad | U8: =+MAX(N8,P8,R8) -> 0.4 | V8: =IF(L8<=20%,"Muy baja",IF(L8<=40%,"Baja",IF(L8<=60%,"Media",IF(L8<=80%,"Alta",IF(L8<=100%,"Muy alta",IF(L8>=100%,"Muy alta","")))))) -> Muy baja | W8: =+IFERROR(VLOOKUP(V8,[4]Fórmula!$F$1:$G$6,2,FALSE),"") | X8: Moderado | Y8: =+IFERROR(VLOOKUP(X8,[4]Fórmula!$H$1:$I$6,2,FALSE),"") | Z8: Moderado | AA8: =IF(Z8="Bajo",25%,IF(Z8="Moderado",50%,IF(Z8="Alto",75%,IF(Z8="Extremo",100%,"")))) -> 0.5 | AB8: Se estableció periodicidad diaria, debido a que el despacho se realiza con esta periodicidad, nivel de ocurrencia en cero, debido a que el riesgo no se ha materializado, afectación económica leve, ya que el valor en el peor caso de materializarse el riesgo estaría por debajo del 1% del patrimonio de la Lotería de Bogotá. Frente a la afectación reputacional es menor, debido a la iimagen afectada de la organización de manera interna. | AC8: Semanalmente el Profesional de cartera debe revisar en el aplicativo comercial cada uno de los estados de cuenta de los distribuidores y se retienen los que no hayan dado cumplimiento a lo establecido en el reglamento de Distribuidores vigente, así mismo debe revisar el cargue de premios reconocidos y así identificar qué distribuidores estan en mora o con incumplimientos de requisitos para el despacho, posteriormente se redacta un email con una relación de los distribuidores a ser retenidos el cual se envía a laDirectora de Operación de producto y comercializaciones con copia al jefe de la Unidad financiera y contable, para que se proceda a la retención respectiva Como desviación del control aplica retener los morosos y con incumplimiento de garantías. no autorizar el despacho de billeteria del proximo sorteo, como soporte del contro, resulta el email con la información de distribuidores a retener. | AD8: Preventivo | AE8: =IF(AD8="Preventivo",25%,IF(AD8="Detectivo",15%,IF(AD8="Correctivo",10%,""))) -> 0.25 | AF8: Manual | AG8: =IF(AF8="Manual",15%,IF(AF8="Automático",25%,"")) -> 0.15 | AH8: =+AG8+AE8 -> 0.4 | AI8: Confiable | AJ8: Sin documentar | AK8: Procedimiento gestión de cartera PRO.310.244 | AL8: =+AA8*AH8 -> 0.2 | AM8: =+AA8-AL8 -> 0.3 | AN8: =+IF(C8="Corrupción","Moderado",IF(AM9<=25%,"Bajo",IF(AM9<=50%,"Moderado",IF(AM9<=75%,"Alto",IF(AM9>75%,"Extremo",""))))) -> Moderado | AO8: Mitigar | AP8: 1 | AQ8: Adelantar la revisión periódica del procedimiento de gestión de cartera- distribuidores, y actualizar en caso de ser necesario. | AR8: Profesional de Cartera | AS8: 45607 | AT8: 45657 | AU8: Procedimiento actualizado | AV8: 45351 | BA8: 45412 | BF8: 45473 | BK8: 45535 | BP8: 45596 | BU8: 45657
AB9: Se estableció periodicidad diaria, debido a que el despacho se realiza con esta periodicidad, nivel de ocurrencia en cero, debido a que el riesgo no se ha materializado, afectación económica leve, ya que el valor en el peor caso de materializarse el riesgo estaría por debajo del 1% del patrimonio de la Lotería de Bogotá. Frente a la afectación reputacional es menor, debido a la iimagen afectada de la organización de manera interna. | AC9: Diariamente el o la tesorero (a) debe descargar los archivos de recaudo del portal de cada banco, estos archivos son remitidos vía correo electrónico al responsable encargado de cargar las consiganciones en el aplicativo interno, con el fin de verificar qué distribuidores pagaron los o el sorteo para así autorizar el despacho. Como desviación del control, es decir, cuando la consignación no refleja la identificación correcta del distribuidor, no se autoriza el despacho, hasta que se identifique el distribuidor que realizó efectivamente el pago. Como soporte del control aplican archivos de consignaciones enviados por Tesorería, y archivos cargados al sistema. | AD9: Preventivo | AE9: =IF(AD9="Preventivo",25%,IF(AD9="Detectivo",15%,IF(AD9="Correctivo",10%,""))) -> 0.25 | AF9: Manual | AG9: =IF(AF9="Manual",15%,IF(AF9="Automático",25%,"")) -> 0.15 | AH9: =+AG9+AE9 -> 0.4 | AI9: Confiable | AJ9: Sin documentar | AK9: Procedimiento gestión de cartera PRO.310.244 | AL9: =+AA9*AH9 -> 0 | AM9: =+AA9-AL9 -> 0 | AP9: 2 | AR9: Profesional de Cartera | AS9: 45607 | AT9: 45657 | AU9: Procedimiento actualizado | AV9: 45351 | BA9: 45412 | BF9: 45473 | BK9: 45535 | BP9: 45596 | BU9: 45657
A10: NO | B10: Gestión del Talento Humano | C10: Corrupción | D10: Talento humano | E10: Ejecución y administración de procesos | F10: 1. Fácil acceso a plantilla institucional de documentos de la entidad, posibilitando la realización de certificados con información falsa. 2. Intereses indebidos para la expedición de certificados | G10: RC-05 | H10: Posibilidad de afectación reputacional por expedición de certificados laborales con información falsa por un funcionario de la Unidad de Talento Humano con el fin de beneficio propio o de un tercero | I10: 1. Pérdida de credibilidad ante agentes externos. 2. Investigaciones disciplinarias y penales | J10: Diaria | K10: 0 | L10: =IF(J10="Diaria",+(K10/360),IF(J10="Mensual",+(K10/12),IF(J10="Bimestral",+(K10/6),IF(J10="Trimestral",+(K10/4),IF(J10="Semestral",+(K10/2),IF(J10="Anual",+(K10/1),"")))))) -> 0 | M10: NA | N10: =IF(M10="Menor al 1% del patrimonio de la Lotería de Bogotá",20%,IF(M10="Entre el 1% y el 3% del patrimonio de la Lotería de Bogotá",40%,IF(M10="Entre el 3% y el 6% del patrimonio de la Lotería de Bogotá",60%,IF(M10="Entre el 6% y el 10% del patrimonio de la Lotería de Bogotá",80%,IF(M10="Mayor al 10% del patrimonio de la Lotería de Bogotá",100%,IF(M10="NA",0%,"")))))) -> 0 | O10: El riesgo afecta la imagen de algún área de la organización | P10: =IF(O10="El riesgo afecta la imagen de algún área de la organización",20%,IF(O10="El riesgo afecta la imagen de la entidad internamente, de conocimiento general nivel interno, de junta directiva y accionistas y/o de proveedores",40%,IF(O10="El riesgo afecta la imagen de la entidad con algunos usuarios de relevancia frente al logro de los objetivos",60%,IF(O10="El riesgo afecta la imagen de la entidad con efecto publicitario sistenido a nivel de sector administrativo, nivel departamental o municipal",80%,IF(O10="El riesgo afecta la imagen de la entidad a nivel nacional, con efecto publicitario sistenido a nivel país",100%,IF(O10="NA",0%,"")))))) -> 0.2 | Q10: NA | R10: =IF(Q10="Interrupción de la operación por menos de un día",20%,IF(Q10="Interrupción de la operación por un día completo",40%,IF(Q10="Interrupción de la operación mayor a 1 día y menor a 2 días",60%,IF(Q10="Interrupción de la operación por dos días completos",80%,IF(Q10="Interrupción de la operación por más de dos días",100%,IF(Q10="NA",0%,"")))))) -> 0 | S10: NA | T10: Integridad | U10: =+MAX(N10,P10,R10) -> 0.2 | V10: =IF(L10<=20%,"Muy baja",IF(L10<=40%,"Baja",IF(L10<=60%,"Media",IF(L10<=80%,"Alta",IF(L10<=100%,"Muy alta",IF(L10>=100%,"Muy alta","")))))) -> Muy baja | W10: =+IFERROR(VLOOKUP(V10,[5]Fórmula!$F$1:$G$6,2,FALSE),"") -> 0.2 | X10: =IF(U10=20%,"Leve",IF(U10=40%,"Menor",IF(U10=60%,"Moderado",IF(U10=80%,"Mayor",IF(U10=100%,"Catastrófico",""))))) -> Leve | Y10: =+IFERROR(VLOOKUP(X10,[5]Fórmula!$H$1:$I$6,2,FALSE),"") -> 0.2 | Z10: =+IFERROR(VLOOKUP(V10&X10,[5]Fórmula!$C$2:$D$26,2,FALSE),"") -> Bajo | AA10: =IF(Z10="Bajo",25%,IF(Z10="Moderado",50%,IF(Z10="Alto",75%,IF(Z10="Extremo",100%,"")))) -> 0.25 | AC10: El responsable de expedición de certificados proyecta el documento de acuerdo con lo solicitado por el servidor público, posteriormente lo entrega al Jefe de talento Humano, con el fin de que este sea validado de acuerdo con los lineamientos y el requerimiento, una vez es validado se firma por parte del Jefe de Talento Humano y se envía vía correo electrónico o se entrega directamente al servidor público que realizó la solicitud. En caso de que la certificación expedida no cumpla con los lineamientos y/o lo requerido por parte del servidor público, esta se entrega al responsable de la expedición para que se ajuste de acuerdo con los lineamientos y/o requerimiento. Los soportes de ejecución de este control son: Formato de solicitud y certificados firmados y enviados | AD10: Preventivo | AE10: =IF(AD10="Preventivo",25%,IF(AD10="Detectivo",15%,IF(AD10="Correctivo",10%,""))) -> 0.25 | AF10: Manual | AG10: =IF(AF10="Manual",15%,IF(AF10="Automático",25%,"")) -> 0.15 | AH10: =+AG10+AE10 -> 0.4 | AI10: Sin documentar | AK10: =+AH10*AA10 -> 0.1 | AL10: =+AA10-AK10 -> 0.15 | AM10: =+IF(C10="Corrupción","Moderado",IF(#REF!<=25%,"Bajo",IF(#REF!<=50%,"Moderado",IF(#REF!<=75%,"Alto",IF(#REF!>75%,"Extremo",""))))) -> Moderado | AN10: Mitigar | AO10: 1 | AP10: Documentar el proceso de expedición de certificados laborales. | AQ10: Jefe Unidad de Talento Humano | AR10: 45536 | AS10: 45656 | AT10: Documentación generada | AU10: 45351 | AZ10: 45412 | BE10: 45473 | BJ10: 45535 | BO10: 45596 | BT10: 45657
A11: NO | B11: Gestión del Talento Humano | C11: Corrupción | D11: Talento humano | E11: Ejecución y administración de procesos | F11: 1. Vulneribilidad del Sistema administrativo, financiero y misional. 2. Fallas en el Sistema administrativo, financiero y misional. | G11: RC-06 | H11: Posibilidad de afectación económica y reputacional debido a liquidación errónea de la nómina con el fin de beneficio propio o de un tercero | I11: 1. Investigaciones disciplinarias. 2. Investigaciones penales. 3. Investigaciones fiscales. | J11: Mensual | K11: 0 | L11: =IF(J11="Diaria",+(K11/360),IF(J11="Mensual",+(K11/12),IF(J11="Bimestral",+(K11/6),IF(J11="Trimestral",+(K11/4),IF(J11="Semestral",+(K11/2),IF(J11="Anual",+(K11/1),"")))))) -> 0 | M11: Menor al 1% del patrimonio de la Lotería de Bogotá | N11: =IF(M11="Menor al 1% del patrimonio de la Lotería de Bogotá",20%,IF(M11="Entre el 1% y el 3% del patrimonio de la Lotería de Bogotá",40%,IF(M11="Entre el 3% y el 6% del patrimonio de la Lotería de Bogotá",60%,IF(M11="Entre el 6% y el 10% del patrimonio de la Lotería de Bogotá",80%,IF(M11="Mayor al 10% del patrimonio de la Lotería de Bogotá",100%,IF(M11="NA",0%,"")))))) -> 0.2 | O11: El riesgo afecta la imagen de la entidad internamente, de conocimiento general nivel interno, de junta directiva y accionistas y/o de proveedores | P11: =IF(O11="El riesgo afecta la imagen de algún área de la organización",20%,IF(O11="El riesgo afecta la imagen de la entidad internamente, de conocimiento general nivel interno, de junta directiva y accionistas y/o de proveedores",40%,IF(O11="El riesgo afecta la imagen de la entidad con algunos usuarios de relevancia frente al logro de los objetivos",60%,IF(O11="El riesgo afecta la imagen de la entidad con efecto publicitario sistenido a nivel de sector administrativo, nivel departamental o municipal",80%,IF(O11="El riesgo afecta la imagen de la entidad a nivel nacional, con efecto publicitario sistenido a nivel país",100%,IF(O11="NA",0%,"")))))) -> 0.4 | Q11: NA | R11: =IF(Q11="Interrupción de la operación por menos de un día",20%,IF(Q11="Interrupción de la operación por un día completo",40%,IF(Q11="Interrupción de la operación mayor a 1 día y menor a 2 días",60%,IF(Q11="Interrupción de la operación por dos días completos",80%,IF(Q11="Interrupción de la operación por más de dos días",100%,IF(Q11="NA",0%,"")))))) -> 0 | S11: NA | T11: Integridad | U11: =+MAX(N11,P11,R11) -> 0.4 | V11: =IF(L11<=20%,"Muy baja",IF(L11<=40%,"Baja",IF(L11<=60%,"Media",IF(L11<=80%,"Alta",IF(L11<=100%,"Muy alta",IF(L11>=100%,"Muy alta","")))))) -> Muy baja | W11: =+IFERROR(VLOOKUP(V11,[5]Fórmula!$F$1:$G$6,2,FALSE),"") -> 0.2 | X11: =IF(U11=20%,"Leve",IF(U11=40%,"Menor",IF(U11=60%,"Moderado",IF(U11=80%,"Mayor",IF(U11=100%,"Catastrófico",""))))) -> Menor | Y11: =+IFERROR(VLOOKUP(X11,[5]Fórmula!$H$1:$I$6,2,FALSE),"") -> 0.4 | Z11: =+IFERROR(VLOOKUP(V11&X11,[5]Fórmula!$C$2:$D$26,2,FALSE),"") -> Bajo | AA11: =IF(Z11="Bajo",25%,IF(Z11="Moderado",50%,IF(Z11="Alto",75%,IF(Z11="Extremo",100%,"")))) -> 0.25 | AC11: El Profesional de nómina, cinco días hábiles de anticipación a la liquidación de la nómina, debe crear en el módulo de Talento Humano/ nómina, del aplicativo administrativo y financiero, el periodo de la nómina a construir, con esto debe ingresar todas las novedades reportadas y así liquidar la pre nómina. Debe revisar si todas las novedades están incluidas, si está liquidando todos los conceptos de nómina, si está completa con todos los funcionarios y verificar los cálculos de las novedades excepcionales. Antes del cierre el Jefe de la unidad de Talento humano debe revisar (novedades incluidas, cálculos aleatorios de novedades excepcionales). Después de la revisión por parte del Jefe de la Unidad de Talento Humano, la Secretaría General revisa la pre nómina, y una vez revisada, el Jefe de la Unidad de TH procede a efectuar el cierre. En caso de que el módulo nómina del aplicativo administrativo y financiero, no esté realizando la liquidación de la nómina, conforme con las novedades y términos establecidos por la normativa, la Jefe de talento Humano o quien delegue debe solicitar soporte de las inconsistencias a la mesa de ayuda. Los soportes de ejecución de este control son: revisiones realizadas a Pre nóminas, soportes de novedades, solicitudes realizadas vía correos electrónicos, a la mesa de ayudas con inconsistencias. | AD11: Preventivo | AE11: =IF(AD11="Preventivo",25%,IF(AD11="Detectivo",15%,IF(AD11="Correctivo",10%,""))) -> 0.25 | AF11: Manual | AG11: =IF(AF11="Manual",15%,IF(AF11="Automático",25%,"")) -> 0.15 | AH11: =+AG11+AE11 -> 0.4 | AI11: Documentado | AJ11: Procedimiento liquidación nómina PRO.320-221-8. | AK11: =+AH11*AA11 -> 0.1 | AL11: =+AA11-AK11 -> 0.15 | AM11: =+IF(C11="Corrupción","Moderado",IF(AL12<=25%,"Bajo",IF(AL12<=50%,"Moderado",IF(AL12<=75%,"Alto",IF(AL12>75%,"Extremo",""))))) -> Moderado | AN11: Mitigar | AO11: 1 | AU11: 45351 | AZ11: 45412 | BE11: 45473 | BJ11: 45535 | BO11: 45596 | BT11: 45657
AC12: El Jefe de Talento Humano o quien delegue, previa validación de la nómina, envía para revisión de la Secretaría General la prenómina con los soportes correspondientes (vía correo electrónico). Si la Secretaría General solicita algún ajuste frente a la prenómina, el responsable de la Unidad de Talento Humano valida, y ajusta, luego envía de nuevo la prenómina a la Secretaría General, previa validación por parte del Jefe de la Unidad de Talento Humano Los soportes de ejecución de este control son: revisiones realizadas a Pre nóminas, soportes de novedades, envío correo electrónico de la prenomina para revisión de la Secretaria General. | AD12: Preventivo | AE12: =IF(AD12="Preventivo",25%,IF(AD12="Detectivo",15%,IF(AD12="Correctivo",10%,""))) -> 0.25 | AF12: Manual | AG12: =IF(AF12="Manual",15%,IF(AF12="Automático",25%,"")) -> 0.15 | AH12: =+AG12+AE12 -> 0.4 | AI12: Sin documentar | AK12: =+AL11*AH12 -> 0.06 | AL12: =+AL11-AK12 -> 0.09 | AO12: 2 | AU12: 45351 | AZ12: 45412 | BE12: 45473 | BJ12: 45535 | BO12: 45596 | BT12: 45657
A13: NO | B13: Gestión del Talento Humano | C13: Corrupción | D13: Talento humano | E13: Ejecución y administración de procesos | F13: 1. Intereses indebidos para la vinculación de talento humano. | G13: RC-07 | H13: Posibilidad de afectación reputacional por expedición de certificados experiencia e idoneidad sin el lleno de requisitos con el fin de beneficio propio o de un tercero | I13: 1. Investigaciones disciplinarias. | J13: Diaria | K13: 0 | L13: =IF(J13="Diaria",+(K13/360),IF(J13="Mensual",+(K13/12),IF(J13="Bimestral",+(K13/6),IF(J13="Trimestral",+(K13/4),IF(J13="Semestral",+(K13/2),IF(J13="Anual",+(K13/1),"")))))) -> 0 | M13: NA | N13: =IF(M13="Menor al 1% del patrimonio de la Lotería de Bogotá",20%,IF(M13="Entre el 1% y el 3% del patrimonio de la Lotería de Bogotá",40%,IF(M13="Entre el 3% y el 6% del patrimonio de la Lotería de Bogotá",60%,IF(M13="Entre el 6% y el 10% del patrimonio de la Lotería de Bogotá",80%,IF(M13="Mayor al 10% del patrimonio de la Lotería de Bogotá",100%,IF(M13="NA",0%,"")))))) -> 0 | O13: El riesgo afecta la imagen de algún área de la organización | P13: =IF(O13="El riesgo afecta la imagen de algún área de la organización",20%,IF(O13="El riesgo afecta la imagen de la entidad internamente, de conocimiento general nivel interno, de junta directiva y accionistas y/o de proveedores",40%,IF(O13="El riesgo afecta la imagen de la entidad con algunos usuarios de relevancia frente al logro de los objetivos",60%,IF(O13="El riesgo afecta la imagen de la entidad con efecto publicitario sistenido a nivel de sector administrativo, nivel departamental o municipal",80%,IF(O13="El riesgo afecta la imagen de la entidad a nivel nacional, con efecto publicitario sistenido a nivel país",100%,IF(O13="NA",0%,"")))))) -> 0.2 | Q13: NA | R13: =IF(Q13="Interrupción de la operación por menos de un día",20%,IF(Q13="Interrupción de la operación por un día completo",40%,IF(Q13="Interrupción de la operación mayor a 1 día y menor a 2 días",60%,IF(Q13="Interrupción de la operación por dos días completos",80%,IF(Q13="Interrupción de la operación por más de dos días",100%,IF(Q13="NA",0%,"")))))) -> 0 | S13: NA | T13: Integridad | U13: =+MAX(N13,P13,R13) -> 0.2 | V13: =IF(L13<=20%,"Muy baja",IF(L13<=40%,"Baja",IF(L13<=60%,"Media",IF(L13<=80%,"Alta",IF(L13<=100%,"Muy alta",IF(L13>=100%,"Muy alta","")))))) -> Muy baja | W13: =+IFERROR(VLOOKUP(V13,[5]Fórmula!$F$1:$G$6,2,FALSE),"") -> 0.2 | X13: =IF(U13=20%,"Leve",IF(U13=40%,"Menor",IF(U13=60%,"Moderado",IF(U13=80%,"Mayor",IF(U13=100%,"Catastrófico",""))))) -> Leve | Y13: =+IFERROR(VLOOKUP(X13,[5]Fórmula!$H$1:$I$6,2,FALSE),"") -> 0.2 | Z13: =+IFERROR(VLOOKUP(V13&X13,[5]Fórmula!$C$2:$D$26,2,FALSE),"") -> Bajo | AA13: =IF(Z13="Bajo",25%,IF(Z13="Moderado",50%,IF(Z13="Alto",75%,IF(Z13="Extremo",100%,"")))) -> 0.25 | AC13: El responsable de la Unidad de Talento Humano cada vez que se deba expedir un certificado de experiencia e idoneidad (según solicitud), debe verificar los certificados de estudios (tarjetas profesionales y diplomas presentadas por el aspirante), así como la experiencia relacionada con el objeto del contrato (Revisar las certificaciones y tiempo de experiencia); una vez verificada la información, procede a elaborar la certificación para validación y firma por parte del Jefe de la Oficina de Talento Humano. En caso de que el aspirante no cumpla con los requisitos de idoneidad (estudios y/o experiencia), esta certificación no se expide y se informa a través de un correo electrónico informando las causas de la no expedición. Los soportes de ejecución de este control son: Formato Certificado de Idoneidad firmado por el Jefe de la Oficina de Talento Humano. | AD13: Preventivo | AE13: =IF(AD13="Preventivo",25%,IF(AD13="Detectivo",15%,IF(AD13="Correctivo",10%,""))) -> 0.25 | AF13: Manual | AG13: =IF(AF13="Manual",15%,IF(AF13="Automático",25%,"")) -> 0.15 | AH13: =+AG13+AE13 -> 0.4 | AI13: Sin documentar | AK13: =+AH13*AA13 -> 0.1 | AL13: =+AA13-AK13 -> 0.15 | AM13: =+IF(C13="Corrupción","Moderado",IF(#REF!<=25%,"Bajo",IF(#REF!<=50%,"Moderado",IF(#REF!<=75%,"Alto",IF(#REF!>75%,"Extremo",""))))) -> Moderado | AN13: Mitigar | AO13: 1 | AP13: Documentar el proceso de expedición de certificados de experiencia e idoneidad. | AQ13: Jefe Unidad de Talento Humano | AR13: 45536 | AS13: 45656 | AT13: Documentación generada | AU13: 45351 | AZ13: 45412 | BE13: 45473 | BJ13: 45535 | BO13: 45596 | BT13: 45657
A14: NO | B14: Gestión Financiera y Contable | C14: Corrupción | D14: Talento humano | E14: Fraude interno | F14: 1. Hurto intencionado por parte de funcionarios y/o terceros. 2. Filtración de información de seguridad en las combinaciones de la cajas fuertes. 3. Falta de controles adecuados en el manejo de los tokens, claves bancarias y seguridad en la custodia de los títulos valores. | G14: RC-08 | H14: Posibilidad de afectación económica y reputacional por pérdida de títulos de valor y/o recursos en depósitos en cuentas bancarias en entidades financieras, con el fin de un beneficio propio o de terceros | I14: 1. Reposición de título valor por pérdida 2. Uso no autorizado de títulos valor 3. Pérdida de recursos 4. Procesos disciplinarios y fiscales 5. Hallazgos de entes de control | J14: Semanal | K14: 0 | L14: =IF(J14="Diaria",+(K14/360),IF(J14="Semanal",+(K14/52),IF(J14="Mensual",+(K14/12),IF(J14="Bimestral",+(K14/6),IF(J14="Trimestral",+(K14/4),IF(J14="Semestral",+(K14/2),IF(J14="Anual",+(K14/1),""))))))) -> 0 | M14: Entre el 1% y el 3% del patrimonio de la Lotería de Bogotá | N14: =IF(M14="Menor al 1% del patrimonio de la Lotería de Bogotá",20%,IF(M14="Entre el 1% y el 3% del patrimonio de la Lotería de Bogotá",40%,IF(M14="Entre el 3% y el 6% del patrimonio de la Lotería de Bogotá",60%,IF(M14="Entre el 6% y el 10% del patrimonio de la Lotería de Bogotá",80%,IF(M14="Mayor al 10% del patrimonio de la Lotería de Bogotá",100%,IF(M14="NA",0%,"")))))) -> 0.4 | O14: El riesgo afecta la imagen de la entidad internamente, de conocimiento general nivel interno, de junta directiva y accionistas y/o de proveedores | P14: =IF(O14="El riesgo afecta la imagen de algún área de la organización",20%,IF(O14="El riesgo afecta la imagen de la entidad internamente, de conocimiento general nivel interno, de junta directiva y accionistas y/o de proveedores",40%,IF(O14="El riesgo afecta la imagen de la entidad con algunos usuarios de relevancia frente al logro de los objetivos",60%,IF(O14="El riesgo afecta la imagen de la entidad con efecto publicitario sistenido a nivel de sector administrativo, nivel departamental o municipal",80%,IF(O14="El riesgo afecta la imagen de la entidad a nivel nacional, con efecto publicitario sistenido a nivel país",100%,IF(O14="NA",0%,"")))))) -> 0.4 | Q14: NA | R14: =IF(Q14="Interrupción de la operación por menos de un día",20%,IF(Q14="Interrupción de la operación por un día completo",40%,IF(Q14="Interrupción de la operación mayor a 1 día y menor a 2 días",60%,IF(Q14="Interrupción de la operación por dos días completos",80%,IF(Q14="Interrupción de la operación por más de dos días",100%,IF(Q14="NA",0%,"")))))) -> 0 | S14: Servicios | T14: Confidencialidad | U14: =+MAX(N14,P14,R14) -> 0.4 | V14: =IF(L14<=20%,"Muy baja",IF(L14<=40%,"Baja",IF(L14<=60%,"Media",IF(L14<=80%,"Alta",IF(L14<=100%,"Muy alta",IF(L14>=100%,"Muy alta","")))))) -> Muy baja | W14: =+IFERROR(VLOOKUP(V14,[6]Fórmula!$F$1:$G$6,2,FALSE),"") -> 0.2 | X14: Moderado | Y14: =+IFERROR(VLOOKUP(X14,[6]Fórmula!$H$1:$I$6,2,FALSE),"") -> 0.6 | Z14: =+IFERROR(VLOOKUP(V14&X14,[6]Fórmula!$C$2:$D$26,2,FALSE),"") -> Moderado | AA14: =IF(Z14="Bajo",25%,IF(Z14="Moderado",50%,IF(Z14="Alto",75%,IF(Z14="Extremo",100%,"")))) -> 0.5 | AB14: La periodicidad se estableció en semanal, y nivel de ocurrencia cero, ya que el riesgo no se ha materializado. En afectación económica es menor debido a que podría llegar a afectar la disponibilidad de recursos de la entidad. La afectación reputacional también es menor, debido a las instancias donde se afectaría la imagen de la Lotería de Bogotá. | AC14: El Tesorero General diariamente verifica los tokens de las entidades bancarias, registrando el inventario diario en un archivo excel que se compara con los token físicos para llevar el control de estos . En caso de no registrarse se hará el recuento del último registro para que coincida con el número de tokens. Como evidencia se deja el archivo excel . | AD14: Preventivo | AE14: =IF(AD14="Preventivo",25%,IF(AD14="Detectivo",15%,IF(AD14="Correctivo",10%,""))) -> 0.25 | AF14: Manual | AG14: =IF(AF14="Manual",15%,IF(AF14="Automático",25%,"")) -> 0.15 | AH14: =+AG14+AE14 -> 0.4 | AI14: Documentado | AJ14: Procedimiento gestión de egresos PRO-310-246-9 Protocolo de seguridad y manejo de las cuentas | AK14: =+AA14*AH14 -> 0.2 | AL14: =+AA14-AK14 -> 0.3 | AM14: =+IF(C14="Corrupción","Moderado",IF(AL16<=25%,"Bajo",IF(AL16<=50%,"Moderado",IF(AL16<=75%,"Alto",IF(AL16>75%,"Extremo",""))))) -> Moderado | AN14: Mitigar | AO14: 1 | AP14: Dar cumplimiento al Protocolo de seguridad y manejo de las cuentas | AQ14: Tesorero(a) Auxiliar Administrativo de Tesorería Jefe Unidad Financiera y Contable | AR14: 45292 | AS14: 45657 | AT14: Soportes de implementación del Protocolo de seguridad y manejo de las cuentas | AU14: 45351 | AZ14: 45412 | BE14: 45473 | BJ14: 45535 | BO14: 45596 | BT14: 45657
AC15: La tesorera y el funcionario auxiliar de tesorería, verifican que se encuentren en custodia en las bovedas de seguridad los documentos tales como: , chequeras en uso, documentos bancarios que lo ameriten y sellos secos para los cheques; para lo anterior se cuenta con dos ( 2 ) cajas fuertes, una en la Oficina de la Tesorería General, y la segunda en la Oficina del Auxiliar de Tesorería, cada uno maneja y conoce la clave de la caja fuerte de su oficina, esas claves son conocidas únicamente por estos responsables, esto se realiza con el fin de proteger y salvaduardar dichos documentos . Como descisión sobre la desviación del control, y con el fin de evitar la interrupción de la operación del proceso, el Tesorero General entregará ala secretaria general,y/o Jefe de la Unidad Financiera y Contable un sobre sellado con la relación de tokens y clave de las bóvedas de seguridad, que se utilizará en caso de fuerza mayor, quién será el responsable del manejo de esta información. Como soporte del control, estan los documentos custodiados y elementos en las bovedas de seguridad. | AD15: Preventivo | AE15: =IF(AD15="Preventivo",25%,IF(AD15="Detectivo",15%,IF(AD15="Correctivo",10%,""))) -> 0.25 | AF15: Manual | AG15: =IF(AF15="Manual",15%,IF(AF15="Automático",25%,"")) -> 0.15 | AH15: =+AG15+AE15 -> 0.4 | AI15: Documentado | AJ15: Protocolo de seguridad y manejo de las cuentas | AK15: =+AL14*AH15 -> 0.12 | AL15: =+AL14-AK15 -> 0.18 | AO15: 2 | AP15: Diseñar e implementar un formato de Relación de Tokens manejo Tesorería | AQ15: Tesorera | AR15: 45292 | AS15: 45657 | AT15: Formato de Relación de Tokens manejo Tesorería, | AU15: 45351 | AZ15: 45412 | BE15: 45473 | BJ15: 45535 | BO15: 45596 | BT15: 45657
AC16: El Tesorero General mensualmente verifica el inventario de títulos valores (cheques, CDT) que reposan en la caja fuerte y realiza el inventario físico de los CDTS en custodia y de los cheques; y con el auxiliar de tesorería elaboran actas con el inventario de estos, con el objetivo de que las cantidades concuerden con los inventarios anteriores. Dentro de estas actas se relacionan: el banco, la cuenta y el número del cheque con su intervalo. El acta debe estar firmada por los dos involucrados, relacionando fecha y hora de la actividad. Si existe perdida de algún título valor se debe solicitar al banco el no pago del título valor y seguir el protocolo establecido por el banco. Como evidencia se dejan las actas de inventario. | AD16: Preventivo | AE16: =IF(AD16="Preventivo",25%,IF(AD16="Detectivo",15%,IF(AD16="Correctivo",10%,""))) -> 0.25 | AF16: Manual | AG16: =IF(AF16="Manual",15%,IF(AF16="Automático",25%,"")) -> 0.15 | AH16: =+AG16+AE16 -> 0.4 | AI16: Documentado | AJ16: Protocolo de seguridad y manejo de las cuentas | AK16: =+AL15*AH16 -> 0.072 | AL16: =+AL15-AK16 -> 0.108 | AO16: 3 | AP16: Elaborar el Inventario mensual de títulos valores (cheques, CDT) | AQ16: Tesorero(a) Auxiliar Administrativo de Tesorería | AR16: 45292 | AS16: 45657 | AT16: Inventario mensual de títulos valores | AU16: 45351 | AZ16: 45412 | BE16: 45473 | BJ16: 45535 | BO16: 45596 | BT16: 45657
A17: NO | B17: Gestión de Bienes y Servicios | C17: Corrupción | D17: Talento humano | E17: Fraude interno | F17: 1. Inadecuado control de inventarios 2. Inadecaudo sitio de almacenamiento 3. Falta de mantenimiento a los bienes 4. Incumplimiento de las condiciones de manipulación y almacenamiento de los bienes 5. Ingreso a bodegas de personal no autorizado | G17: RC-09 | H17: Posibilidad de afectación económica por la pérdida o deterioro de elementos o bienes de la Lotería con el fin de ocasionar daño o beneficio a terceros. | I17: 1. Perjuicios economicos para la entidad 2. Incumplimiento en las entregas 3. Procesos disciplinarios 4. Procesos penales | J17: Trimestral | K17: 0 | L17: =IF(J17="Diaria",+(K17/360),IF(J17="Mensual",+(K17/12),IF(J17="Bimestral",+(K17/6),IF(J17="Trimestral",+(K17/4),IF(J17="Semestral",+(K17/2),IF(J17="Anual",+(K17/1),"")))))) -> 0 | M17: Menor al 1% del patrimonio de la Lotería de Bogotá | N17: =IF(M17="Menor al 1% del patrimonio de la Lotería de Bogotá",20%,IF(M17="Entre el 1% y el 3% del patrimonio de la Lotería de Bogotá",40%,IF(M17="Entre el 3% y el 6% del patrimonio de la Lotería de Bogotá",60%,IF(M17="Entre el 6% y el 10% del patrimonio de la Lotería de Bogotá",80%,IF(M17="Mayor al 10% del patrimonio de la Lotería de Bogotá",100%,IF(M17="NA",0%,"")))))) -> 0.2 | O17: NA | P17: =IF(O17="El riesgo afecta la imagen de algún área de la organización",20%,IF(O17="El riesgo afecta la imagen de la entidad internamente, de conocimiento general nivel interno, de junta directiva y accionistas y/o de proveedores",40%,IF(O17="El riesgo afecta la imagen de la entidad con algunos usuarios de relevancia frente al logro de los objetivos",60%,IF(O17="El riesgo afecta la imagen de la entidad con efecto publicitario sistenido a nivel de sector administrativo, nivel departamental o municipal",80%,IF(O17="El riesgo afecta la imagen de la entidad a nivel nacional, con efecto publicitario sistenido a nivel país",100%,IF(O17="NA",0%,"")))))) -> 0 | Q17: NA | R17: =IF(Q17="Interrupción de la operación por menos de un día",20%,IF(Q17="Interrupción de la operación por un día completo",40%,IF(Q17="Interrupción de la operación mayor a 1 día y menor a 2 días",60%,IF(Q17="Interrupción de la operación por dos días completos",80%,IF(Q17="Interrupción de la operación por más de dos días",100%,IF(Q17="NA",0%,"")))))) -> 0 | S17: Hardware y software | T17: Disponibilidad | U17: =+MAX(N17,P17,R17) -> 0.2 | V17: =IF(L17<=20%,"Muy baja",IF(L17<=40%,"Baja",IF(L17<=60%,"Media",IF(L17<=80%,"Alta",IF(L17<=100%,"Muy alta",IF(L17>=100%,"Muy alta","")))))) -> Muy baja | W17: =+IFERROR(VLOOKUP(V17,Fórmula!$F$1:$G$6,2,FALSE),"") -> 0.2 | X17: Moderado | Y17: =+IFERROR(VLOOKUP(X17,Fórmula!$H$1:$I$6,2,FALSE),"") -> 0.6 | Z17: Moderado | AA17: =IF(Z17="Bajo",25%,IF(Z17="Moderado",50%,IF(Z17="Alto",75%,IF(Z17="Extremo",100%,"")))) -> 0.5 | AB17: Se definió la probabilidad de carácter trimestral debido a que la ejecución de los controles que ejecuta el almacenista tiene esa periodicidad. Se definió en cero el nivel de ocurrencia por año, debido a que el riesgo no se ha materializado en los últimos seis años. La afectación económica en ningún caso llega a calcularse en el 1% del patrimonio de la Lotería de Bogotá, razón por la cual se estableció en leve. | AC17: El almacenista trimestralmente verificará las existencias de consumo y publicidad a través del aplicativo en el cual se relacionan las cantidades existentes por sistema de cada elemento de consumo, y se confronta con el físico de la bodega del sotano del almacén y el almacén de los promocionales. La almacenista realiza control de consumo por área de acuerdo al historíco de consumo. Si existen desviaciones del control, el Almacenista se debe informar por correo electrónico al jefe del area sobre las diferencias detectadas y se debe identificar las causas del descuadre. Realizando un análisis de la trazabilidad de los movimientos. El soporte del control son los listados de existencias. | AD17: Preventivo | AE17: =IF(AD17="Preventivo",25%,IF(AD17="Detectivo",15%,IF(AD17="Correctivo",10%,""))) -> 0.25 | AF17: Manual | AG17: =IF(AF17="Manual",15%,IF(AF17="Automático",25%,"")) -> 0.15 | AH17: =+AG17+AE17 -> 0.4 | AI17: Documentado | AJ17: Procedimiento de administración de bienes y/o elementos devolutivos PRO.330.238 | AK17: Continua | AL17: Trimestral | AM17: Listados de existencias | AN17: Asignado | AO17: Almacenista Jefe Unidad de bienes y servicios | AP17: Adecuado | AQ17: =+AH17*AA17 -> 0.2 | AR17: =+AA17-AQ17 -> 0.3 | AS17: =+IF(C17="Corrupción","Moderado",IF(AR22<=25%,"Bajo",IF(AR22<=50%,"Moderado",IF(AR22<=75%,"Alto",IF(AR22>75%,"Extremo",""))))) -> Moderado | AT17: Mitigar | AU17: 1 | AV17: La Almacenista de manera aleatoria verificará los bienes a cargo de funcionarios de la entidad | AW17: Jefe Unidad de Recursos Físicos - Almacenista - CIGYD | AX17: 45536 | AY17: 45657 | AZ17: Inventario firmado Acta de verificación | BA17: 45351 | BF17: 45412 | BK17: 45473 | BP17: 45535 | BU17: 45596 | BZ17: 45657
AC18: El almacenisma anualmente (enero con corte 31 de diciembre) debe realizar la verificación de existencias en almacén y el inventario individual de cada funcionario través del aplicativo. El individiual se envia por email a cada funcionario con el fin de verificar que la relacion corresponda a la realidad y se confronta con el físico de la bodega del sotano del almacén y el almacén de los promocionales. Si se detectan desviaciones en la ejecución del control, se debe informar por correo electrónico al jefe del area sobre las diferencias detectadas y se debe identificar las causas del descuadre. Realizando un análisis de la trazabilidad de los movimientos. Se otorga un plazo (3 días) para que el funcionario ubique el elemento, el almacenista debe informar a Secretaría General para iniciar un proceso disciplinario. Como soporte del control, la evidencia son los listados de existencias, actas de verificación, e inventarios individuales firmados por los funcionarios. | AD18: Preventivo | AE18: =IF(AD18="Preventivo",25%,IF(AD18="Detectivo",15%,IF(AD18="Correctivo",10%,""))) -> 0.25 | AF18: Manual | AG18: =IF(AF18="Manual",15%,IF(AF18="Automático",25%,"")) -> 0.15 | AH18: =+AG18+AE18 -> 0.4 | AI18: Documentado | AJ18: Procedimiento de inventario PRO.330.240 | AK18: Continua | AL18: Anual | AM18: Listados de existencias Acta de verificación Inventarios individuales firmados por los funcionarios. | AN18: Asignado | AO18: Almacenista Jefe Unidad de Recursos Físicos | AP18: Adecuado | AQ18: =+AR17*AH18 -> 0.12 | AR18: =+AR17-AQ18 -> 0.18 | AU18: 2 | AV18: La Almacenista enviará los inventarios individuales de manera semestral a todos los funcionarios de la entidad. | AW18: Jefe Unidad de Recursos Físicos | AX18: 45536 | AY18: 45657 | AZ18: Inventarios individuales enviados por correo institucional. | BA18: 45351 | BF18: 45412 | BK18: 45473 | BP18: 45535 | BU18: 45596 | BZ18: 45657
AC19: El Almacenista, cada vez que un funcionario presente alguna de las siguientes situaciones administrativas: 1.Vacaciones, 2. Traslados, 3. Retiros, verifica el inventario entregado por el funcionario asignado en el aplicativo. Si se identifica desviación del control, se otorga el plazo (3 días) para que el funcionario ubique el elemento, el almacenista debe informar a Secretaría General para iniciar un proceso disciplinario Como soporte de la ejecución del control, resulta: acta de entrega para traslado y vacaciones, formato para retiro de funcionarios y contratistas. | AD19: Preventivo | AE19: =IF(AD19="Preventivo",25%,IF(AD19="Detectivo",15%,IF(AD19="Correctivo",10%,""))) -> 0.25 | AF19: Manual | AG19: =IF(AF19="Manual",15%,IF(AF19="Automático",25%,"")) -> 0.15 | AH19: =+AG19+AE19 -> 0.4 | AI19: Documentado | AJ19: Procedimiento de inventario PRO.330.240 | AK19: Aleatoria | AL19: Cada vez que suceda la novedad | AM19: Paz y salvo | AN19: Asignado | AO19: Almacenista Jefe Unidad de Recursos Físicos | AP19: Adecuado | AQ19: =+AR18*AH19 -> 0.072 | AR19: =+AR18-AQ19 -> 0.108 | AU19: 3 | AW19: Almacenista Jefe Unidad de Recursos Físicos | AX19: 45292 | AY19: 45657 | BA19: 45351 | BF19: 45412 | BK19: 45473 | BP19: 45535 | BU19: 45596 | BZ19: 45657
AC20: El Jefe de la Unidad de Recursos Físicos, como supervisora del contrato de seguridad y vigilancia, mensualmente debe verificar el cumplimiento de las obligaciones del contrato, incluyendo la revisión de la bitácora de vigilancia que se diligencia diariamente, con el fin de identificar novedades frente al ingreso y retiro de bienes de la Lotería de Bogotá. Si se presenta una desviación, es decir, si se identifica alguna novedad frente a retiro de bienes de la entidad no autorizado, se informará a Secretaría General, para tomar las medidas pertinentes. Como soporte de la ejecución del control resulta el informe mensual de cumplimiento de actividades del contrato de seguridad y viligancia, en conjunto con la bitácora alimentada diariamente. | AD20: Preventivo | AE20: =IF(AD20="Preventivo",25%,IF(AD20="Detectivo",15%,IF(AD20="Correctivo",10%,""))) -> 0.25 | AF20: Manual | AG20: =IF(AF20="Manual",15%,IF(AF20="Automático",25%,"")) -> 0.15 | AH20: =+AG20+AE20 -> 0.4 | AI20: Documentado | AJ20: PRO103-235 Procedimiento Seguimiento Contractual | AK20: Continua | AL20: Permanente | AM20: Soporte de mantenimiento preventivo realizado por la Lotería de Bogotá. | AN20: Asignado | AO20: Supervisor del contrato de vigilancia | AP20: Adecuado | AQ20: =+AR19*AH20 -> 0.0432 | AR20: =+AR19-AQ20 -> 0.0648 | AU20: 4 | AW20: Supervisor del contrato de vigilancia | AX20: 45292 | AY20: 45657 | BA20: 45351 | BF20: 45412 | BK20: 45473 | BP20: 45535 | BU20: 45596 | BZ20: 45657
AC21: El jefe de la Unidad de Recursos Físicos anualmente debe verificar la elaboración del contrato de seguros con el fin de proteger los bienes patrimoniales de la entidad, muebles e inmuebles, maquinaria y equipos. Se gestionan las siguientes pólizas: 1. Todo Riesgo daños combinados, 2. Poliza de manejo, 3. Poliza contra hurto. Cada vez que ingrese un nuevo bien de muebles y enseres, la Jefe de la Unidad de Recursos Físicos debe solicitar la póliza para asegurar dicho bien. Si se detectan desviaciones en la ejecución del control, si hay compra de nuevos bienes o pérdida de elementos, se debe informar a la aseguradora para los fines pertinentes. Como soporte de la ejecución del control resultan las pólizas físicas, copia digital en la red de la Unidad de Recursos Físicos. | AD21: Preventivo | AE21: =IF(AD21="Preventivo",25%,IF(AD21="Detectivo",15%,IF(AD21="Correctivo",10%,""))) -> 0.25 | AF21: Manual | AG21: =IF(AF21="Manual",15%,IF(AF21="Automático",25%,"")) -> 0.15 | AH21: =+AG21+AE21 -> 0.4 | AI21: Documentado | AJ21: Procedimiento de administración de bienes y/o elementos devolutivos PRO.330.238 | AK21: Continua | AL21: Anual | AM21: Polizas físicas copia digital en la red de RF | AN21: No Asignado | AO21: Jefe Unidad de Recursos Físicos | AP21: Adecuado | AQ21: =+AR20*AH21 -> 0.02592 | AR21: =+AR20-AQ21 -> 0.03888 | AU21: 5 | AW21: Jefe Unidad de Recursos Físicos | AX21: 45292 | AY21: 45657 | BA21: 45351 | BF21: 45412 | BK21: 45473 | BP21: 45535 | BU21: 45596 | BZ21: 45657
AC22: El Jefe de la Unidad de Recursos Físicos semestralmente realizará visita con el fin de verificar las condiciones del sitio, manipulación y almacenamiento de los bienes de la entidad. Si se presenta una desviación del control, es decir, si el Jefe de la Unidad de Recursos Físicos identifica que el sitio, manipulación o almacenamiento de los bienes es inadecuado, realizará el reporte ante Secretaría General, para la formulación de la estrategia para solucionar la novedad. Adicionalmente, si en la visita se identifica que existen bienes que requieren mantenimiento, se realizará la gestión correspondiente para realizar el mantenimiento a los bienes que lo requieran, además de la ejecución del cronograma de mantenimiento anual que ejecuta la Unidad. Como soporte de la ejecución del control, resultará el acta de visita realizada por parte del Jefe de la Unidad de Recursos Físicos, así como el seguimiento al cronograma anual de mantenimiento. | AD22: Preventivo | AE22: =IF(AD22="Preventivo",25%,IF(AD22="Detectivo",15%,IF(AD22="Correctivo",10%,""))) -> 0.25 | AF22: Manual | AG22: =IF(AF22="Manual",15%,IF(AF22="Automático",25%,"")) -> 0.15 | AH22: =+AG22+AE22 -> 0.4 | AI22: Sin documentar | AJ22: N/A | AV22: Documentar el control. | AW22: Jefe Unidad de Recursos Físicos | AX22: 45323 | AY22: 45657 | AZ22: Documentación del control | BA22: 45351 | BF22: 45412 | BK22: 45473 | BP22: 45535 | BU22: 45596 | BZ22: 45657
A23: NO | B23: Gestión de Bienes y Servicios | C23: Corrupción | D23: Talento humano | E23: Fraude interno | F23: 1. Desconocimiento por parte del supervisor de sus deberes y las obligaciones del contratista. 2. Omisión de requisitos para favorecer un tercero 3. Falta de claridad en los entregables y obligaciones del proveedor o contratista 4. Falta de seguimiento y control al trabajo que debe reportar el contratista a los supervisores | G23: RC-10 | H23: Posibilidad de realizar inadecuada supervisión de contratos con el fin de favorecer a un tercero. | I23: 1. Incumplimiento contractual 2. Perjuicios económicos para la entidad 3. Desgaste administrativo 4. Procesos disciplinarios 5. Procesos jurídicos | J23: Mensual | K23: 2 | L23: =IF(J23="Diaria",+(K23/360),IF(J23="Mensual",+(K23/12),IF(J23="Bimestral",+(K23/6),IF(J23="Trimestral",+(K23/4),IF(J23="Semestral",+(K23/2),IF(J23="Anual",+(K23/1),"")))))) -> 0.16666667 | M23: Menor al 1% del patrimonio de la Lotería de Bogotá | N23: =IF(M23="Menor al 1% del patrimonio de la Lotería de Bogotá",20%,IF(M23="Entre el 1% y el 3% del patrimonio de la Lotería de Bogotá",40%,IF(M23="Entre el 3% y el 6% del patrimonio de la Lotería de Bogotá",60%,IF(M23="Entre el 6% y el 10% del patrimonio de la Lotería de Bogotá",80%,IF(M23="Mayor al 10% del patrimonio de la Lotería de Bogotá",100%,IF(M23="NA",0%,"")))))) -> 0.2 | O23: El riesgo afecta la imagen de la entidad internamente, de conocimiento general nivel interno, de junta directiva y accionistas y/o de proveedores | P23: =IF(O23="El riesgo afecta la imagen de algún área de la organización",20%,IF(O23="El riesgo afecta la imagen de la entidad internamente, de conocimiento general nivel interno, de junta directiva y accionistas y/o de proveedores",40%,IF(O23="El riesgo afecta la imagen de la entidad con algunos usuarios de relevancia frente al logro de los objetivos",60%,IF(O23="El riesgo afecta la imagen de la entidad con efecto publicitario sistenido a nivel de sector administrativo, nivel departamental o municipal",80%,IF(O23="El riesgo afecta la imagen de la entidad a nivel nacional, con efecto publicitario sistenido a nivel país",100%,IF(O23="NA",0%,"")))))) -> 0.4 | Q23: NA | R23: =IF(Q23="Interrupción de la operación por menos de un día",20%,IF(Q23="Interrupción de la operación por un día completo",40%,IF(Q23="Interrupción de la operación mayor a 1 día y menor a 2 días",60%,IF(Q23="Interrupción de la operación por dos días completos",80%,IF(Q23="Interrupción de la operación por más de dos días",100%,IF(Q23="NA",0%,"")))))) -> 0 | S23: Servicios | T23: NA | U23: =+MAX(N23,P23,R23) -> 0.4 | V23: =IF(L23<=20%,"Muy baja",IF(L23<=40%,"Baja",IF(L23<=60%,"Media",IF(L23<=80%,"Alta",IF(L23<=100%,"Muy alta",IF(L23>=100%,"Muy alta","")))))) -> Muy baja | W23: =+IFERROR(VLOOKUP(V23,Fórmula!$F$1:$G$6,2,FALSE),"") -> 0.2 | X23: Moderado | Y23: =+IFERROR(VLOOKUP(X23,Fórmula!$H$1:$I$6,2,FALSE),"") -> 0.6 | Z23: Moderado | AA23: =IF(Z23="Bajo",25%,IF(Z23="Moderado",50%,IF(Z23="Alto",75%,IF(Z23="Extremo",100%,"")))) -> 0.5 | AB23: La periodicidad se estableció en mensual, debido a que el 90% de los contratos, se ejecutan con periodicidad mensual, el nivel de ocurrencia se definió por debajo de la línea base sugerida de la Política de Administración del Riesgo, ya que no se cuenta con soportes de que el riesgo se haya materializado. Frente al impacto, se estableció la afectación económica en leve, debido al promedio de valor de los contratos, y afectación reputacional en menor, debido a la imagen afectada de la Lotería de Bogotá de manera interna. | AC23: El supervisor conforme a la periodicidad establecida en el contrato y con el fin de verificar el cumplimiento de las obligaciones contractuales, deberá revisar y analizar que los informes presentados por el contratista para el pago, de acuerdo a las estipulaciones contractuales, contengan los productos o documentos que soporten la actividad y sean pertinentes para acreditar el cumplimiento. En caso de indentificar que el informe o la actividad reportada no cumple con las condicionaes pactadas, deberá requerir al contratista para el respectivo ajuste. Una vez verificado el cumpimiento, el supervisor a través del formato dispuesto para el informe de seguimiento contractual, certificará el cumpliento de las obligaciones contractuales. Como soporte de la ejecución del control resulta el Informe de supervisión. | AD23: Preventivo | AE23: =IF(AD23="Preventivo",25%,IF(AD23="Detectivo",15%,IF(AD23="Correctivo",10%,""))) -> 0.25 | AF23: Manual | AG23: =IF(AF23="Manual",15%,IF(AF23="Automático",25%,"")) -> 0.15 | AH23: =+AG23+AE23 -> 0.4 | AI23: Documentado | AJ23: Manual contratacion Procedimento seguimiento contractual PRO-03-235-8 | AK23: Continua | AL23: Mensual | AM23: Informe de supervisión | AN23: Asignado | AO23: Supervisor del contrato | AP23: Adecuado | AQ23: =+AH23*AA23 -> 0.2 | AR23: =+AA23-AQ23 -> 0.3 | AS23: =+IF(C23="Corrupción","Moderado",IF(AR24<=25%,"Bajo",IF(AR24<=50%,"Moderado",IF(AR24<=75%,"Alto",IF(AR24>75%,"Extremo",""))))) -> Moderado | AT23: Mitigar | AU23: 1 | AV23: Mantener actualizados los procedimientos de: - Seguimiento Contractual - Manual de Contratación | AW23: Secretaria General | AX23: 45292 | AY23: 45657 | AZ23: Procedimientos actualizados cuando se requiera | BA23: 45351 | BF23: 45412 | BK23: 45473 | BP23: 45535 | BU23: 45596 | BZ23: 45657
AC24: La Secretaría General garantizará anualmente la realización de una capacitación dirigida a los supervisores de contratos, en relación con las funciones y responsabilidades de la supervisión con la finalidad de brindar herramientas para el buen ejercicio de la función de supervisión. La capacitación tiene como fin recordar y afianzar conocimiento en el cumplimiento de las obligaciones En caso de inasistencia, se reportará a la Unidad de Talento Humano con la finalidad de generar una acción de mejora respecto de los servidores públicos que no asistieron, dicha capacitación deberá ser evaluada para identificar la apropiación del conocimiento por parte del público objetivo. Como soporte de la ejecución del control, resulta el formato de lista de asistencia de los supervisores presentes junto con la memorias de la capacitación. | AD24: Preventivo | AE24: =IF(AD24="Preventivo",25%,IF(AD24="Detectivo",15%,IF(AD24="Correctivo",10%,""))) -> 0.25 | AF24: Manual | AG24: =IF(AF24="Manual",15%,IF(AF24="Automático",25%,"")) -> 0.15 | AH24: =+AG24+AE24 -> 0.4 | AI24: Documentado | AJ24: Politica de Prevencion del Daño Antijurídico adoptado por el Comité de conciliacion de la Lotería de Bogotá. | AK24: Continua | AL24: Anual | AM24: Listas de asistencia a la capacitación | AN24: Asignado | AO24: Secretaria General | AP24: Adecuado | AQ24: =+AR23*AH24 -> 0.12 | AR24: =+AR23-AQ24 -> 0.18 | AU24: 2 | AV24: Realizar la capacitación | AW24: Secretaria General | AX24: 45292 | AY24: 45657 | AZ24: Listados de asistencia | BA24: 45351 | BF24: 45412 | BK24: 45473 | BP24: 45535 | BU24: 45596 | BZ24: 45657
A25: NO | B25: Gestión Jurídica | C25: Corrupción | D25: Talento humano | E25: Fraude interno | F25: 1.Ausencia de medios para la vigilancia judicial. 2. Inoportuna actuación por parte del abogado responsable del proceso. 3. .Pérdida de información. Manipulación de información. | G25: RC-11 | H25: Posibilidad de afectación económica y reputacional por interés indebido en procesos judiciales en contra de los intereses de la Lotería con el fin de favorecer a un tercero. | I25: 1. Detrimento Patrimonial del Loteria, pérdida de los recursos 2. Pérdida de imagen Institucional. 3. Procesos sancionatorios, disciplinarios, fiscales y penales. | J25: Anual | K25: 1 | L25: =IF(J25="Diaria",+(K25/360),IF(J25="Mensual",+(K25/12),IF(J25="Bimestral",+(K25/6),IF(J25="Trimestral",+(K25/4),IF(J25="Semestral",+(K25/2),IF(J25="Anual",+(K25/1),"")))))) -> 1 | M25: Menor al 1% del patrimonio de la Lotería de Bogotá | N25: =IF(M25="Menor al 1% del patrimonio de la Lotería de Bogotá",20%,IF(M25="Entre el 1% y el 3% del patrimonio de la Lotería de Bogotá",40%,IF(M25="Entre el 3% y el 6% del patrimonio de la Lotería de Bogotá",60%,IF(M25="Entre el 6% y el 10% del patrimonio de la Lotería de Bogotá",80%,IF(M25="Mayor al 10% del patrimonio de la Lotería de Bogotá",100%,IF(M25="NA",0%,"")))))) -> 0.2 | O25: El riesgo afecta la imagen de la entidad con algunos usuarios de relevancia frente al logro de los objetivos | P25: =IF(O25="El riesgo afecta la imagen de algún área de la organización",20%,IF(O25="El riesgo afecta la imagen de la entidad internamente, de conocimiento general nivel interno, de junta directiva y accionistas y/o de proveedores",40%,IF(O25="El riesgo afecta la imagen de la entidad con algunos usuarios de relevancia frente al logro de los objetivos",60%,IF(O25="El riesgo afecta la imagen de la entidad con efecto publicitario sistenido a nivel de sector administrativo, nivel departamental o municipal",80%,IF(O25="El riesgo afecta la imagen de la entidad a nivel nacional, con efecto publicitario sistenido a nivel país",100%,IF(O25="NA",0%,"")))))) -> 0.6 | Q25: NA | R25: =IF(Q25="Interrupción de la operación por menos de un día",20%,IF(Q25="Interrupción de la operación por un día completo",40%,IF(Q25="Interrupción de la operación mayor a 1 día y menor a 2 días",60%,IF(Q25="Interrupción de la operación por dos días completos",80%,IF(Q25="Interrupción de la operación por más de dos días",100%,IF(Q25="NA",0%,"")))))) -> 0 | S25: Servicios | T25: Confidencialidad | U25: =+MAX(N25,P25,R25) -> 0.6 | V25: =IF(L25<=20%,"Muy baja",IF(L25<=40%,"Baja",IF(L25<=60%,"Media",IF(L25<=80%,"Alta",IF(L25<=100%,"Muy alta",IF(L25>=100%,"Muy alta","")))))) -> Muy alta | X25: =IF(U25=20%,"Leve",IF(U25=40%,"Menor",IF(U25=60%,"Moderado",IF(U25=80%,"Mayor",IF(U25=100%,"Catastrófico",""))))) -> Moderado | Z25: Alto | AA25: =IF(Z25="Bajo",25%,IF(Z25="Moderado",50%,IF(Z25="Alto",75%,IF(Z25="Extremo",100%,"")))) -> 0.75 | AC25: El Jefe de la Oficina Juridica mensualmente realizará seguimiento del estado de los procesos judiciales y actuaciones prejudiciales, a través de los módulos de la herramienta "SIPROJ". En caso de presentarse una desviación del control, se requerirá al abogado responsable la actualización respectiva. como soporte quedará el SIPROJ debidamente actualizado | AD25: Preventivo | AE25: =IF(AD25="Preventivo",25%,IF(AD25="Detectivo",15%,IF(AD25="Correctivo",10%,""))) -> 0.25 | AF25: Manual | AG25: =IF(AF25="Manual",15%,IF(AF25="Automático",25%,"")) -> 0.15 | AH25: =+AG25+AE25 -> 0.4 | AI25: Documentado | AJ25: Procedimiento Gestión Judicial PRO-103-231 | AK25: =+AH25*AA25 -> 0.3 | AL25: =+AA25-AK25 -> 0.45 | AM25: =+IF(C25="Corrupción","Moderado",IF(AL26<=25%,"Bajo",IF(AL26<=50%,"Moderado",IF(AL26<=75%,"Alto",IF(AL26>75%,"Extremo",""))))) -> Moderado | AN25: Mitigar | AO25: 1 | AP25: Realizar seguimiento mensual a la información registrada en Siprojweb. | AQ25: Oficina Jurídica Trabajadores y contratistas asignados para apoyar supervisión. | AR25: 45292 | AS25: 45657 | AT25: Soporte de información registrada en Siprojweb. | AU25: 45351 | AZ25: 45412 | BE25: 45473 | BJ25: 45535 | BO25: 45596 | BT25: 45657
AC26: La Secretaría General según necesidad del servicio presentará al Comité de Conciliación el perfil del abogado escogido por la Secretaria General para la representación judicial de la entidad . | AD26: Preventivo | AE26: =IF(AD26="Preventivo",25%,IF(AD26="Detectivo",15%,IF(AD26="Correctivo",10%,""))) -> 0.25 | AF26: Manual | AG26: =IF(AF26="Manual",15%,IF(AF26="Automático",25%,"")) -> 0.15 | AH26: =+AG26+AE26 -> 0.4 | AI26: Documentado | AJ26: Procedimiento de incumplimiento contractual | AK26: =+AL25*AH26 -> 0.18 | AL26: =+AL25-AK26 -> 0.27 | AO26: 2 | AP26: Validación de los lineamientos del Comité de Conciliación en los perfiles a contratar de los abogados. | AQ26: Secretaria General Comité de Conciliación | AR26: 45292 | AS26: 45657 | AT26: La Secretaria General informa que se estaba adelantando procesos de Contratación de acuerdo con los lineamientos del comité de Conciliacion | AU26: 45351 | AZ26: 45412 | BE26: 45473 | BJ26: 45535 | BO26: 45596 | BT26: 45657
